Workbook

Sheet 附件1
A1: 西藏自治区林芝市帮扶资金统计及使用情况汇总表
A2: 序号 | B2: 地市名称 | C2: 县区名称 | D2: 帮扶资金使用情况（万元） （保留小数点后面2位）
D3: 合计 | E3: 第一阶段 （包括2013年至2015年使用的各级财政专项扶贫资金、援藏资金、定点帮扶资金、地方政府债券资金、社会捐赠资金） | H3: 第二阶段 （包括2016年至2020年使用的各级财政涉农统筹整合资金（专项扶贫资金）、援藏资金、定点帮扶资金、地方政府债券资金、社会捐赠资金） | K3: 第三阶段 （包括2021年至2023年使用的各级财政衔接推进乡村振兴补助资金、涉农统筹整合资金（县级）、援藏资金、定点帮扶资金、地方政府债券资金、社会捐赠资金）
E4: 小计 | F4: 形成资产类 | G4: 未形成资产类 | H4: 小计 | I4: 形成资产类 | J4: 未形成资产类 | K4: 小计 | L4: 形成资产类 | M4: 未形成资产类
A5: 填表说明： | D5: 应为该县（区）所有帮扶资金总数 | E5: 应为该县（区）2013年至2015年帮扶资金小计数 | F5: 帮扶资金在使用过程中形成固定资产、权益类资产、生物性资产、低值易耗品、无形资产等的所有项目实际投入资金总数 | G5: 帮扶资金在使用过程中未形成资产的所有项目实际投入资金总数 | H5: 应为该县（区）2016年至2020年帮扶资金小计数 | I5: 帮扶资金在使用过程中形成固定资产、权益类资产、生物性资产、低值易耗品、无形资产等的所有项目实际投入资金总数 | J5: 帮扶资金在使用过程中未形成资产的所有项目实际投入资金总数 | K5: 应为该县（区）2021年至2023年帮扶资金小计数 | L5: 帮扶资金在使用过程中形成固定资产、权益类资产、生物性资产、低值易耗品、无形资产等的所有项目实际投入资金总数 | M5: 帮扶资金在使用过程中未形成资产的所有项目实际投入资金总数
B6: 林芝市 | C6: 巴宜区 | D6: =E6+H6+K6 -> 301763.03 | E6: =F6+G6 -> 29913.563 | F6: =291135629.33/10000 -> 29113.563 | G6: =8000000/10000 -> 800 | H6: =I6+J6 -> 174643.08 | I6: =1634805359.84809/10000 -> 163480.54 | J6: =111625400/10000 -> 11162.54 | K6: =L6+M6 -> 97206.392 | L6: =904366562.65403/10000 -> 90436.656 | M6: =67697356.9/10000 -> 6769.7357

Sheet 附件2
A1: 附件2
A2: 西藏自治区林芝市巴宜区帮扶项目清单
A3: 序号 | B3: 地市名称 | C3: 县区名称 | D3: 项目年度 | E3: 项目名称 | F3: 项目是否形成资产 | G3: 是否为帮扶产业项目 | H3: 帮扶项目资金批复情况（元） | AG3: 帮扶项目资金使用情况（元）
H4: 合计 | I4: 政策性资金 | AF4: 其他渠道资金（如企业自筹、信贷资金等非政策性资金） | AG4: 合计 | AH4: 政策性资金 | BE4: 其他渠道资金（如企业自筹、信贷资金等非政策性资金）
I5: 政策性资金小计 | J5: 专项扶贫资金 | O5: 统筹整合涉农资金 | T5: 财政衔接推进乡村振兴 补助资金 | Y5: 援藏资金 | AC5: 定点帮扶资金 | AD5: 地方政府债劵资金 | AE5: 社会捐赠（财政入账） | AH5: 政策性资金小计 | AI5: 专项扶贫资金 | AN5: 统筹整合涉农资金 | AS5: 财政衔接推进乡村振兴 补助资金 | AX5: 援藏资金 | BB5: 定点帮扶资金 | BC5: 地方政府债劵资金 | BD5: 社会捐赠（财政入账）
J6: 小计 | K6: 中央 | L6: 省级 | M6: 市级 | N6: 县级 | O6: 小计 | P6: 中央 | Q6: 省级 | R6: 市级 | S6: 县级 | T6: 小计 | U6: 中央 | V6: 省级 | W6: 市级 | X6: 县级 | Y6: 小计 | Z6: 省级 | AA6: 市级 | AB6: 县级 | AI6: 小计 | AJ6: 中央 | AK6: 省级 | AL6: 市级 | AM6: 县级 | AN6: 小计 | AO6: 中央 | AP6: 省级 | AQ6: 市级 | AR6: 县级 | AS6: 小计 | AT6: 中央 | AU6: 省级 | AV6: 市级 | AW6: 县级 | AX6: 小计 | AY6: 省级 | AZ6: 市级 | BA6: 县级
A7: 填表说明： | D7: 以项目批复中批复年度为准 | E7: 以项目批复中项目名称为准 | F7: 在“是/否”中选择 | G7: 在“是/否”中选择 | J7: 以项目批复中项目计划投资总金额为准 （保留小数点后面2位） | AH7: 该数据与附表1合计数据一致 | AI7: 以项目竣工决算中核算实际投资金额为准 （保留小数点后面2位）
A8: 合计 | H8: =SUM(H9:H559) -> 3.0895588e+09 | I8: =SUM(I9:I559) -> 2.5347937e+09 | J8: =SUM(J9:J559) -> 94715900 | K8: =SUM(K9:K559) -> 56390000 | L8: =SUM(L9:L559) -> 21990200 | M8: =SUM(M9:M559) -> 1700000 | N8: =SUM(N9:N559) -> 14635700 | O8: =SUM(O9:O559) -> 7.7515071e+08 | ... BE8: =SUM(BE9:BE559) -> 5.4959436e+08 | BG8: =BE8-AF8 -> -5170665.5
A9: 1 | B9: 林芝市 | C9: 巴宜区 | D9: 2013 | E9: 鲁朗镇扎西岗旅游合作社接待中心建设项目 | F9: 是 | G9: 是 | H9: =I9+AF9 -> 900000 | I9: =O9+J9+T9+Y9+AE9+AC9+AD9 -> 900000 | J9: =N9+M9+L9+K9 -> 900000 | K9: 900000 | O9: =S9+R9+Q9+P9 -> 0 | T9: =X9+W9+V9+U9 -> 0 | Y9: =AA9+Z9+AB9 -> 0 | AG9: =AH9+BE9 -> 891867.58 | AH9: =AN9+AI9+AS9+AX9+BD9+BB9+BC9 -> 891867.58 | AI9: =AM9+AL9+AK9+AJ9 -> 891867.58 | AJ9: 891867.58 | AK9: 0 | AL9: 0 | AM9: 0 | AN9: =AR9+AQ9+AP9+AO9 -> 0 | AO9: 0 | AP9: 0 | AQ9: 0 | AR9: 0 | AS9: =AW9+AV9+AU9+AT9 -> 0 | AT9: 0 | AU9: 0 | AV9: 0 | AW9: 0 | AX9: =AZ9+AY9+BA9 -> 0 | AY9: 0 | AZ9: 0 | BA9: 0 | BB9: =AC9 -> 0 | BC9: 0 | BD9: =AE9 -> 0 | BG9: =BE9-AF9 -> 0
A10: 2 | B10: 林芝市 | C10: 巴宜区 | D10: 2013 | E10: 林芝镇卡斯木村旅游接待点建设项目 | F10: 是 | G10: 是 | H10: =I10+AF10 -> 800000 | I10: =O10+J10+T10+Y10+AE10+AC10+AD10 -> 800000 | J10: =N10+M10+L10+K10 -> 800000 | K10: 800000 | O10: =S10+R10+Q10+P10 -> 0 | T10: =X10+W10+V10+U10 -> 0 | Y10: =AA10+Z10+AB10 -> 0 | AG10: =AH10+BE10 -> 798858.32 | AH10: =AN10+AI10+AS10+AX10+BD10+BB10+BC10 -> 798858.32 | AI10: =AM10+AL10+AK10+AJ10 -> 798858.32 | AJ10: 798858.32 | AK10: 0 | AL10: 0 | AM10: 0 | AN10: =AR10+AQ10+AP10+AO10 -> 0 | AO10: 0 | AP10: 0 | AQ10: 0 | AR10: 0 | AS10: =AW10+AV10+AU10+AT10 -> 0 | AT10: 0 | AU10: 0 | AV10: 0 | AW10: 0 | AX10: =AZ10+AY10+BA10 -> 0 | AY10: 0 | AZ10: 0 | BA10: 0 | BB10: =AC10 -> 0 | BC10: 0 | BD10: =AE10 -> 0 | BG10: =BE10-AF10 -> 0
A11: 3 | B11: 林芝市 | C11: 巴宜区 | D11: 2013 | E11: 林芝镇朗欧村旅游接待点建设项目 | F11: 是 | G11: 是 | H11: =I11+AF11 -> 800000 | I11: =O11+J11+T11+Y11+AE11+AC11+AD11 -> 800000 | J11: =N11+M11+L11+K11 -> 800000 | K11: 800000 | O11: =S11+R11+Q11+P11 -> 0 | T11: =X11+W11+V11+U11 -> 0 | Y11: =AA11+Z11+AB11 -> 0 | AG11: =AH11+BE11 -> 800000 | AH11: =AN11+AI11+AS11+AX11+BD11+BB11+BC11 -> 800000 | AI11: =AM11+AL11+AK11+AJ11 -> 800000 | AJ11: 800000 | AK11: 0 | AL11: 0 | AM11: 0 | AN11: =AR11+AQ11+AP11+AO11 -> 0 | AO11: 0 | AP11: 0 | AQ11: 0 | AR11: 0 | AS11: =AW11+AV11+AU11+AT11 -> 0 | AT11: 0 | AU11: 0 | AV11: 0 | AW11: 0 | AX11: =AZ11+AY11+BA11 -> 0 | AY11: 0 | AZ11: 0 | BA11: 0 | BB11: =AC11 -> 0 | BC11: 0 | BD11: =AE11 -> 0 | BG11: =BE11-AF11 -> 0
A12: 4 | B12: 林芝市 | C12: 巴宜区 | D12: 2013 | E12: 林芝镇尼池村糌粑面粉加工场项目 | F12: 是 | G12: 是 | H12: =I12+AF12 -> 220000 | I12: =O12+J12+T12+Y12+AE12+AC12+AD12 -> 220000 | J12: =N12+M12+L12+K12 -> 220000 | K12: 220000 | O12: =S12+R12+Q12+P12 -> 0 | T12: =X12+W12+V12+U12 -> 0 | Y12: =AA12+Z12+AB12 -> 0 | AG12: =AH12+BE12 -> 220000 | AH12: =AN12+AI12+AS12+AX12+BD12+BB12+BC12 -> 220000 | AI12: =AM12+AL12+AK12+AJ12 -> 220000 | AJ12: 220000 | AK12: 0 | AL12: 0 | AM12: 0 | AN12: =AR12+AQ12+AP12+AO12 -> 0 | AO12: 0 | AP12: 0 | AQ12: 0 | AR12: 0 | AS12: =AW12+AV12+AU12+AT12 -> 0 | AT12: 0 | AU12: 0 | AV12: 0 | AW12: 0 | AX12: =AZ12+AY12+BA12 -> 0 | AY12: 0 | AZ12: 0 | BA12: 0 | BB12: =AC12 -> 0 | BC12: 0 | BD12: =AE12 -> 0 | BG12: =BE12-AF12 -> 0
A13: 5 | B13: 林芝市 | C13: 巴宜区 | D13: 2013 | E13: 林芝县鲁朗镇东久村、林芝镇邦纳村、米瑞乡泽列村犏奶牛养殖项目 | F13: 是 | G13: 是 | H13: =I13+AF13 -> 670000 | I13: =O13+J13+T13+Y13+AE13+AC13+AD13 -> 670000 | J13: =N13+M13+L13+K13 -> 670000 | K13: 670000 | O13: =S13+R13+Q13+P13 -> 0 | T13: =X13+W13+V13+U13 -> 0 | Y13: =AA13+Z13+AB13 -> 0 | AG13: =AH13+BE13 -> 670000 | AH13: =AN13+AI13+AS13+AX13+BD13+BB13+BC13 -> 670000 | AI13: =AM13+AL13+AK13+AJ13 -> 670000 | AJ13: 670000 | AK13: 0 | AL13: 0 | AM13: 0 | AN13: =AR13+AQ13+AP13+AO13 -> 0 | AO13: 0 | AP13: 0 | AQ13: 0 | AR13: 0 | AS13: =AW13+AV13+AU13+AT13 -> 0 | AT13: 0 | AU13: 0 | AV13: 0 | AW13: 0 | AX13: =AZ13+AY13+BA13 -> 0 | AY13: 0 | AZ13: 0 | BA13: 0 | BB13: =AC13 -> 0 | BC13: 0 | BD13: =AE13 -> 0 | BG13: =BE13-AF13 -> 0
A14: 6 | B14: 林芝市 | C14: 巴宜区 | D14: 2013 | E14: 米瑞乡通麦村养羊项目 | F14: 是 | G14: 是 | H14: =I14+AF14 -> 140000 | I14: =O14+J14+T14+Y14+AE14+AC14+AD14 -> 140000 | J14: =N14+M14+L14+K14 -> 140000 | K14: 140000 | O14: =S14+R14+Q14+P14 -> 0 | T14: =X14+W14+V14+U14 -> 0 | Y14: =AA14+Z14+AB14 -> 0 | AG14: =AH14+BE14 -> 140000 | AH14: =AN14+AI14+AS14+AX14+BD14+BB14+BC14 -> 140000 | AI14: =AM14+AL14+AK14+AJ14 -> 140000 | AJ14: 140000 | AK14: 0 | AL14: 0 | AM14: 0 | AN14: =AR14+AQ14+AP14+AO14 -> 0 | AO14: 0 | AP14: 0 | AQ14: 0 | AR14: 0 | AS14: =AW14+AV14+AU14+AT14 -> 0 | AT14: 0 | AU14: 0 | AV14: 0 | AW14: 0 | AX14: =AZ14+AY14+BA14 -> 0 | AY14: 0 | AZ14: 0 | BA14: 0 | BB14: =AC14 -> 0 | BC14: 0 | BD14: =AE14 -> 0 | BG14: =BE14-AF14 -> 0
A15: 7 | B15: 林芝市 | C15: 巴宜区 | D15: 2013 | E15: 布久乡麦巴村经济林木建设项目 | F15: 是 | G15: 是 | H15: =I15+AF15 -> 180000 | I15: =O15+J15+T15+Y15+AE15+AC15+AD15 -> 180000 | J15: =N15+M15+L15+K15 -> 180000 | K15: 180000 | O15: =S15+R15+Q15+P15 -> 0 | T15: =X15+W15+V15+U15 -> 0 | Y15: =AA15+Z15+AB15 -> 0 | AG15: =AH15+BE15 -> 180000 | AH15: =AN15+AI15+AS15+AX15+BD15+BB15+BC15 -> 180000 | AI15: =AM15+AL15+AK15+AJ15 -> 180000 | AJ15: 180000 | AK15: 0 | AL15: 0 | AM15: 0 | AN15: =AR15+AQ15+AP15+AO15 -> 0 | AO15: 0 | AP15: 0 | AQ15: 0 | AR15: 0 | AS15: =AW15+AV15+AU15+AT15 -> 0 | AT15: 0 | AU15: 0 | AV15: 0 | AW15: 0 | AX15: =AZ15+AY15+BA15 -> 0 | AY15: 0 | AZ15: 0 | BA15: 0 | BB15: =AC15 -> 0 | BC15: 0 | BD15: =AE15 -> 0 | BG15: =BE15-AF15 -> 0
A16: 8 | B16: 林芝市 | C16: 巴宜区 | D16: 2013 | E16: 八一镇公仲村经济林木建设项目 | F16: 是 | G16: 是 | H16: =I16+AF16 -> 400000 | I16: =O16+J16+T16+Y16+AE16+AC16+AD16 -> 400000 | J16: =N16+M16+L16+K16 -> 400000 | K16: 400000 | O16: =S16+R16+Q16+P16 -> 0 | T16: =X16+W16+V16+U16 -> 0 | Y16: =AA16+Z16+AB16 -> 0 | AG16: =AH16+BE16 -> 400000 | AH16: =AN16+AI16+AS16+AX16+BD16+BB16+BC16 -> 400000 | AI16: =AM16+AL16+AK16+AJ16 -> 400000 | AJ16: 400000 | AK16: 0 | AL16: 0 | AM16: 0 | AN16: =AR16+AQ16+AP16+AO16 -> 0 | AO16: 0 | AP16: 0 | AQ16: 0 | AR16: 0 | AS16: =AW16+AV16+AU16+AT16 -> 0 | AT16: 0 | AU16: 0 | AV16: 0 | AW16: 0 | AX16: =AZ16+AY16+BA16 -> 0 | AY16: 0 | AZ16: 0 | BA16: 0 | BB16: =AC16 -> 0 | BC16: 0 | BD16: =AE16 -> 0 | BG16: =BE16-AF16 -> 0
A17: 9 | B17: 林芝市 | C17: 巴宜区 | D17: 2013 | E17: 米瑞乡色果拉藏鸡养殖基地建设项目 | F17: 是 | G17: 是 | H17: =I17+AF17 -> 500000 | I17: =O17+J17+T17+Y17+AE17+AC17+AD17 -> 500000 | J17: =N17+M17+L17+K17 -> 500000 | K17: 500000 | O17: =S17+R17+Q17+P17 -> 0 | T17: =X17+W17+V17+U17 -> 0 | Y17: =AA17+Z17+AB17 -> 0 | AG17: =AH17+BE17 -> 500000 | AH17: =AN17+AI17+AS17+AX17+BD17+BB17+BC17 -> 500000 | AI17: =AM17+AL17+AK17+AJ17 -> 500000 | AJ17: 500000 | AK17: 0 | AL17: 0 | AM17: 0 | AN17: =AR17+AQ17+AP17+AO17 -> 0 | AO17: 0 | AP17: 0 | AQ17: 0 | AR17: 0 | AS17: =AW17+AV17+AU17+AT17 -> 0 | AT17: 0 | AU17: 0 | AV17: 0 | AW17: 0 | AX17: =AZ17+AY17+BA17 -> 0 | AY17: 0 | AZ17: 0 | BA17: 0 | BB17: =AC17 -> 0 | BC17: 0 | BD17: =AE17 -> 0 | BG17: =BE17-AF17 -> 0
A18: 10 | B18: 林芝市 | C18: 巴宜区 | D18: 2013 | E18: 米瑞乡麦娘麦村蔬菜大棚建设项目 | F18: 是 | G18: 是 | H18: =I18+AF18 -> 760000 | I18: =O18+J18+T18+Y18+AE18+AC18+AD18 -> 760000 | J18: =N18+M18+L18+K18 -> 760000 | K18: 760000 | O18: =S18+R18+Q18+P18 -> 0 | T18: =X18+W18+V18+U18 -> 0 | Y18: =AA18+Z18+AB18 -> 0 | AG18: =AH18+BE18 -> 760000 | AH18: =AN18+AI18+AS18+AX18+BD18+BB18+BC18 -> 760000 | AI18: =AM18+AL18+AK18+AJ18 -> 760000 | AJ18: 760000 | AK18: 0 | AL18: 0 | AM18: 0 | AN18: =AR18+AQ18+AP18+AO18 -> 0 | AO18: 0 | AP18: 0 | AQ18: 0 | AR18: 0 | AS18: =AW18+AV18+AU18+AT18 -> 0 | AT18: 0 | AU18: 0 | AV18: 0 | AW18: 0 | AX18: =AZ18+AY18+BA18 -> 0 | AY18: 0 | AZ18: 0 | BA18: 0 | BB18: =AC18 -> 0 | BC18: 0 | BD18: =AE18 -> 0 | BG18: =BE18-AF18 -> 0
A19: 11 | B19: 林芝市 | C19: 巴宜区 | D19: 2013 | E19: 米瑞乡嘎萨村土豆、苜蓿草种植项目 | F19: 是 | G19: 是 | H19: =I19+AF19 -> 180000 | I19: =O19+J19+T19+Y19+AE19+AC19+AD19 -> 180000 | J19: =N19+M19+L19+K19 -> 180000 | K19: 180000 | O19: =S19+R19+Q19+P19 -> 0 | T19: =X19+W19+V19+U19 -> 0 | Y19: =AA19+Z19+AB19 -> 0 | AG19: =AH19+BE19 -> 180000 | AH19: =AN19+AI19+AS19+AX19+BD19+BB19+BC19 -> 180000 | AI19: =AM19+AL19+AK19+AJ19 -> 180000 | AJ19: 180000 | AK19: 0 | AL19: 0 | AM19: 0 | AN19: =AR19+AQ19+AP19+AO19 -> 0 | AO19: 0 | AP19: 0 | AQ19: 0 | AR19: 0 | AS19: =AW19+AV19+AU19+AT19 -> 0 | AT19: 0 | AU19: 0 | AV19: 0 | AW19: 0 | AX19: =AZ19+AY19+BA19 -> 0 | AY19: 0 | AZ19: 0 | BA19: 0 | BB19: =AC19 -> 0 | BC19: 0 | BD19: =AE19 -> 0 | BF19: 调整5-2增加9.3万元，客土改良费 | BG19: =BE19-AF19 -> 0
A20: 12 | B20: 林芝市 | C20: 巴宜区 | D20: 2013 | E20: 百巴镇折巴村粮油加工厂项目 | F20: 是 | G20: 是 | H20: =I20+AF20 -> 300000 | I20: =O20+J20+T20+Y20+AE20+AC20+AD20 -> 300000 | J20: =N20+M20+L20+K20 -> 300000 | K20: 300000 | O20: =S20+R20+Q20+P20 -> 0 | T20: =X20+W20+V20+U20 -> 0 | Y20: =AA20+Z20+AB20 -> 0 | AG20: =AH20+BE20 -> 300000 | AH20: =AN20+AI20+AS20+AX20+BD20+BB20+BC20 -> 300000 | AI20: =AM20+AL20+AK20+AJ20 -> 300000 | AJ20: 300000 | AK20: 0 | AL20: 0 | AM20: 0 | AN20: =AR20+AQ20+AP20+AO20 -> 0 | AO20: 0 | AP20: 0 | AQ20: 0 | AR20: 0 | AS20: =AW20+AV20+AU20+AT20 -> 0 | AT20: 0 | AU20: 0 | AV20: 0 | AW20: 0 | AX20: =AZ20+AY20+BA20 -> 0 | AY20: 0 | AZ20: 0 | BA20: 0 | BB20: =AC20 -> 0 | BC20: 0 | BD20: =AE20 -> 0 | BG20: =BE20-AF20 -> 0
A21: 13 | B21: 林芝市 | C21: 巴宜区 | D21: 2013 | E21: 百巴镇折巴村“优菜”水渠建设项目 | F21: 是 | G21: 是 | H21: =I21+AF21 -> 460000 | I21: =O21+J21+T21+Y21+AE21+AC21+AD21 -> 460000 | J21: =N21+M21+L21+K21 -> 460000 | K21: 460000 | O21: =S21+R21+Q21+P21 -> 0 | T21: =X21+W21+V21+U21 -> 0 | Y21: =AA21+Z21+AB21 -> 0 | AG21: =AH21+BE21 -> 460000 | AH21: =AN21+AI21+AS21+AX21+BD21+BB21+BC21 -> 460000 | AI21: =AM21+AL21+AK21+AJ21 -> 460000 | AJ21: 460000 | AK21: 0 | AL21: 0 | AM21: 0 | AN21: =AR21+AQ21+AP21+AO21 -> 0 | AO21: 0 | AP21: 0 | AQ21: 0 | AR21: 0 | AS21: =AW21+AV21+AU21+AT21 -> 0 | AT21: 0 | AU21: 0 | AV21: 0 | AW21: 0 | AX21: =AZ21+AY21+BA21 -> 0 | AY21: 0 | AZ21: 0 | BA21: 0 | BB21: =AC21 -> 0 | BC21: 0 | BD21: =AE21 -> 0 | BG21: =BE21-AF21 -> 0
A22: 14 | B22: 林芝市 | C22: 巴宜区 | D22: 2013 | E22: 米瑞乡通麦村农田灌溉水渠 | F22: 是 | G22: 是 | H22: =I22+AF22 -> 510000 | I22: =O22+J22+T22+Y22+AE22+AC22+AD22 -> 510000 | J22: =N22+M22+L22+K22 -> 510000 | K22: 510000 | O22: =S22+R22+Q22+P22 -> 0 | T22: =X22+W22+V22+U22 -> 0 | Y22: =AA22+Z22+AB22 -> 0 | AG22: =AH22+BE22 -> 510000 | AH22: =AN22+AI22+AS22+AX22+BD22+BB22+BC22 -> 510000 | AI22: =AM22+AL22+AK22+AJ22 -> 510000 | AJ22: 510000 | AK22: 0 | AL22: 0 | AM22: 0 | AN22: =AR22+AQ22+AP22+AO22 -> 0 | AO22: 0 | AP22: 0 | AQ22: 0 | AR22: 0 | AS22: =AW22+AV22+AU22+AT22 -> 0 | AT22: 0 | AU22: 0 | AV22: 0 | AW22: 0 | AX22: =AZ22+AY22+BA22 -> 0 | AY22: 0 | AZ22: 0 | BA22: 0 | BB22: =AC22 -> 0 | BC22: 0 | BD22: =AE22 -> 0 | BG22: =BE22-AF22 -> 0
A23: 15 | B23: 林芝市 | C23: 巴宜区 | D23: 2013 | E23: 鲁朗镇东久村瓜果采摘园项目 | F23: 是 | G23: 是 | H23: =I23+AF23 -> 590000 | I23: =O23+J23+T23+Y23+AE23+AC23+AD23 -> 590000 | J23: =N23+M23+L23+K23 -> 590000 | K23: 520000 | N23: 70000 | O23: =S23+R23+Q23+P23 -> 0 | T23: =X23+W23+V23+U23 -> 0 | Y23: =AA23+Z23+AB23 -> 0 | AG23: =AH23+BE23 -> 590000 | AH23: =AN23+AI23+AS23+AX23+BD23+BB23+BC23 -> 590000 | AI23: =AM23+AL23+AK23+AJ23 -> 590000 | AJ23: 520000 | AK23: 0 | AL23: 0 | AM23: 70000 | AN23: =AR23+AQ23+AP23+AO23 -> 0 | AO23: 0 | AP23: 0 | AQ23: 0 | AR23: 0 | AS23: =AW23+AV23+AU23+AT23 -> 0 | AT23: 0 | AU23: 0 | AV23: 0 | AW23: 0 | AX23: =AZ23+AY23+BA23 -> 0 | AY23: 0 | AZ23: 0 | BA23: 0 | BB23: =AC23 -> 0 | BC23: 0 | BD23: =AE23 -> 0 | BG23: =BE23-AF23 -> 0
A24: 16 | B24: 林芝市 | C24: 巴宜区 | D24: 2013 | E24: 百巴镇拉格村农田灌溉水渠 | F24: 是 | G24: 是 | H24: =I24+AF24 -> 390000 | I24: =O24+J24+T24+Y24+AE24+AC24+AD24 -> 390000 | J24: =N24+M24+L24+K24 -> 390000 | K24: 390000 | O24: =S24+R24+Q24+P24 -> 0 | T24: =X24+W24+V24+U24 -> 0 | Y24: =AA24+Z24+AB24 -> 0 | AG24: =AH24+BE24 -> 390000 | AH24: =AN24+AI24+AS24+AX24+BD24+BB24+BC24 -> 390000 | AI24: =AM24+AL24+AK24+AJ24 -> 390000 | AJ24: 390000 | AK24: 0 | AL24: 0 | AM24: 0 | AN24: =AR24+AQ24+AP24+AO24 -> 0 | AO24: 0 | AP24: 0 | AQ24: 0 | AR24: 0 | AS24: =AW24+AV24+AU24+AT24 -> 0 | AT24: 0 | AU24: 0 | AV24: 0 | AW24: 0 | AX24: =AZ24+AY24+BA24 -> 0 | AY24: 0 | AZ24: 0 | BA24: 0 | BB24: =AC24 -> 0 | BC24: 0 | BD24: =AE24 -> 0 | BG24: =BE24-AF24 -> 0
A25: 17 | B25: 林芝市 | C25: 巴宜区 | D25: 2013 | E25: 百巴镇折巴村核桃种植项目 | F25: 是 | G25: 是 | H25: =I25+AF25 -> 500000 | I25: =O25+J25+T25+Y25+AE25+AC25+AD25 -> 500000 | J25: =N25+M25+L25+K25 -> 500000 | K25: 500000 | O25: =S25+R25+Q25+P25 -> 0 | T25: =X25+W25+V25+U25 -> 0 | Y25: =AA25+Z25+AB25 -> 0 | AG25: =AH25+BE25 -> 500000 | AH25: =AN25+AI25+AS25+AX25+BD25+BB25+BC25 -> 500000 | AI25: =AM25+AL25+AK25+AJ25 -> 500000 | AJ25: 500000 | AK25: 0 | AL25: 0 | AM25: 0 | AN25: =AR25+AQ25+AP25+AO25 -> 0 | AO25: 0 | AP25: 0 | AQ25: 0 | AR25: 0 | AS25: =AW25+AV25+AU25+AT25 -> 0 | AT25: 0 | AU25: 0 | AV25: 0 | AW25: 0 | AX25: =AZ25+AY25+BA25 -> 0 | AY25: 0 | AZ25: 0 | BA25: 0 | BB25: =AC25 -> 0 | BC25: 0 | BD25: =AE25 -> 0 | BG25: =BE25-AF25 -> 0
A26: 18 | B26: 林芝市 | C26: 巴宜区 | D26: 2013 | E26: 百巴镇强嘎村工布赛马休闲旅游山庄建设项目 | F26: 是 | G26: 是 | H26: =I26+AF26 -> 600000 | I26: =O26+J26+T26+Y26+AE26+AC26+AD26 -> 600000 | J26: =N26+M26+L26+K26 -> 600000 | K26: 600000 | O26: =S26+R26+Q26+P26 -> 0 | T26: =X26+W26+V26+U26 -> 0 | Y26: =AA26+Z26+AB26 -> 0 | AG26: =AH26+BE26 -> 600000 | AH26: =AN26+AI26+AS26+AX26+BD26+BB26+BC26 -> 600000 | AI26: =AM26+AL26+AK26+AJ26 -> 600000 | AJ26: 600000 | AK26: 0 | AL26: 0 | AM26: 0 | AN26: =AR26+AQ26+AP26+AO26 -> 0 | AO26: 0 | AP26: 0 | AQ26: 0 | AR26: 0 | AS26: =AW26+AV26+AU26+AT26 -> 0 | AT26: 0 | AU26: 0 | AV26: 0 | AW26: 0 | AX26: =AZ26+AY26+BA26 -> 0 | AY26: 0 | AZ26: 0 | BA26: 0 | BB26: =AC26 -> 0 | BC26: 0 | BD26: =AE26 -> 0 | BG26: =BE26-AF26 -> 0
A27: 19 | B27: 林芝市 | C27: 巴宜区 | D27: 2013 | E27: 林芝镇立定村果园建设项目 | F27: 是 | G27: 是 | H27: =I27+AF27 -> 400000 | I27: =O27+J27+T27+Y27+AE27+AC27+AD27 -> 400000 | J27: =N27+M27+L27+K27 -> 400000 | K27: 400000 | O27: =S27+R27+Q27+P27 -> 0 | T27: =X27+W27+V27+U27 -> 0 | Y27: =AA27+Z27+AB27 -> 0 | AG27: =AH27+BE27 -> 400000 | AH27: =AN27+AI27+AS27+AX27+BD27+BB27+BC27 -> 400000 | AI27: =AM27+AL27+AK27+AJ27 -> 400000 | AJ27: 400000 | AK27: 0 | AL27: 0 | AM27: 0 | AN27: =AR27+AQ27+AP27+AO27 -> 0 | AO27: 0 | AP27: 0 | AQ27: 0 | AR27: 0 | AS27: =AW27+AV27+AU27+AT27 -> 0 | AT27: 0 | AU27: 0 | AV27: 0 | AW27: 0 | AX27: =AZ27+AY27+BA27 -> 0 | AY27: 0 | AZ27: 0 | BA27: 0 | BB27: =AC27 -> 0 | BC27: 0 | BD27: =AE27 -> 0 | BG27: =BE27-AF27 -> 0
A28: 20 | B28: 林芝市 | C28: 巴宜区 | D28: 2013 | E28: 米瑞乡吉定村藏香猪养殖项目 | F28: 是 | G28: 是 | H28: =I28+AF28 -> 400000 | I28: =O28+J28+T28+Y28+AE28+AC28+AD28 -> 400000 | J28: =N28+M28+L28+K28 -> 400000 | K28: 400000 | O28: =S28+R28+Q28+P28 -> 0 | T28: =X28+W28+V28+U28 -> 0 | Y28: =AA28+Z28+AB28 -> 0 | AG28: =AH28+BE28 -> 400000 | AH28: =AN28+AI28+AS28+AX28+BD28+BB28+BC28 -> 400000 | AI28: =AM28+AL28+AK28+AJ28 -> 400000 | AJ28: 400000 | AK28: 0 | AL28: 0 | AM28: 0 | AN28: =AR28+AQ28+AP28+AO28 -> 0 | AO28: 0 | AP28: 0 | AQ28: 0 | AR28: 0 | AS28: =AW28+AV28+AU28+AT28 -> 0 | AT28: 0 | AU28: 0 | AV28: 0 | AW28: 0 | AX28: =AZ28+AY28+BA28 -> 0 | AY28: 0 | AZ28: 0 | BA28: 0 | BB28: =AC28 -> 0 | BC28: 0 | BD28: =AE28 -> 0 | BG28: =BE28-AF28 -> 0
A29: 21 | B29: 林芝市 | C29: 巴宜区 | D29: 2013 | E29: 米瑞乡德木达嘎鲁丁糌粑加工厂建设项目 | F29: 是 | G29: 是 | H29: =I29+AF29 -> 800000 | I29: =O29+J29+T29+Y29+AE29+AC29+AD29 -> 800000 | J29: =N29+M29+L29+K29 -> 800000 | K29: 800000 | O29: =S29+R29+Q29+P29 -> 0 | T29: =X29+W29+V29+U29 -> 0 | Y29: =AA29+Z29+AB29 -> 0 | AG29: =AH29+BE29 -> 800000 | AH29: =AN29+AI29+AS29+AX29+BD29+BB29+BC29 -> 800000 | AI29: =AM29+AL29+AK29+AJ29 -> 800000 | AJ29: 800000 | AK29: 0 | AL29: 0 | AM29: 0 | AN29: =AR29+AQ29+AP29+AO29 -> 0 | AO29: 0 | AP29: 0 | AQ29: 0 | AR29: 0 | AS29: =AW29+AV29+AU29+AT29 -> 0 | AT29: 0 | AU29: 0 | AV29: 0 | AW29: 0 | AX29: =AZ29+AY29+BA29 -> 0 | AY29: 0 | AZ29: 0 | BA29: 0 | BB29: =AC29 -> 0 | BC29: 0 | BD29: =AE29 -> 0 | BG29: =BE29-AF29 -> 0
A30: 22 | B30: 林芝市 | C30: 巴宜区 | D30: 2013 | E30: 米瑞乡曲尼贡嘎村藏香猪养殖项目 | F30: 是 | G30: 是 | H30: =I30+AF30 -> 790000 | I30: =O30+J30+T30+Y30+AE30+AC30+AD30 -> 790000 | J30: =N30+M30+L30+K30 -> 790000 | K30: 790000 | O30: =S30+R30+Q30+P30 -> 0 | T30: =X30+W30+V30+U30 -> 0 | Y30: =AA30+Z30+AB30 -> 0 | AG30: =AH30+BE30 -> 790000 | AH30: =AN30+AI30+AS30+AX30+BD30+BB30+BC30 -> 790000 | AI30: =AM30+AL30+AK30+AJ30 -> 790000 | AJ30: 790000 | AK30: 0 | AL30: 0 | AM30: 0 | AN30: =AR30+AQ30+AP30+AO30 -> 0 | AO30: 0 | AP30: 0 | AQ30: 0 | AR30: 0 | AS30: =AW30+AV30+AU30+AT30 -> 0 | AT30: 0 | AU30: 0 | AV30: 0 | AW30: 0 | AX30: =AZ30+AY30+BA30 -> 0 | AY30: 0 | AZ30: 0 | BA30: 0 | BB30: =AC30 -> 0 | BC30: 0 | BD30: =AE30 -> 0 | BG30: =BE30-AF30 -> 0
A31: 23 | B31: 林芝市 | C31: 巴宜区 | D31: 2013 | E31: 八一镇尼西村水果蔬菜种植温室项目 | F31: 是 | G31: 是 | H31: =I31+AF31 -> 350000 | I31: =O31+J31+T31+Y31+AE31+AC31+AD31 -> 350000 | J31: =N31+M31+L31+K31 -> 350000 | K31: 350000 | O31: =S31+R31+Q31+P31 -> 0 | T31: =X31+W31+V31+U31 -> 0 | Y31: =AA31+Z31+AB31 -> 0 | AG31: =AH31+BE31 -> 350000 | AH31: =AN31+AI31+AS31+AX31+BD31+BB31+BC31 -> 350000 | AI31: =AM31+AL31+AK31+AJ31 -> 350000 | AJ31: 350000 | AK31: 0 | AL31: 0 | AM31: 0 | AN31: =AR31+AQ31+AP31+AO31 -> 0 | AO31: 0 | AP31: 0 | AQ31: 0 | AR31: 0 | AS31: =AW31+AV31+AU31+AT31 -> 0 | AT31: 0 | AU31: 0 | AV31: 0 | AW31: 0 | AX31: =AZ31+AY31+BA31 -> 0 | AY31: 0 | AZ31: 0 | BA31: 0 | BB31: =AC31 -> 0 | BC31: 0 | BD31: =AE31 -> 0 | BG31: =BE31-AF31 -> 0
A32: 24 | B32: 林芝市 | C32: 巴宜区 | D32: 2013 | E32: 更张乡白玛店村和扎曲村钢架大棚灵芝菌种植项目 | F32: 是 | G32: 是 | H32: =I32+AF32 -> 1790000 | I32: =O32+J32+T32+Y32+AE32+AC32+AD32 -> 1790000 | J32: =N32+M32+L32+K32 -> 1790000 | K32: 1790000 | O32: =S32+R32+Q32+P32 -> 0 | T32: =X32+W32+V32+U32 -> 0 | Y32: =AA32+Z32+AB32 -> 0 | AG32: =AH32+BE32 -> 1790000 | AH32: =AN32+AI32+AS32+AX32+BD32+BB32+BC32 -> 1790000 | AI32: =AM32+AL32+AK32+AJ32 -> 1790000 | AJ32: 1790000 | AK32: 0 | AL32: 0 | AM32: 0 | AN32: =AR32+AQ32+AP32+AO32 -> 0 | AO32: 0 | AP32: 0 | AQ32: 0 | AR32: 0 | AS32: =AW32+AV32+AU32+AT32 -> 0 | AT32: 0 | AU32: 0 | AV32: 0 | AW32: 0 | AX32: =AZ32+AY32+BA32 -> 0 | AY32: 0 | AZ32: 0 | BA32: 0 | BB32: =AC32 -> 0 | BC32: 0 | BD32: =AE32 -> 0 | BG32: =BE32-AF32 -> 0
A33: 25 | B33: 林芝市 | C33: 巴宜区 | D33: 2013 | E33: 八一镇色定村阿吉林特色经济发展农牧民专业合作社藏民族手工艺品生产厂区建设项目 | F33: 是 | G33: 是 | H33: =I33+AF33 -> 420000 | I33: =O33+J33+T33+Y33+AE33+AC33+AD33 -> 420000 | J33: =N33+M33+L33+K33 -> 420000 | K33: 420000 | O33: =S33+R33+Q33+P33 -> 0 | T33: =X33+W33+V33+U33 -> 0 | Y33: =AA33+Z33+AB33 -> 0 | AG33: =AH33+BE33 -> 420000 | AH33: =AN33+AI33+AS33+AX33+BD33+BB33+BC33 -> 420000 | AI33: =AM33+AL33+AK33+AJ33 -> 420000 | AJ33: 420000 | AK33: 0 | AL33: 0 | AM33: 0 | AN33: =AR33+AQ33+AP33+AO33 -> 0 | AO33: 0 | AP33: 0 | AQ33: 0 | AR33: 0 | AS33: =AW33+AV33+AU33+AT33 -> 0 | AT33: 0 | AU33: 0 | AV33: 0 | AW33: 0 | AX33: =AZ33+AY33+BA33 -> 0 | AY33: 0 | AZ33: 0 | BA33: 0 | BB33: =AC33 -> 0 | BC33: 0 | BD33: =AE33 -> 0 | BG33: =BE33-AF33 -> 0
A34: 26 | B34: 林芝市 | C34: 巴宜区 | D34: 2013 | E34: 林芝镇康扎村旅游接待住宿项目 | F34: 是 | G34: 是 | H34: =I34+AF34 -> 3000000 | I34: =O34+J34+T34+Y34+AE34+AC34+AD34 -> 1500000 | J34: =N34+M34+L34+K34 -> 1500000 | K34: 1500000 | O34: =S34+R34+Q34+P34 -> 0 | T34: =X34+W34+V34+U34 -> 0 | Y34: =AA34+Z34+AB34 -> 0 | AF34: 1500000 | AG34: =AH34+BE34 -> 3000000 | AH34: =AN34+AI34+AS34+AX34+BD34+BB34+BC34 -> 1500000 | AI34: =AM34+AL34+AK34+AJ34 -> 1500000 | AJ34: 1500000 | AK34: 0 | AL34: 0 | AM34: 0 | AN34: =AR34+AQ34+AP34+AO34 -> 0 | AO34: 0 | AP34: 0 | AQ34: 0 | AR34: 0 | AS34: =AW34+AV34+AU34+AT34 -> 0 | AT34: 0 | AU34: 0 | AV34: 0 | AW34: 0 | AX34: =AZ34+AY34+BA34 -> 0 | AY34: 0 | AZ34: 0 | BA34: 0 | BB34: =AC34 -> 0 | BC34: 0 | BD34: =AE34 -> 0 | BE34: 1500000 | BF34: 与决算不匹配 | BG34: =BE34-AF34 -> 0
A35: 27 | B35: 林芝市 | C35: 巴宜区 | D35: 2013 | E35: 更章门巴民族乡门仲村、扎曲村骡马驿道修护项目 | F35: 是 | G35: 否 | H35: =I35+AF35 -> 100000 | I35: =O35+J35+T35+Y35+AE35+AC35+AD35 -> 100000 | J35: =N35+M35+L35+K35 -> 100000 | M35: 100000 | O35: =S35+R35+Q35+P35 -> 0 | T35: =X35+W35+V35+U35 -> 0 | Y35: =AA35+Z35+AB35 -> 0 | AG35: =AH35+BE35 -> 100000 | AH35: =AN35+AI35+AS35+AX35+BD35+BB35+BC35 -> 100000 | AI35: =AM35+AL35+AK35+AJ35 -> 100000 | AJ35: 0 | AK35: 0 | AL35: 100000 | AM35: 0 | AN35: =AR35+AQ35+AP35+AO35 -> 0 | AO35: 0 | AP35: 0 | AQ35: 0 | AR35: 0 | AS35: =AW35+AV35+AU35+AT35 -> 0 | AT35: 0 | AU35: 0 | AV35: 0 | AW35: 0 | AX35: =AZ35+AY35+BA35 -> 0 | AY35: 0 | AZ35: 0 | BA35: 0 | BB35: =AC35 -> 0 | BC35: 0 | BD35: =AE35 -> 0 | BG35: =BE35-AF35 -> 0
A36: 28 | B36: 林芝市 | C36: 巴宜区 | D36: 2013 | E36: 米瑞乡色果拉村农田灌溉水渠修护项目 | F36: 是 | G36: 是 | H36: =I36+AF36 -> 100000 | I36: =O36+J36+T36+Y36+AE36+AC36+AD36 -> 100000 | J36: =N36+M36+L36+K36 -> 100000 | M36: 100000 | O36: =S36+R36+Q36+P36 -> 0 | T36: =X36+W36+V36+U36 -> 0 | Y36: =AA36+Z36+AB36 -> 0 | AG36: =AH36+BE36 -> 100000 | AH36: =AN36+AI36+AS36+AX36+BD36+BB36+BC36 -> 100000 | AI36: =AM36+AL36+AK36+AJ36 -> 100000 | AJ36: 0 | AK36: 0 | AL36: 100000 | AM36: 0 | AN36: =AR36+AQ36+AP36+AO36 -> 0 | AO36: 0 | AP36: 0 | AQ36: 0 | AR36: 0 | AS36: =AW36+AV36+AU36+AT36 -> 0 | AT36: 0 | AU36: 0 | AV36: 0 | AW36: 0 | AX36: =AZ36+AY36+BA36 -> 0 | AY36: 0 | AZ36: 0 | BA36: 0 | BB36: =AC36 -> 0 | BC36: 0 | BD36: =AE36 -> 0 | BG36: =BE36-AF36 -> 0
A37: 29 | B37: 林芝市 | C37: 巴宜区 | D37: 2013 | E37: 布久乡孜热村水渠维修 | F37: 是 | G37: 是 | H37: =I37+AF37 -> 103500 | I37: =O37+J37+T37+Y37+AE37+AC37+AD37 -> 103500 | J37: =N37+M37+L37+K37 -> 103500 | N37: 103500 | O37: =S37+R37+Q37+P37 -> 0 | T37: =X37+W37+V37+U37 -> 0 | Y37: =AA37+Z37+AB37 -> 0 | AG37: =AH37+BE37 -> 103500 | AH37: =AN37+AI37+AS37+AX37+BD37+BB37+BC37 -> 103500 | AI37: =AM37+AL37+AK37+AJ37 -> 103500 | AJ37: 0 | AK37: 0 | AL37: 0 | AM37: 103500 | AN37: =AR37+AQ37+AP37+AO37 -> 0 | AO37: 0 | AP37: 0 | AQ37: 0 | AR37: 0 | AS37: =AW37+AV37+AU37+AT37 -> 0 | AT37: 0 | AU37: 0 | AV37: 0 | AW37: 0 | AX37: =AZ37+AY37+BA37 -> 0 | AY37: 0 | AZ37: 0 | BA37: 0 | BB37: =AC37 -> 0 | BC37: 0 | BD37: =AE37 -> 0 | BG37: =BE37-AF37 -> 0
A38: 30 | B38: 林芝市 | C38: 巴宜区 | D38: 2013 | E38: 百巴镇大坝村温室供水 | F38: 是 | G38: 是 | H38: =I38+AF38 -> 1100000 | I38: =O38+J38+T38+Y38+AE38+AC38+AD38 -> 1100000 | J38: =N38+M38+L38+K38 -> 1100000 | N38: 1100000 | O38: =S38+R38+Q38+P38 -> 0 | T38: =X38+W38+V38+U38 -> 0 | Y38: =AA38+Z38+AB38 -> 0 | AG38: =AH38+BE38 -> 1100000 | AH38: =AN38+AI38+AS38+AX38+BD38+BB38+BC38 -> 1100000 | AI38: =AM38+AL38+AK38+AJ38 -> 1100000 | AJ38: 0 | AK38: 0 | AL38: 0 | AM38: 1100000 | AN38: =AR38+AQ38+AP38+AO38 -> 0 | AO38: 0 | AP38: 0 | AQ38: 0 | AR38: 0 | AS38: =AW38+AV38+AU38+AT38 -> 0 | AT38: 0 | AU38: 0 | AV38: 0 | AW38: 0 | AX38: =AZ38+AY38+BA38 -> 0 | AY38: 0 | AZ38: 0 | BA38: 0 | BB38: =AC38 -> 0 | BC38: 0 | BD38: =AE38 -> 0 | BG38: =BE38-AF38 -> 0
A39: 31 | B39: 林芝市 | C39: 巴宜区 | D39: 2013 | E39: 百巴镇大坝村蔬菜温室工程缺口资金 | F39: 是 | G39: 是 | H39: =I39+AF39 -> 430600 | I39: =O39+J39+T39+Y39+AE39+AC39+AD39 -> 430600 | J39: =N39+M39+L39+K39 -> 430600 | N39: 430600 | O39: =S39+R39+Q39+P39 -> 0 | T39: =X39+W39+V39+U39 -> 0 | Y39: =AA39+Z39+AB39 -> 0 | AG39: =AH39+BE39 -> 430600 | AH39: =AN39+AI39+AS39+AX39+BD39+BB39+BC39 -> 430600 | AI39: =AM39+AL39+AK39+AJ39 -> 430600 | AJ39: 0 | AK39: 0 | AL39: 0 | AM39: 430600 | AN39: =AR39+AQ39+AP39+AO39 -> 0 | AO39: 0 | AP39: 0 | AQ39: 0 | AR39: 0 | AS39: =AW39+AV39+AU39+AT39 -> 0 | AT39: 0 | AU39: 0 | AV39: 0 | AW39: 0 | AX39: =AZ39+AY39+BA39 -> 0 | AY39: 0 | AZ39: 0 | BA39: 0 | BB39: =AC39 -> 0 | BC39: 0 | BD39: =AE39 -> 0 | BG39: =BE39-AF39 -> 0
A40: 32 | B40: 林芝市 | C40: 巴宜区 | D40: 2013 | E40: 林芝县偏远寺庙硬化路 | F40: 是 | G40: 否 | H40: =I40+AF40 -> 1800000 | I40: =O40+J40+T40+Y40+AE40+AC40+AD40 -> 1800000 | J40: =N40+M40+L40+K40 -> 0 | O40: =S40+R40+Q40+P40 -> 0 | T40: =X40+W40+V40+U40 -> 0 | Y40: =AA40+Z40+AB40 -> 1800000 | Z40: 1800000 | AG40: =AH40+BE40 -> 1800000 | AH40: =AN40+AI40+AS40+AX40+BD40+BB40+BC40 -> 1800000 | AI40: =AM40+AL40+AK40+AJ40 -> 0 | AJ40: 0 | AK40: 0 | AL40: 0 | AM40: 0 | AN40: =AR40+AQ40+AP40+AO40 -> 0 | AO40: 0 | AP40: 0 | AQ40: 0 | AR40: 0 | AS40: =AW40+AV40+AU40+AT40 -> 0 | AT40: 0 | AU40: 0 | AV40: 0 | AW40: 0 | AX40: =AZ40+AY40+BA40 -> 1800000 | AY40: 1800000 | AZ40: 0 | BA40: 0 | BB40: =AC40 -> 0 | BC40: 0 | BD40: =AE40 -> 0 | BG40: =BE40-AF40 -> 0
A41: 33 | B41: 林芝市 | C41: 巴宜区 | D41: 2013 | E41: 林芝县外来务工人员服务中心 | F41: 是 | G41: 否 | H41: =I41+AF41 -> 3210000 | I41: =O41+J41+T41+Y41+AE41+AC41+AD41 -> 3210000 | J41: =N41+M41+L41+K41 -> 0 | O41: =S41+R41+Q41+P41 -> 0 | T41: =X41+W41+V41+U41 -> 0 | Y41: =AA41+Z41+AB41 -> 3210000 | Z41: 3210000 | AG41: =AH41+BE41 -> 3210000 | AH41: =AN41+AI41+AS41+AX41+BD41+BB41+BC41 -> 3210000 | AI41: =AM41+AL41+AK41+AJ41 -> 0 | AJ41: 0 | AK41: 0 | AL41: 0 | AM41: 0 | AN41: =AR41+AQ41+AP41+AO41 -> 0 | AO41: 0 | AP41: 0 | AQ41: 0 | AR41: 0 | AS41: =AW41+AV41+AU41+AT41 -> 0 | AT41: 0 | AU41: 0 | AV41: 0 | AW41: 0 | AX41: =AZ41+AY41+BA41 -> 3210000 | AY41: 3210000 | AZ41: 0 | BA41: 0 | BB41: =AC41 -> 0 | BC41: 0 | BD41: =AE41 -> 0 | BG41: =BE41-AF41 -> 0
A42: 34 | B42: 林芝市 | C42: 巴宜区 | D42: 2014 | E42: 八一镇永久村农家乐建设项目 | F42: 是 | G42: 是 | H42: =I42+AF42 -> 450000 | I42: =O42+J42+T42+Y42+AE42+AC42+AD42 -> 450000 | J42: =N42+M42+L42+K42 -> 450000 | K42: 450000 | O42: =S42+R42+Q42+P42 -> 0 | T42: =X42+W42+V42+U42 -> 0 | Y42: =AA42+Z42+AB42 -> 0 | AG42: =AH42+BE42 -> 450000 | AH42: =AN42+AI42+AS42+AX42+BD42+BB42+BC42 -> 450000 | AI42: =AM42+AL42+AK42+AJ42 -> 450000 | AJ42: 450000 | AK42: 0 | AL42: 0 | AM42: 0 | AN42: =AR42+AQ42+AP42+AO42 -> 0 | AO42: 0 | AP42: 0 | AQ42: 0 | AR42: 0 | AS42: =AW42+AV42+AU42+AT42 -> 0 | AT42: 0 | AU42: 0 | AV42: 0 | AW42: 0 | AX42: =AZ42+AY42+BA42 -> 0 | AY42: 0 | AZ42: 0 | BA42: 0 | BB42: =AC42 -> 0 | BC42: 0 | BD42: =AE42 -> 0 | BG42: =BE42-AF42 -> 0
A43: 35 | B43: 林芝市 | C43: 巴宜区 | D43: 2014 | E43: 八一镇加乃村农田灌溉项目 | F43: 是 | G43: 是 | H43: =I43+AF43 -> 984100 | I43: =O43+J43+T43+Y43+AE43+AC43+AD43 -> 984100 | J43: =N43+M43+L43+K43 -> 984100 | K43: 900000 | N43: 84100 | O43: =S43+R43+Q43+P43 -> 0 | T43: =X43+W43+V43+U43 -> 0 | Y43: =AA43+Z43+AB43 -> 0 | AG43: =AH43+BE43 -> 984100 | AH43: =AN43+AI43+AS43+AX43+BD43+BB43+BC43 -> 984100 | AI43: =AM43+AL43+AK43+AJ43 -> 984100 | AJ43: 900000 | AK43: 0 | AL43: 0 | AM43: 84100 | AN43: =AR43+AQ43+AP43+AO43 -> 0 | AO43: 0 | AP43: 0 | AQ43: 0 | AR43: 0 | AS43: =AW43+AV43+AU43+AT43 -> 0 | AT43: 0 | AU43: 0 | AV43: 0 | AW43: 0 | AX43: =AZ43+AY43+BA43 -> 0 | AY43: 0 | AZ43: 0 | BA43: 0 | BB43: =AC43 -> 0 | BC43: 0 | BD43: =AE43 -> 0 | BG43: =BE43-AF43 -> 0
A44: 36 | B44: 林芝市 | C44: 巴宜区 | D44: 2014 | E44: 八一镇色定村蜜蜂养殖项目 | F44: 是 | G44: 是 | H44: =I44+AF44 -> 600000 | I44: =O44+J44+T44+Y44+AE44+AC44+AD44 -> 600000 | J44: =N44+M44+L44+K44 -> 600000 | K44: 600000 | O44: =S44+R44+Q44+P44 -> 0 | T44: =X44+W44+V44+U44 -> 0 | Y44: =AA44+Z44+AB44 -> 0 | AG44: =AH44+BE44 -> 600000 | AH44: =AN44+AI44+AS44+AX44+BD44+BB44+BC44 -> 600000 | AI44: =AM44+AL44+AK44+AJ44 -> 600000 | AJ44: 600000 | AK44: 0 | AL44: 0 | AM44: 0 | AN44: =AR44+AQ44+AP44+AO44 -> 0 | AO44: 0 | AP44: 0 | AQ44: 0 | AR44: 0 | AS44: =AW44+AV44+AU44+AT44 -> 0 | AT44: 0 | AU44: 0 | AV44: 0 | AW44: 0 | AX44: =AZ44+AY44+BA44 -> 0 | AY44: 0 | AZ44: 0 | BA44: 0 | BB44: =AC44 -> 0 | BC44: 0 | BD44: =AE44 -> 0 | BG44: =BE44-AF44 -> 0
A45: 37 | B45: 林芝市 | C45: 巴宜区 | D45: 2014 | E45: 百巴镇伍巴村旅游接待点项目 | F45: 是 | G45: 是 | H45: =I45+AF45 -> 1350000 | I45: =O45+J45+T45+Y45+AE45+AC45+AD45 -> 1350000 | J45: =N45+M45+L45+K45 -> 1350000 | K45: 1350000 | O45: =S45+R45+Q45+P45 -> 0 | T45: =X45+W45+V45+U45 -> 0 | Y45: =AA45+Z45+AB45 -> 0 | AG45: =AH45+BE45 -> 1350000 | AH45: =AN45+AI45+AS45+AX45+BD45+BB45+BC45 -> 1350000 | AI45: =AM45+AL45+AK45+AJ45 -> 1350000 | AJ45: 1350000 | AK45: 0 | AL45: 0 | AM45: 0 | AN45: =AR45+AQ45+AP45+AO45 -> 0 | AO45: 0 | AP45: 0 | AQ45: 0 | AR45: 0 | AS45: =AW45+AV45+AU45+AT45 -> 0 | AT45: 0 | AU45: 0 | AV45: 0 | AW45: 0 | AX45: =AZ45+AY45+BA45 -> 0 | AY45: 0 | AZ45: 0 | BA45: 0 | BB45: =AC45 -> 0 | BC45: 0 | BD45: =AE45 -> 0 | BG45: =BE45-AF45 -> 0
A46: 38 | B46: 林芝市 | C46: 巴宜区 | D46: 2014 | E46: 百巴镇扎地村天麻种植项目 | F46: 是 | G46: 是 | H46: =I46+AF46 -> 310000 | I46: =O46+J46+T46+Y46+AE46+AC46+AD46 -> 310000 | J46: =N46+M46+L46+K46 -> 310000 | K46: 310000 | O46: =S46+R46+Q46+P46 -> 0 | T46: =X46+W46+V46+U46 -> 0 | Y46: =AA46+Z46+AB46 -> 0 | AG46: =AH46+BE46 -> 309995 | AH46: =AN46+AI46+AS46+AX46+BD46+BB46+BC46 -> 309995 | AI46: =AM46+AL46+AK46+AJ46 -> 309995 | AJ46: 309995 | AK46: 0 | AL46: 0 | AM46: 0 | AN46: =AR46+AQ46+AP46+AO46 -> 0 | AO46: 0 | AP46: 0 | AQ46: 0 | AR46: 0 | AS46: =AW46+AV46+AU46+AT46 -> 0 | AT46: 0 | AU46: 0 | AV46: 0 | AW46: 0 | AX46: =AZ46+AY46+BA46 -> 0 | AY46: 0 | AZ46: 0 | BA46: 0 | BB46: =AC46 -> 0 | BC46: 0 | BD46: =AE46 -> 0 | BG46: =BE46-AF46 -> 0
A47: 39 | B47: 林芝市 | C47: 巴宜区 | D47: 2014 | E47: 布久乡孜热村绵羊养殖项目 | F47: 是 | G47: 是 | H47: =I47+AF47 -> 450000 | I47: =O47+J47+T47+Y47+AE47+AC47+AD47 -> 450000 | J47: =N47+M47+L47+K47 -> 450000 | K47: 450000 | O47: =S47+R47+Q47+P47 -> 0 | T47: =X47+W47+V47+U47 -> 0 | Y47: =AA47+Z47+AB47 -> 0 | AG47: =AH47+BE47 -> 450000 | AH47: =AN47+AI47+AS47+AX47+BD47+BB47+BC47 -> 450000 | AI47: =AM47+AL47+AK47+AJ47 -> 450000 | AJ47: 450000 | AK47: 0 | AL47: 0 | AM47: 0 | AN47: =AR47+AQ47+AP47+AO47 -> 0 | AO47: 0 | AP47: 0 | AQ47: 0 | AR47: 0 | AS47: =AW47+AV47+AU47+AT47 -> 0 | AT47: 0 | AU47: 0 | AV47: 0 | AW47: 0 | AX47: =AZ47+AY47+BA47 -> 0 | AY47: 0 | AZ47: 0 | BA47: 0 | BB47: =AC47 -> 0 | BC47: 0 | BD47: =AE47 -> 0 | BG47: =BE47-AF47 -> 0
A48: 40 | B48: 林芝市 | C48: 巴宜区 | D48: 2014 | E48: 米瑞乡增巴村旅游接待点建设 | F48: 是 | G48: 是 | H48: =I48+AF48 -> 800000 | I48: =O48+J48+T48+Y48+AE48+AC48+AD48 -> 800000 | J48: =N48+M48+L48+K48 -> 800000 | K48: 800000 | O48: =S48+R48+Q48+P48 -> 0 | T48: =X48+W48+V48+U48 -> 0 | Y48: =AA48+Z48+AB48 -> 0 | AG48: =AH48+BE48 -> 764000 | AH48: =AN48+AI48+AS48+AX48+BD48+BB48+BC48 -> 764000 | AI48: =AM48+AL48+AK48+AJ48 -> 764000 | AJ48: 764000 | AK48: 0 | AL48: 0 | AM48: 0 | AN48: =AR48+AQ48+AP48+AO48 -> 0 | AO48: 0 | AP48: 0 | AQ48: 0 | AR48: 0 | AS48: =AW48+AV48+AU48+AT48 -> 0 | AT48: 0 | AU48: 0 | AV48: 0 | AW48: 0 | AX48: =AZ48+AY48+BA48 -> 0 | AY48: 0 | AZ48: 0 | BA48: 0 | BB48: =AC48 -> 0 | BC48: 0 | BD48: =AE48 -> 0 | BG48: =BE48-AF48 -> 0
A49: 41 | B49: 林芝市 | C49: 巴宜区 | D49: 2014 | E49: 米瑞乡曲尼贡嘎村达嘎杂自然村藏鸡养殖项目 | F49: 是 | G49: 是 | H49: =I49+AF49 -> 700000 | I49: =O49+J49+T49+Y49+AE49+AC49+AD49 -> 700000 | J49: =N49+M49+L49+K49 -> 700000 | K49: 700000 | O49: =S49+R49+Q49+P49 -> 0 | T49: =X49+W49+V49+U49 -> 0 | Y49: =AA49+Z49+AB49 -> 0 | AG49: =AH49+BE49 -> 700000 | AH49: =AN49+AI49+AS49+AX49+BD49+BB49+BC49 -> 700000 | AI49: =AM49+AL49+AK49+AJ49 -> 700000 | AJ49: 700000 | AK49: 0 | AL49: 0 | AM49: 0 | AN49: =AR49+AQ49+AP49+AO49 -> 0 | AO49: 0 | AP49: 0 | AQ49: 0 | AR49: 0 | AS49: =AW49+AV49+AU49+AT49 -> 0 | AT49: 0 | AU49: 0 | AV49: 0 | AW49: 0 | AX49: =AZ49+AY49+BA49 -> 0 | AY49: 0 | AZ49: 0 | BA49: 0 | BB49: =AC49 -> 0 | BC49: 0 | BD49: =AE49 -> 0 | BG49: =BE49-AF49 -> 0
A50: 42 | B50: 林芝市 | C50: 巴宜区 | D50: 2014 | E50: 更章乡久巴村水果大棚建设项目 | F50: 是 | G50: 是 | H50: =I50+AF50 -> 1000000 | I50: =O50+J50+T50+Y50+AE50+AC50+AD50 -> 1000000 | J50: =N50+M50+L50+K50 -> 1000000 | K50: 1000000 | O50: =S50+R50+Q50+P50 -> 0 | T50: =X50+W50+V50+U50 -> 0 | Y50: =AA50+Z50+AB50 -> 0 | AG50: =AH50+BE50 -> 1000000 | AH50: =AN50+AI50+AS50+AX50+BD50+BB50+BC50 -> 1000000 | AI50: =AM50+AL50+AK50+AJ50 -> 1000000 | AJ50: 1000000 | AK50: 0 | AL50: 0 | AM50: 0 | AN50: =AR50+AQ50+AP50+AO50 -> 0 | AO50: 0 | AP50: 0 | AQ50: 0 | AR50: 0 | AS50: =AW50+AV50+AU50+AT50 -> 0 | AT50: 0 | AU50: 0 | AV50: 0 | AW50: 0 | AX50: =AZ50+AY50+BA50 -> 0 | AY50: 0 | AZ50: 0 | BA50: 0 | BB50: =AC50 -> 0 | BC50: 0 | BD50: =AE50 -> 0 | BG50: =BE50-AF50 -> 0
A51: 43 | B51: 林芝市 | C51: 巴宜区 | D51: 2014 | E51: 米瑞乡通麦村工布服装加工厂建设项目 | F51: 是 | G51: 是 | H51: =I51+AF51 -> 450000 | I51: =O51+J51+T51+Y51+AE51+AC51+AD51 -> 450000 | J51: =N51+M51+L51+K51 -> 450000 | K51: 450000 | O51: =S51+R51+Q51+P51 -> 0 | T51: =X51+W51+V51+U51 -> 0 | Y51: =AA51+Z51+AB51 -> 0 | AG51: =AH51+BE51 -> 450000 | AH51: =AN51+AI51+AS51+AX51+BD51+BB51+BC51 -> 450000 | AI51: =AM51+AL51+AK51+AJ51 -> 450000 | AJ51: 450000 | AK51: 0 | AL51: 0 | AM51: 0 | AN51: =AR51+AQ51+AP51+AO51 -> 0 | AO51: 0 | AP51: 0 | AQ51: 0 | AR51: 0 | AS51: =AW51+AV51+AU51+AT51 -> 0 | AT51: 0 | AU51: 0 | AV51: 0 | AW51: 0 | AX51: =AZ51+AY51+BA51 -> 0 | AY51: 0 | AZ51: 0 | BA51: 0 | BB51: =AC51 -> 0 | BC51: 0 | BD51: =AE51 -> 0 | BG51: =BE51-AF51 -> 0
A52: 44 | B52: 林芝市 | C52: 巴宜区 | D52: 2014 | E52: 八一镇加定村藏香及民族服饰加工常建设项目 | F52: 是 | G52: 是 | H52: =I52+AF52 -> 750000 | I52: =O52+J52+T52+Y52+AE52+AC52+AD52 -> 750000 | J52: =N52+M52+L52+K52 -> 750000 | K52: 750000 | O52: =S52+R52+Q52+P52 -> 0 | T52: =X52+W52+V52+U52 -> 0 | Y52: =AA52+Z52+AB52 -> 0 | AG52: =AH52+BE52 -> 750000 | AH52: =AN52+AI52+AS52+AX52+BD52+BB52+BC52 -> 750000 | AI52: =AM52+AL52+AK52+AJ52 -> 750000 | AJ52: 750000 | AK52: 0 | AL52: 0 | AM52: 0 | AN52: =AR52+AQ52+AP52+AO52 -> 0 | AO52: 0 | AP52: 0 | AQ52: 0 | AR52: 0 | AS52: =AW52+AV52+AU52+AT52 -> 0 | AT52: 0 | AU52: 0 | AV52: 0 | AW52: 0 | AX52: =AZ52+AY52+BA52 -> 0 | AY52: 0 | AZ52: 0 | BA52: 0 | BB52: =AC52 -> 0 | BC52: 0 | BD52: =AE52 -> 0 | BG52: =BE52-AF52 -> 0
A53: 45 | B53: 林芝市 | C53: 巴宜区 | D53: 2014 | E53: 米瑞乡藏猪养殖基地建设项目 | F53: 是 | G53: 是 | H53: =I53+AF53 -> 300000 | I53: =O53+J53+T53+Y53+AE53+AC53+AD53 -> 300000 | J53: =N53+M53+L53+K53 -> 300000 | K53: 300000 | O53: =S53+R53+Q53+P53 -> 0 | T53: =X53+W53+V53+U53 -> 0 | Y53: =AA53+Z53+AB53 -> 0 | AG53: =AH53+BE53 -> 300000 | AH53: =AN53+AI53+AS53+AX53+BD53+BB53+BC53 -> 300000 | AI53: =AM53+AL53+AK53+AJ53 -> 300000 | AJ53: 300000 | AK53: 0 | AL53: 0 | AM53: 0 | AN53: =AR53+AQ53+AP53+AO53 -> 0 | AO53: 0 | AP53: 0 | AQ53: 0 | AR53: 0 | AS53: =AW53+AV53+AU53+AT53 -> 0 | AT53: 0 | AU53: 0 | AV53: 0 | AW53: 0 | AX53: =AZ53+AY53+BA53 -> 0 | AY53: 0 | AZ53: 0 | BA53: 0 | BB53: =AC53 -> 0 | BC53: 0 | BD53: =AE53 -> 0 | BG53: =BE53-AF53 -> 0
A54: 46 | B54: 林芝市 | C54: 巴宜区 | D54: 2014 | E54: 米瑞乡朗乃村重建苯日神山扶贫招待所建设项目 | F54: 是 | G54: 是 | H54: =I54+AF54 -> 770000 | I54: =O54+J54+T54+Y54+AE54+AC54+AD54 -> 770000 | J54: =N54+M54+L54+K54 -> 770000 | K54: 770000 | O54: =S54+R54+Q54+P54 -> 0 | T54: =X54+W54+V54+U54 -> 0 | Y54: =AA54+Z54+AB54 -> 0 | AG54: =AH54+BE54 -> 770000 | AH54: =AN54+AI54+AS54+AX54+BD54+BB54+BC54 -> 770000 | AI54: =AM54+AL54+AK54+AJ54 -> 770000 | AJ54: 770000 | AK54: 0 | AL54: 0 | AM54: 0 | AN54: =AR54+AQ54+AP54+AO54 -> 0 | AO54: 0 | AP54: 0 | AQ54: 0 | AR54: 0 | AS54: =AW54+AV54+AU54+AT54 -> 0 | AT54: 0 | AU54: 0 | AV54: 0 | AW54: 0 | AX54: =AZ54+AY54+BA54 -> 0 | AY54: 0 | AZ54: 0 | BA54: 0 | BB54: =AC54 -> 0 | BC54: 0 | BD54: =AE54 -> 0 | BG54: =BE54-AF54 -> 0
A55: 47 | B55: 林芝市 | C55: 巴宜区 | D55: 2014 | E55: 更张门巴民族乡扎曲村大峡谷温泉及配套设施建设项目 | F55: 是 | G55: 是 | H55: =I55+AF55 -> 650000 | I55: =O55+J55+T55+Y55+AE55+AC55+AD55 -> 600000 | J55: =N55+M55+L55+K55 -> 600000 | K55: 600000 | O55: =S55+R55+Q55+P55 -> 0 | T55: =X55+W55+V55+U55 -> 0 | Y55: =AA55+Z55+AB55 -> 0 | AF55: 50000 | AG55: =AH55+BE55 -> 650000 | AH55: =AN55+AI55+AS55+AX55+BD55+BB55+BC55 -> 600000 | AI55: =AM55+AL55+AK55+AJ55 -> 600000 | AJ55: 600000 | AK55: 0 | AL55: 0 | AM55: 0 | AN55: =AR55+AQ55+AP55+AO55 -> 0 | AO55: 0 | AP55: 0 | AQ55: 0 | AR55: 0 | AS55: =AW55+AV55+AU55+AT55 -> 0 | AT55: 0 | AU55: 0 | AV55: 0 | AW55: 0 | AX55: =AZ55+AY55+BA55 -> 0 | AY55: 0 | AZ55: 0 | BA55: 0 | BB55: =AC55 -> 0 | BC55: 0 | BD55: =AE55 -> 0 | BE55: 50000 | BG55: =BE55-AF55 -> 0
A56: 48 | B56: 林芝市 | C56: 巴宜区 | D56: 2014 | E56: 林芝镇、布久乡、米瑞乡藏猪养殖基地建设项目 | F56: 是 | G56: 是 | H56: =I56+AF56 -> 2000000 | I56: =O56+J56+T56+Y56+AE56+AC56+AD56 -> 2000000 | J56: =N56+M56+L56+K56 -> 2000000 | K56: 2000000 | O56: =S56+R56+Q56+P56 -> 0 | T56: =X56+W56+V56+U56 -> 0 | Y56: =AA56+Z56+AB56 -> 0 | AG56: =AH56+BE56 -> 2000000 | AH56: =AN56+AI56+AS56+AX56+BD56+BB56+BC56 -> 2000000 | AI56: =AM56+AL56+AK56+AJ56 -> 2000000 | AJ56: 2000000 | AK56: 0 | AL56: 0 | AM56: 0 | AN56: =AR56+AQ56+AP56+AO56 -> 0 | AO56: 0 | AP56: 0 | AQ56: 0 | AR56: 0 | AS56: =AW56+AV56+AU56+AT56 -> 0 | AT56: 0 | AU56: 0 | AV56: 0 | AW56: 0 | AX56: =AZ56+AY56+BA56 -> 0 | AY56: 0 | AZ56: 0 | BA56: 0 | BB56: =AC56 -> 0 | BC56: 0 | BD56: =AE56 -> 0 | BG56: =BE56-AF56 -> 0
A57: 49 | B57: 林芝市 | C57: 巴宜区 | D57: 2014 | E57: 八一镇拉丁嘎旅游接待中心建设项目 | F57: 是 | G57: 是 | H57: =I57+AF57 -> 1200000 | I57: =O57+J57+T57+Y57+AE57+AC57+AD57 -> 1200000 | J57: =N57+M57+L57+K57 -> 1200000 | K57: 1200000 | O57: =S57+R57+Q57+P57 -> 0 | T57: =X57+W57+V57+U57 -> 0 | Y57: =AA57+Z57+AB57 -> 0 | AG57: =AH57+BE57 -> 1200000 | AH57: =AN57+AI57+AS57+AX57+BD57+BB57+BC57 -> 1200000 | AI57: =AM57+AL57+AK57+AJ57 -> 1200000 | AJ57: 1200000 | AK57: 0 | AL57: 0 | AM57: 0 | AN57: =AR57+AQ57+AP57+AO57 -> 0 | AO57: 0 | AP57: 0 | AQ57: 0 | AR57: 0 | AS57: =AW57+AV57+AU57+AT57 -> 0 | AT57: 0 | AU57: 0 | AV57: 0 | AW57: 0 | AX57: =AZ57+AY57+BA57 -> 0 | AY57: 0 | AZ57: 0 | BA57: 0 | BB57: =AC57 -> 0 | BC57: 0 | BD57: =AE57 -> 0 | BG57: =BE57-AF57 -> 0
A58: 50 | B58: 林芝市 | C58: 巴宜区 | D58: 2014 | E58: 米瑞乡吉定村经济林木种植项目 | F58: 是 | G58: 是 | H58: =I58+AF58 -> 250000 | I58: =O58+J58+T58+Y58+AE58+AC58+AD58 -> 250000 | J58: =N58+M58+L58+K58 -> 250000 | M58: 250000 | O58: =S58+R58+Q58+P58 -> 0 | T58: =X58+W58+V58+U58 -> 0 | Y58: =AA58+Z58+AB58 -> 0 | AG58: =AH58+BE58 -> 250000 | AH58: =AN58+AI58+AS58+AX58+BD58+BB58+BC58 -> 250000 | AI58: =AM58+AL58+AK58+AJ58 -> 250000 | AJ58: 0 | AK58: 0 | AL58: 250000 | AM58: 0 | AN58: =AR58+AQ58+AP58+AO58 -> 0 | AO58: 0 | AP58: 0 | AQ58: 0 | AR58: 0 | AS58: =AW58+AV58+AU58+AT58 -> 0 | AT58: 0 | AU58: 0 | AV58: 0 | AW58: 0 | AX58: =AZ58+AY58+BA58 -> 0 | AY58: 0 | AZ58: 0 | BA58: 0 | BB58: =AC58 -> 0 | BC58: 0 | BD58: =AE58 -> 0 | BG58: =BE58-AF58 -> 0
A59: 51 | B59: 林芝市 | C59: 巴宜区 | D59: 2014 | E59: 林芝镇帮纳村盛康养殖基地建设项目 | F59: 是 | G59: 是 | H59: =I59+AF59 -> 250000 | I59: =O59+J59+T59+Y59+AE59+AC59+AD59 -> 250000 | J59: =N59+M59+L59+K59 -> 250000 | M59: 250000 | O59: =S59+R59+Q59+P59 -> 0 | T59: =X59+W59+V59+U59 -> 0 | Y59: =AA59+Z59+AB59 -> 0 | AG59: =AH59+BE59 -> 250000 | AH59: =AN59+AI59+AS59+AX59+BD59+BB59+BC59 -> 250000 | AI59: =AM59+AL59+AK59+AJ59 -> 250000 | AJ59: 0 | AK59: 0 | AL59: 250000 | AM59: 0 | AN59: =AR59+AQ59+AP59+AO59 -> 0 | AO59: 0 | AP59: 0 | AQ59: 0 | AR59: 0 | AS59: =AW59+AV59+AU59+AT59 -> 0 | AT59: 0 | AU59: 0 | AV59: 0 | AW59: 0 | AX59: =AZ59+AY59+BA59 -> 0 | AY59: 0 | AZ59: 0 | BA59: 0 | BB59: =AC59 -> 0 | BC59: 0 | BD59: =AE59 -> 0 | BG59: =BE59-AF59 -> 0
A60: 52 | B60: 林芝市 | C60: 巴宜区 | D60: 2014 | E60: 林芝镇康扎村村旅游接待住宿项目 | F60: 是 | G60: 是 | H60: =I60+AF60 -> 694700 | I60: =O60+J60+T60+Y60+AE60+AC60+AD60 -> 694700 | J60: =N60+M60+L60+K60 -> 694700 | N60: 694700 | O60: =S60+R60+Q60+P60 -> 0 | T60: =X60+W60+V60+U60 -> 0 | Y60: =AA60+Z60+AB60 -> 0 | AG60: =AH60+BE60 -> 694700 | AH60: =AN60+AI60+AS60+AX60+BD60+BB60+BC60 -> 694700 | AI60: =AM60+AL60+AK60+AJ60 -> 694700 | AJ60: 0 | AK60: 0 | AL60: 0 | AM60: 694700 | AN60: =AR60+AQ60+AP60+AO60 -> 0 | AO60: 0 | AP60: 0 | AQ60: 0 | AR60: 0 | AS60: =AW60+AV60+AU60+AT60 -> 0 | AT60: 0 | AU60: 0 | AV60: 0 | AW60: 0 | AX60: =AZ60+AY60+BA60 -> 0 | AY60: 0 | AZ60: 0 | BA60: 0 | BB60: =AC60 -> 0 | BC60: 0 | BD60: =AE60 -> 0 | BG60: =BE60-AF60 -> 0
A61: 53 | B61: 林芝市 | C61: 巴宜区 | D61: 2014 | E61: 林芝县朗欧村旅游接待建设项目 | F61: 是 | G61: 是 | H61: =I61+AF61 -> 208000 | I61: =O61+J61+T61+Y61+AE61+AC61+AD61 -> 208000 | J61: =N61+M61+L61+K61 -> 208000 | N61: 208000 | O61: =S61+R61+Q61+P61 -> 0 | T61: =X61+W61+V61+U61 -> 0 | Y61: =AA61+Z61+AB61 -> 0 | AG61: =AH61+BE61 -> 208000 | AH61: =AN61+AI61+AS61+AX61+BD61+BB61+BC61 -> 208000 | AI61: =AM61+AL61+AK61+AJ61 -> 208000 | AJ61: 0 | AK61: 0 | AL61: 0 | AM61: 208000 | AN61: =AR61+AQ61+AP61+AO61 -> 0 | AO61: 0 | AP61: 0 | AQ61: 0 | AR61: 0 | AS61: =AW61+AV61+AU61+AT61 -> 0 | AT61: 0 | AU61: 0 | AV61: 0 | AW61: 0 | AX61: =AZ61+AY61+BA61 -> 0 | AY61: 0 | AZ61: 0 | BA61: 0 | BB61: =AC61 -> 0 | BC61: 0 | BD61: =AE61 -> 0 | BG61: =BE61-AF61 -> 0
A62: 54 | B62: 林芝市 | C62: 巴宜区 | D62: 2014 | E62: 百巴镇伍巴村旅游接待点项目 | F62: 是 | G62: 是 | H62: =I62+AF62 -> 167900 | I62: =O62+J62+T62+Y62+AE62+AC62+AD62 -> 167900 | J62: =N62+M62+L62+K62 -> 167900 | N62: 167900 | O62: =S62+R62+Q62+P62 -> 0 | T62: =X62+W62+V62+U62 -> 0 | Y62: =AA62+Z62+AB62 -> 0 | AG62: =AH62+BE62 -> 167900 | AH62: =AN62+AI62+AS62+AX62+BD62+BB62+BC62 -> 167900 | AI62: =AM62+AL62+AK62+AJ62 -> 167900 | AJ62: 0 | AK62: 0 | AL62: 0 | AM62: 167900 | AN62: =AR62+AQ62+AP62+AO62 -> 0 | AO62: 0 | AP62: 0 | AQ62: 0 | AR62: 0 | AS62: =AW62+AV62+AU62+AT62 -> 0 | AT62: 0 | AU62: 0 | AV62: 0 | AW62: 0 | AX62: =AZ62+AY62+BA62 -> 0 | AY62: 0 | AZ62: 0 | BA62: 0 | BB62: =AC62 -> 0 | BC62: 0 | BD62: =AE62 -> 0 | BG62: =BE62-AF62 -> 0
A63: 55 | B63: 林芝市 | C63: 巴宜区 | D63: 2014 | E63: 百巴镇增巴村莫坝沟复垦地灌溉工程 | F63: 是 | G63: 是 | H63: =I63+AF63 -> 1330600 | I63: =O63+J63+T63+Y63+AE63+AC63+AD63 -> 1330600 | J63: =N63+M63+L63+K63 -> 1330600 | N63: 1330600 | O63: =S63+R63+Q63+P63 -> 0 | T63: =X63+W63+V63+U63 -> 0 | Y63: =AA63+Z63+AB63 -> 0 | AG63: =AH63+BE63 -> 1330600 | AH63: =AN63+AI63+AS63+AX63+BD63+BB63+BC63 -> 1330600 | AI63: =AM63+AL63+AK63+AJ63 -> 1330600 | AJ63: 0 | AK63: 0 | AL63: 0 | AM63: 1330600 | AN63: =AR63+AQ63+AP63+AO63 -> 0 | AO63: 0 | AP63: 0 | AQ63: 0 | AR63: 0 | AS63: =AW63+AV63+AU63+AT63 -> 0 | AT63: 0 | AU63: 0 | AV63: 0 | AW63: 0 | AX63: =AZ63+AY63+BA63 -> 0 | AY63: 0 | AZ63: 0 | BA63: 0 | BB63: =AC63 -> 0 | BC63: 0 | BD63: =AE63 -> 0 | BG63: =BE63-AF63 -> 0
A64: 56 | B64: 林芝市 | C64: 巴宜区 | D64: 2014 | E64: 林芝县百巴镇基础设施建设项目 | F64: 是 | G64: 否 | H64: =I64+AF64 -> 37000500 | I64: =O64+J64+T64+Y64+AE64+AC64+AD64 -> 37000500 | J64: =N64+M64+L64+K64 -> 0 | O64: =S64+R64+Q64+P64 -> 0 | T64: =X64+W64+V64+U64 -> 0 | Y64: =AA64+Z64+AB64 -> 37000500 | Z64: 37000500 | AG64: =AH64+BE64 -> 37000500 | AH64: =AN64+AI64+AS64+AX64+BD64+BB64+BC64 -> 37000500 | AI64: =AM64+AL64+AK64+AJ64 -> 0 | AJ64: 0 | AK64: 0 | AL64: 0 | AM64: 0 | AN64: =AR64+AQ64+AP64+AO64 -> 0 | AO64: 0 | AP64: 0 | AQ64: 0 | AR64: 0 | AS64: =AW64+AV64+AU64+AT64 -> 0 | AT64: 0 | AU64: 0 | AV64: 0 | AW64: 0 | AX64: =AZ64+AY64+BA64 -> 37000500 | AY64: 37000500 | AZ64: 0 | BA64: 0 | BB64: =AC64 -> 0 | BC64: 0 | BD64: =AE64 -> 0 | BG64: =BE64-AF64 -> 0
A65: 57 | B65: 林芝市 | C65: 巴宜区 | D65: 2014 | E65: 林芝县大坝村移民迁建安置房工程 | F65: 是 | G65: 否 | H65: =I65+AF65 -> 9000000 | I65: =O65+J65+T65+Y65+AE65+AC65+AD65 -> 9000000 | J65: =N65+M65+L65+K65 -> 0 | O65: =S65+R65+Q65+P65 -> 0 | T65: =X65+W65+V65+U65 -> 0 | Y65: =AA65+Z65+AB65 -> 9000000 | Z65: 9000000 | AG65: =AH65+BE65 -> 9000000 | AH65: =AN65+AI65+AS65+AX65+BD65+BB65+BC65 -> 9000000 | AI65: =AM65+AL65+AK65+AJ65 -> 0 | AJ65: 0 | AK65: 0 | AL65: 0 | AM65: 0 | AN65: =AR65+AQ65+AP65+AO65 -> 0 | AO65: 0 | AP65: 0 | AQ65: 0 | AR65: 0 | AS65: =AW65+AV65+AU65+AT65 -> 0 | AT65: 0 | AU65: 0 | AV65: 0 | AW65: 0 | AX65: =AZ65+AY65+BA65 -> 9000000 | AY65: 9000000 | AZ65: 0 | BA65: 0 | BB65: =AC65 -> 0 | BC65: 0 | BD65: =AE65 -> 0 | BG65: =BE65-AF65 -> 0
A66: 58 | B66: 林芝市 | C66: 巴宜区 | D66: 2014 | E66: 林芝县五保户集中供养建设项目 | F66: 是 | G66: 否 | H66: =I66+AF66 -> 2950000 | I66: =O66+J66+T66+Y66+AE66+AC66+AD66 -> 2950000 | J66: =N66+M66+L66+K66 -> 0 | O66: =S66+R66+Q66+P66 -> 0 | T66: =X66+W66+V66+U66 -> 0 | Y66: =AA66+Z66+AB66 -> 2950000 | Z66: 2950000 | AG66: =AH66+BE66 -> 2950000 | AH66: =AN66+AI66+AS66+AX66+BD66+BB66+BC66 -> 2950000 | AI66: =AM66+AL66+AK66+AJ66 -> 0 | AJ66: 0 | AK66: 0 | AL66: 0 | AM66: 0 | AN66: =AR66+AQ66+AP66+AO66 -> 0 | AO66: 0 | AP66: 0 | AQ66: 0 | AR66: 0 | AS66: =AW66+AV66+AU66+AT66 -> 0 | AT66: 0 | AU66: 0 | AV66: 0 | AW66: 0 | AX66: =AZ66+AY66+BA66 -> 2950000 | AY66: 2950000 | AZ66: 0 | BA66: 0 | BB66: =AC66 -> 0 | BC66: 0 | BD66: =AE66 -> 0 | BG66: =BE66-AF66 -> 0
A67: 59 | B67: 林芝市 | C67: 巴宜区 | D67: 2014 | E67: 林芝县乡镇小学幼儿园周转房设施建设 | F67: 是 | G67: 否 | H67: =I67+AF67 -> 12435500 | I67: =O67+J67+T67+Y67+AE67+AC67+AD67 -> 12435500 | J67: =N67+M67+L67+K67 -> 7435500 | N67: =(1243.55-500)*10000 -> 7435500 | O67: =S67+R67+Q67+P67 -> 0 | T67: =X67+W67+V67+U67 -> 0 | Y67: =AA67+Z67+AB67 -> 5000000 | Z67: 5000000 | AG67: =AH67+BE67 -> 5000000 | AH67: =AN67+AI67+AS67+AX67+BD67+BB67+BC67 -> 5000000 | AI67: =AM67+AL67+AK67+AJ67 -> 0 | AJ67: 0 | AK67: 0 | AL67: 0 | AM67: 0 | AN67: =AR67+AQ67+AP67+AO67 -> 0 | AO67: 0 | AP67: 0 | AQ67: 0 | AR67: 0 | AS67: =AW67+AV67+AU67+AT67 -> 0 | AT67: 0 | AU67: 0 | AV67: 0 | AW67: 0 | AX67: =AZ67+AY67+BA67 -> 5000000 | AY67: 5000000 | AZ67: 0 | BA67: 0 | BB67: =AC67 -> 0 | BC67: 0 | BD67: =AE67 -> 0 | BG67: =BE67-AF67 -> 0
A68: 60 | B68: 林芝市 | C68: 巴宜区 | D68: 2014 | E68: 林芝县村卫生室项目 | F68: 是 | G68: 否 | H68: =I68+AF68 -> 6453400 | I68: =O68+J68+T68+Y68+AE68+AC68+AD68 -> 6453400 | J68: =N68+M68+L68+K68 -> 0 | O68: =S68+R68+Q68+P68 -> 0 | T68: =X68+W68+V68+U68 -> 0 | Y68: =AA68+Z68+AB68 -> 6453400 | Z68: =(378.85+266.49)*10000 -> 6453400 | AG68: =AH68+BE68 -> 6453400 | AH68: =AN68+AI68+AS68+AX68+BD68+BB68+BC68 -> 6453400 | AI68: =AM68+AL68+AK68+AJ68 -> 0 | AJ68: 0 | AK68: 0 | AL68: 0 | AM68: 0 | AN68: =AR68+AQ68+AP68+AO68 -> 0 | AO68: 0 | AP68: 0 | AQ68: 0 | AR68: 0 | AS68: =AW68+AV68+AU68+AT68 -> 0 | AT68: 0 | AU68: 0 | AV68: 0 | AW68: 0 | AX68: =AZ68+AY68+BA68 -> 6453400 | AY68: =(378.85+266.49)*10000 -> 6453400 | AZ68: 0 | BA68: 0 | BB68: =AC68 -> 0 | BC68: 0 | BD68: =AE68 -> 0 | BG68: =BE68-AF68 -> 0
A69: 61 | B69: 林芝市 | C69: 巴宜区 | D69: 2014 | E69: 林芝县便民服务体系建设 | F69: 否 | G69: 否 | H69: =I69+AF69 -> 7200000 | I69: =O69+J69+T69+Y69+AE69+AC69+AD69 -> 7200000 | J69: =N69+M69+L69+K69 -> 0 | O69: =S69+R69+Q69+P69 -> 0 | T69: =X69+W69+V69+U69 -> 0 | Y69: =AA69+Z69+AB69 -> 7200000 | Z69: 7200000 | AG69: =AH69+BE69 -> 7200000 | AH69: =AN69+AI69+AS69+AX69+BD69+BB69+BC69 -> 7200000 | AI69: =AM69+AL69+AK69+AJ69 -> 0 | AJ69: 0 | AK69: 0 | AL69: 0 | AM69: 0 | AN69: =AR69+AQ69+AP69+AO69 -> 0 | AO69: 0 | AP69: 0 | AQ69: 0 | AR69: 0 | AS69: =AW69+AV69+AU69+AT69 -> 0 | AT69: 0 | AU69: 0 | AV69: 0 | AW69: 0 | AX69: =AZ69+AY69+BA69 -> 7200000 | AY69: 7200000 | AZ69: 0 | BA69: 0 | BB69: =AC69 -> 0 | BC69: 0 | BD69: =AE69 -> 0 | BG69: =BE69-AF69 -> 0
A70: 62 | B70: 林芝市 | C70: 巴宜区 | D70: 2014 | E70: 林芝县果园改造 | F70: 是 | G70: 是 | H70: =I70+AF70 -> 9568600 | I70: =O70+J70+T70+Y70+AE70+AC70+AD70 -> 9568600 | J70: =N70+M70+L70+K70 -> 0 | O70: =S70+R70+Q70+P70 -> 0 | T70: =X70+W70+V70+U70 -> 0 | Y70: =AA70+Z70+AB70 -> 9568600 | Z70: 9568600 | AG70: =AH70+BE70 -> 9568600 | AH70: =AN70+AI70+AS70+AX70+BD70+BB70+BC70 -> 9568600 | AI70: =AM70+AL70+AK70+AJ70 -> 0 | AJ70: 0 | AK70: 0 | AL70: 0 | AM70: 0 | AN70: =AR70+AQ70+AP70+AO70 -> 0 | AO70: 0 | AP70: 0 | AQ70: 0 | AR70: 0 | AS70: =AW70+AV70+AU70+AT70 -> 0 | AT70: 0 | AU70: 0 | AV70: 0 | AW70: 0 | AX70: =AZ70+AY70+BA70 -> 9568600 | AY70: 9568600 | AZ70: 0 | BA70: 0 | BB70: =AC70 -> 0 | BC70: 0 | BD70: =AE70 -> 0 | BG70: =BE70-AF70 -> 0
A71: 63 | B71: 林芝市 | C71: 巴宜区 | D71: 2014 | E71: 林芝县景区基础配套设施项目 | F71: 是 | G71: 否 | H71: =I71+AF71 -> 13000000 | I71: =O71+J71+T71+Y71+AE71+AC71+AD71 -> 13000000 | J71: =N71+M71+L71+K71 -> 0 | O71: =S71+R71+Q71+P71 -> 0 | T71: =X71+W71+V71+U71 -> 0 | Y71: =AA71+Z71+AB71 -> 13000000 | Z71: 13000000 | AG71: =AH71+BE71 -> 13000000 | AH71: =AN71+AI71+AS71+AX71+BD71+BB71+BC71 -> 13000000 | AI71: =AM71+AL71+AK71+AJ71 -> 0 | AJ71: 0 | AK71: 0 | AL71: 0 | AM71: 0 | AN71: =AR71+AQ71+AP71+AO71 -> 0 | AO71: 0 | AP71: 0 | AQ71: 0 | AR71: 0 | AS71: =AW71+AV71+AU71+AT71 -> 0 | AT71: 0 | AU71: 0 | AV71: 0 | AW71: 0 | AX71: =AZ71+AY71+BA71 -> 13000000 | AY71: 13000000 | AZ71: 0 | BA71: 0 | BB71: =AC71 -> 0 | BC71: 0 | BD71: =AE71 -> 0 | BG71: =BE71-AF71 -> 0
A72: 64 | B72: 林芝市 | C72: 巴宜区 | D72: 2015 | E72: 百巴镇、米瑞乡蔬菜大棚建设项目 | F72: 是 | G72: 是 | H72: =I72+AF72 -> 2260000 | I72: =O72+J72+T72+Y72+AE72+AC72+AD72 -> 2260000 | J72: =N72+M72+L72+K72 -> 2260000 | K72: 2260000 | O72: =S72+R72+Q72+P72 -> 0 | T72: =X72+W72+V72+U72 -> 0 | Y72: =AA72+Z72+AB72 -> 0 | AG72: =AH72+BE72 -> 1849022.2 | AH72: =AN72+AI72+AS72+AX72+BD72+BB72+BC72 -> 1849022.2 | AI72: =AM72+AL72+AK72+AJ72 -> 1849022.2 | AJ72: 1849022.2 | AK72: 0 | AL72: 0 | AM72: 0 | AN72: =AR72+AQ72+AP72+AO72 -> 0 | AO72: 0 | AP72: 0 | AQ72: 0 | AR72: 0 | AS72: =AW72+AV72+AU72+AT72 -> 0 | AT72: 0 | AU72: 0 | AV72: 0 | AW72: 0 | AX72: =AZ72+AY72+BA72 -> 0 | AY72: 0 | AZ72: 0 | BA72: 0 | BB72: =AC72 -> 0 | BC72: 0 | BD72: =AE72 -> 0 | BG72: =BE72-AF72 -> 0
A73: 65 | B73: 林芝市 | C73: 巴宜区 | D73: 2015 | E73: 布久乡朱曲登村牲畜养殖棚圈建设项目 | F73: 是 | G73: 是 | H73: =I73+AF73 -> 1800000 | I73: =O73+J73+T73+Y73+AE73+AC73+AD73 -> 1800000 | J73: =N73+M73+L73+K73 -> 1800000 | K73: 1800000 | O73: =S73+R73+Q73+P73 -> 0 | T73: =X73+W73+V73+U73 -> 0 | Y73: =AA73+Z73+AB73 -> 0 | AG73: =AH73+BE73 -> 1800000 | AH73: =AN73+AI73+AS73+AX73+BD73+BB73+BC73 -> 1800000 | AI73: =AM73+AL73+AK73+AJ73 -> 1800000 | AJ73: 1800000 | AK73: 0 | AL73: 0 | AM73: 0 | AN73: =AR73+AQ73+AP73+AO73 -> 0 | AO73: 0 | AP73: 0 | AQ73: 0 | AR73: 0 | AS73: =AW73+AV73+AU73+AT73 -> 0 | AT73: 0 | AU73: 0 | AV73: 0 | AW73: 0 | AX73: =AZ73+AY73+BA73 -> 0 | AY73: 0 | AZ73: 0 | BA73: 0 | BB73: =AC73 -> 0 | BC73: 0 | BD73: =AE73 -> 0 | BG73: =BE73-AF73 -> 0
A74: 66 | B74: 林芝市 | C74: 巴宜区 | D74: 2015 | E74: 更章乡久巴村水果基地建设项目 | F74: 是 | G74: 是 | H74: =I74+AF74 -> 1500000 | I74: =O74+J74+T74+Y74+AE74+AC74+AD74 -> 1500000 | J74: =N74+M74+L74+K74 -> 1500000 | K74: 1500000 | O74: =S74+R74+Q74+P74 -> 0 | T74: =X74+W74+V74+U74 -> 0 | Y74: =AA74+Z74+AB74 -> 0 | AG74: =AH74+BE74 -> 1500000 | AH74: =AN74+AI74+AS74+AX74+BD74+BB74+BC74 -> 1500000 | AI74: =AM74+AL74+AK74+AJ74 -> 1500000 | AJ74: 1500000 | AK74: 0 | AL74: 0 | AM74: 0 | AN74: =AR74+AQ74+AP74+AO74 -> 0 | AO74: 0 | AP74: 0 | AQ74: 0 | AR74: 0 | AS74: =AW74+AV74+AU74+AT74 -> 0 | AT74: 0 | AU74: 0 | AV74: 0 | AW74: 0 | AX74: =AZ74+AY74+BA74 -> 0 | AY74: 0 | AZ74: 0 | BA74: 0 | BB74: =AC74 -> 0 | BC74: 0 | BD74: =AE74 -> 0 | BG74: =BE74-AF74 -> 0
A75: 67 | B75: 林芝市 | C75: 巴宜区 | D75: 2015 | E75: 米瑞乡色果拉村绵羊养殖基地建设项目 | F75: 是 | G75: 是 | H75: =I75+AF75 -> 800000 | I75: =O75+J75+T75+Y75+AE75+AC75+AD75 -> 800000 | J75: =N75+M75+L75+K75 -> 800000 | K75: 800000 | O75: =S75+R75+Q75+P75 -> 0 | T75: =X75+W75+V75+U75 -> 0 | Y75: =AA75+Z75+AB75 -> 0 | AG75: =AH75+BE75 -> 800000 | AH75: =AN75+AI75+AS75+AX75+BD75+BB75+BC75 -> 800000 | AI75: =AM75+AL75+AK75+AJ75 -> 800000 | AJ75: 800000 | AK75: 0 | AL75: 0 | AM75: 0 | AN75: =AR75+AQ75+AP75+AO75 -> 0 | AO75: 0 | AP75: 0 | AQ75: 0 | AR75: 0 | AS75: =AW75+AV75+AU75+AT75 -> 0 | AT75: 0 | AU75: 0 | AV75: 0 | AW75: 0 | AX75: =AZ75+AY75+BA75 -> 0 | AY75: 0 | AZ75: 0 | BA75: 0 | BB75: =AC75 -> 0 | BC75: 0 | BD75: =AE75 -> 0 | BG75: =BE75-AF75 -> 0
A76: 68 | B76: 林芝市 | C76: 巴宜区 | D76: 2015 | E76: 八一镇拉丁嘎村农田灌溉水渠建设项目 | F76: 是 | G76: 是 | H76: =I76+AF76 -> 500000 | I76: =O76+J76+T76+Y76+AE76+AC76+AD76 -> 500000 | J76: =N76+M76+L76+K76 -> 500000 | K76: 500000 | O76: =S76+R76+Q76+P76 -> 0 | T76: =X76+W76+V76+U76 -> 0 | Y76: =AA76+Z76+AB76 -> 0 | AG76: =AH76+BE76 -> 472500 | AH76: =AN76+AI76+AS76+AX76+BD76+BB76+BC76 -> 472500 | AI76: =AM76+AL76+AK76+AJ76 -> 472500 | AJ76: 472500 | AK76: 0 | AL76: 0 | AM76: 0 | AN76: =AR76+AQ76+AP76+AO76 -> 0 | AO76: 0 | AP76: 0 | AQ76: 0 | AR76: 0 | AS76: =AW76+AV76+AU76+AT76 -> 0 | AT76: 0 | AU76: 0 | AV76: 0 | AW76: 0 | AX76: =AZ76+AY76+BA76 -> 0 | AY76: 0 | AZ76: 0 | BA76: 0 | BB76: =AC76 -> 0 | BC76: 0 | BD76: =AE76 -> 0 | BG76: =BE76-AF76 -> 0
A77: 69 | B77: 林芝市 | C77: 巴宜区 | D77: 2015 | E77: 家庭旅馆和旅游业服务培训 | F77: 否 | G77: / | H77: =I77+AF77 -> 50000 | I77: =O77+J77+T77+Y77+AE77+AC77+AD77 -> 50000 | J77: =N77+M77+L77+K77 -> 50000 | K77: 50000 | O77: =S77+R77+Q77+P77 -> 0 | T77: =X77+W77+V77+U77 -> 0 | Y77: =AA77+Z77+AB77 -> 0 | AG77: =AH77+BE77 -> 50000 | AH77: =AN77+AI77+AS77+AX77+BD77+BB77+BC77 -> 50000 | AI77: =AM77+AL77+AK77+AJ77 -> 50000 | AJ77: 50000 | AK77: 0 | AL77: 0 | AM77: 0 | AN77: =AR77+AQ77+AP77+AO77 -> 0 | AO77: 0 | AP77: 0 | AQ77: 0 | AR77: 0 | AS77: =AW77+AV77+AU77+AT77 -> 0 | AT77: 0 | AU77: 0 | AV77: 0 | AW77: 0 | AX77: =AZ77+AY77+BA77 -> 0 | AY77: 0 | AZ77: 0 | BA77: 0 | BB77: =AC77 -> 0 | BC77: 0 | BD77: =AE77 -> 0 | BG77: =BE77-AF77 -> 0
A78: 70 | B78: 林芝市 | C78: 巴宜区 | D78: 2015 | E78: 米瑞乡泽列村藏香猪养殖项目 | F78: 是 | G78: 是 | H78: =I78+AF78 -> 250000 | I78: =O78+J78+T78+Y78+AE78+AC78+AD78 -> 250000 | J78: =N78+M78+L78+K78 -> 250000 | K78: 250000 | O78: =S78+R78+Q78+P78 -> 0 | T78: =X78+W78+V78+U78 -> 0 | Y78: =AA78+Z78+AB78 -> 0 | AG78: =AH78+BE78 -> 250000 | AH78: =AN78+AI78+AS78+AX78+BD78+BB78+BC78 -> 250000 | AI78: =AM78+AL78+AK78+AJ78 -> 250000 | AJ78: 250000 | AK78: 0 | AL78: 0 | AM78: 0 | AN78: =AR78+AQ78+AP78+AO78 -> 0 | AO78: 0 | AP78: 0 | AQ78: 0 | AR78: 0 | AS78: =AW78+AV78+AU78+AT78 -> 0 | AT78: 0 | AU78: 0 | AV78: 0 | AW78: 0 | AX78: =AZ78+AY78+BA78 -> 0 | AY78: 0 | AZ78: 0 | BA78: 0 | BB78: =AC78 -> 0 | BC78: 0 | BD78: =AE78 -> 0 | BG78: =BE78-AF78 -> 0
A79: 71 | B79: 林芝市 | C79: 巴宜区 | D79: 2015 | E79: 八一镇永久村牲畜养殖项目 | F79: 是 | G79: 是 | H79: =I79+AF79 -> 400000 | I79: =O79+J79+T79+Y79+AE79+AC79+AD79 -> 400000 | J79: =N79+M79+L79+K79 -> 400000 | K79: 400000 | O79: =S79+R79+Q79+P79 -> 0 | T79: =X79+W79+V79+U79 -> 0 | Y79: =AA79+Z79+AB79 -> 0 | AG79: =AH79+BE79 -> 400000 | AH79: =AN79+AI79+AS79+AX79+BD79+BB79+BC79 -> 400000 | AI79: =AM79+AL79+AK79+AJ79 -> 400000 | AJ79: 400000 | AK79: 0 | AL79: 0 | AM79: 0 | AN79: =AR79+AQ79+AP79+AO79 -> 0 | AO79: 0 | AP79: 0 | AQ79: 0 | AR79: 0 | AS79: =AW79+AV79+AU79+AT79 -> 0 | AT79: 0 | AU79: 0 | AV79: 0 | AW79: 0 | AX79: =AZ79+AY79+BA79 -> 0 | AY79: 0 | AZ79: 0 | BA79: 0 | BB79: =AC79 -> 0 | BC79: 0 | BD79: =AE79 -> 0 | BG79: =BE79-AF79 -> 0
A80: 72 | B80: 林芝市 | C80: 巴宜区 | D80: 2015 | E80: 鲁朗镇拉月温泉建设项目 | F80: 是 | G80: 是 | H80: =I80+AF80 -> 750000 | I80: =O80+J80+T80+Y80+AE80+AC80+AD80 -> 750000 | J80: =N80+M80+L80+K80 -> 750000 | K80: 750000 | O80: =S80+R80+Q80+P80 -> 0 | T80: =X80+W80+V80+U80 -> 0 | Y80: =AA80+Z80+AB80 -> 0 | AG80: =AH80+BE80 -> 750000 | AH80: =AN80+AI80+AS80+AX80+BD80+BB80+BC80 -> 750000 | AI80: =AM80+AL80+AK80+AJ80 -> 750000 | AJ80: 750000 | AK80: 0 | AL80: 0 | AM80: 0 | AN80: =AR80+AQ80+AP80+AO80 -> 0 | AO80: 0 | AP80: 0 | AQ80: 0 | AR80: 0 | AS80: =AW80+AV80+AU80+AT80 -> 0 | AT80: 0 | AU80: 0 | AV80: 0 | AW80: 0 | AX80: =AZ80+AY80+BA80 -> 0 | AY80: 0 | AZ80: 0 | BA80: 0 | BB80: =AC80 -> 0 | BC80: 0 | BD80: =AE80 -> 0 | BG80: =BE80-AF80 -> 0
A81: 73 | B81: 林芝市 | C81: 巴宜区 | D81: 2015 | E81: 米瑞乡朗乃村果树种植项目 | F81: 是 | G81: 是 | H81: =I81+AF81 -> 650000 | I81: =O81+J81+T81+Y81+AE81+AC81+AD81 -> 650000 | J81: =N81+M81+L81+K81 -> 650000 | K81: 650000 | O81: =S81+R81+Q81+P81 -> 0 | T81: =X81+W81+V81+U81 -> 0 | Y81: =AA81+Z81+AB81 -> 0 | AG81: =AH81+BE81 -> 630340 | AH81: =AN81+AI81+AS81+AX81+BD81+BB81+BC81 -> 630340 | AI81: =AM81+AL81+AK81+AJ81 -> 630340 | AJ81: 630340 | AK81: 0 | AL81: 0 | AM81: 0 | AN81: =AR81+AQ81+AP81+AO81 -> 0 | AO81: 0 | AP81: 0 | AQ81: 0 | AR81: 0 | AS81: =AW81+AV81+AU81+AT81 -> 0 | AT81: 0 | AU81: 0 | AV81: 0 | AW81: 0 | AX81: =AZ81+AY81+BA81 -> 0 | AY81: 0 | AZ81: 0 | BA81: 0 | BB81: =AC81 -> 0 | BC81: 0 | BD81: =AE81 -> 0 | BG81: =BE81-AF81 -> 0
A82: 74 | B82: 林芝市 | C82: 巴宜区 | D82: 2015 | E82: 布久乡简切村民俗旅游接待中心 | F82: 是 | G82: 是 | H82: =I82+AF82 -> 3500000 | I82: =O82+J82+T82+Y82+AE82+AC82+AD82 -> 3500000 | J82: =N82+M82+L82+K82 -> 3500000 | K82: 3000000 | M82: 500000 | O82: =S82+R82+Q82+P82 -> 0 | T82: =X82+W82+V82+U82 -> 0 | Y82: =AA82+Z82+AB82 -> 0 | AG82: =AH82+BE82 -> 3429476.2 | AH82: =AN82+AI82+AS82+AX82+BD82+BB82+BC82 -> 3429476.2 | AI82: =AM82+AL82+AK82+AJ82 -> 3429476.2 | AJ82: 3000000 | AK82: 0 | AL82: =3429476.18-3000000 -> 429476.18 | AM82: 0 | AN82: =AR82+AQ82+AP82+AO82 -> 0 | AO82: 0 | AP82: 0 | AQ82: 0 | AR82: 0 | AS82: =AW82+AV82+AU82+AT82 -> 0 | AT82: 0 | AU82: 0 | AV82: 0 | AW82: 0 | AX82: =AZ82+AY82+BA82 -> 0 | AY82: 0 | AZ82: 0 | BA82: 0 | BB82: =AC82 -> 0 | BC82: 0 | BD82: =AE82 -> 0 | BG82: =BE82-AF82 -> 0
A83: 75 | B83: 林芝市 | C83: 巴宜区 | D83: 2015 | E83: 布久乡简切村果树种植项目 | F83: 是 | G83: 是 | H83: =I83+AF83 -> 500000 | I83: =O83+J83+T83+Y83+AE83+AC83+AD83 -> 500000 | J83: =N83+M83+L83+K83 -> 500000 | N83: 500000 | O83: =S83+R83+Q83+P83 -> 0 | T83: =X83+W83+V83+U83 -> 0 | Y83: =AA83+Z83+AB83 -> 0 | AG83: =AH83+BE83 -> 500000 | AH83: =AN83+AI83+AS83+AX83+BD83+BB83+BC83 -> 500000 | AI83: =AM83+AL83+AK83+AJ83 -> 500000 | AJ83: 0 | AK83: 0 | AL83: 0 | AM83: 500000 | AN83: =AR83+AQ83+AP83+AO83 -> 0 | AO83: 0 | AP83: 0 | AQ83: 0 | AR83: 0 | AS83: =AW83+AV83+AU83+AT83 -> 0 | AT83: 0 | AU83: 0 | AV83: 0 | AW83: 0 | AX83: =AZ83+AY83+BA83 -> 0 | AY83: 0 | AZ83: 0 | BA83: 0 | BB83: =AC83 -> 0 | BC83: 0 | BD83: =AE83 -> 0 | BG83: =BE83-AF83 -> 0
A84: 76 | B84: 林芝市 | C84: 巴宜区 | D84: 2015 | E84: 八一镇公众村玫瑰种植项目 | F84: 是 | G84: 是 | H84: =I84+AF84 -> 2700000 | I84: =O84+J84+T84+Y84+AE84+AC84+AD84 -> 2700000 | J84: =N84+M84+L84+K84 -> 2700000 | K84: 1700000 | M84: 500000 | N84: 500000 | O84: =S84+R84+Q84+P84 -> 0 | T84: =X84+W84+V84+U84 -> 0 | Y84: =AA84+Z84+AB84 -> 0 | AG84: =AH84+BE84 -> 2700000 | AH84: =AN84+AI84+AS84+AX84+BD84+BB84+BC84 -> 2700000 | AI84: =AM84+AL84+AK84+AJ84 -> 2700000 | AJ84: 1700000 | AK84: 0 | AL84: 500000 | AM84: 500000 | AN84: =AR84+AQ84+AP84+AO84 -> 0 | AO84: 0 | AP84: 0 | AQ84: 0 | AR84: 0 | AS84: =AW84+AV84+AU84+AT84 -> 0 | AT84: 0 | AU84: 0 | AV84: 0 | AW84: 0 | AX84: =AZ84+AY84+BA84 -> 0 | AY84: 0 | AZ84: 0 | BA84: 0 | BB84: =AC84 -> 0 | BC84: 0 | BD84: =AE84 -> 0 | BG84: =BE84-AF84 -> 0
A85: 77 | B85: 林芝市 | C85: 巴宜区 | D85: 2015 | E85: 八一镇公众村果树种植项目 | F85: 是 | G85: 是 | H85: =I85+AF85 -> 1300000 | I85: =O85+J85+T85+Y85+AE85+AC85+AD85 -> 1300000 | J85: =N85+M85+L85+K85 -> 1300000 | K85: 1300000 | O85: =S85+R85+Q85+P85 -> 0 | T85: =X85+W85+V85+U85 -> 0 | Y85: =AA85+Z85+AB85 -> 0 | AG85: =AH85+BE85 -> 1300000 | AH85: =AN85+AI85+AS85+AX85+BD85+BB85+BC85 -> 1300000 | AI85: =AM85+AL85+AK85+AJ85 -> 1300000 | AJ85: 1300000 | AK85: 0 | AL85: 0 | AM85: 0 | AN85: =AR85+AQ85+AP85+AO85 -> 0 | AO85: 0 | AP85: 0 | AQ85: 0 | AR85: 0 | AS85: =AW85+AV85+AU85+AT85 -> 0 | AT85: 0 | AU85: 0 | AV85: 0 | AW85: 0 | AX85: =AZ85+AY85+BA85 -> 0 | AY85: 0 | AZ85: 0 | BA85: 0 | BB85: =AC85 -> 0 | BC85: 0 | BD85: =AE85 -> 0 | BG85: =BE85-AF85 -> 0
A86: 78 | B86: 林芝市 | C86: 巴宜区 | D86: 2015 | E86: 林芝镇卡斯木村氆氇加工厂建设项目 | F86: 是 | G86: 是 | H86: =I86+AF86 -> 300000 | I86: =O86+J86+T86+Y86+AE86+AC86+AD86 -> 300000 | J86: =N86+M86+L86+K86 -> 300000 | K86: 300000 | O86: =S86+R86+Q86+P86 -> 0 | T86: =X86+W86+V86+U86 -> 0 | Y86: =AA86+Z86+AB86 -> 0 | AG86: =AH86+BE86 -> 300000 | AH86: =AN86+AI86+AS86+AX86+BD86+BB86+BC86 -> 300000 | AI86: =AM86+AL86+AK86+AJ86 -> 300000 | AJ86: 300000 | AK86: 0 | AL86: 0 | AM86: 0 | AN86: =AR86+AQ86+AP86+AO86 -> 0 | AO86: 0 | AP86: 0 | AQ86: 0 | AR86: 0 | AS86: =AW86+AV86+AU86+AT86 -> 0 | AT86: 0 | AU86: 0 | AV86: 0 | AW86: 0 | AX86: =AZ86+AY86+BA86 -> 0 | AY86: 0 | AZ86: 0 | BA86: 0 | BB86: =AC86 -> 0 | BC86: 0 | BD86: =AE86 -> 0 | BG86: =BE86-AF86 -> 0
A87: 79 | B87: 林芝市 | C87: 巴宜区 | D87: 2015 | E87: 更张乡更张村天麻种植项目 | F87: 是 | G87: 是 | H87: =I87+AF87 -> 300000 | I87: =O87+J87+T87+Y87+AE87+AC87+AD87 -> 300000 | J87: =N87+M87+L87+K87 -> 300000 | K87: 300000 | O87: =S87+R87+Q87+P87 -> 0 | T87: =X87+W87+V87+U87 -> 0 | Y87: =AA87+Z87+AB87 -> 0 | AG87: =AH87+BE87 -> 299870 | AH87: =AN87+AI87+AS87+AX87+BD87+BB87+BC87 -> 299870 | AI87: =AM87+AL87+AK87+AJ87 -> 299870 | AJ87: 299870 | AK87: 0 | AL87: 0 | AM87: 0 | AN87: =AR87+AQ87+AP87+AO87 -> 0 | AO87: 0 | AP87: 0 | AQ87: 0 | AR87: 0 | AS87: =AW87+AV87+AU87+AT87 -> 0 | AT87: 0 | AU87: 0 | AV87: 0 | AW87: 0 | AX87: =AZ87+AY87+BA87 -> 0 | AY87: 0 | AZ87: 0 | BA87: 0 | BB87: =AC87 -> 0 | BC87: 0 | BD87: =AE87 -> 0 | BG87: =BE87-AF87 -> 0
A88: 80 | B88: 林芝市 | C88: 巴宜区 | D88: 2015 | E88: 百巴镇打麦场建设项目 | F88: 是 | G88: 是 | H88: =I88+AF88 -> 300000 | I88: =O88+J88+T88+Y88+AE88+AC88+AD88 -> 300000 | J88: =N88+M88+L88+K88 -> 300000 | K88: 300000 | O88: =S88+R88+Q88+P88 -> 0 | T88: =X88+W88+V88+U88 -> 0 | Y88: =AA88+Z88+AB88 -> 0 | AG88: =AH88+BE88 -> 300000 | AH88: =AN88+AI88+AS88+AX88+BD88+BB88+BC88 -> 300000 | AI88: =AM88+AL88+AK88+AJ88 -> 300000 | AJ88: 300000 | AK88: 0 | AL88: 0 | AM88: 0 | AN88: =AR88+AQ88+AP88+AO88 -> 0 | AO88: 0 | AP88: 0 | AQ88: 0 | AR88: 0 | AS88: =AW88+AV88+AU88+AT88 -> 0 | AT88: 0 | AU88: 0 | AV88: 0 | AW88: 0 | AX88: =AZ88+AY88+BA88 -> 0 | AY88: 0 | AZ88: 0 | BA88: 0 | BB88: =AC88 -> 0 | BC88: 0 | BD88: =AE88 -> 0 | BG88: =BE88-AF88 -> 0
A89: 81 | B89: 林芝市 | C89: 巴宜区 | D89: 2015 | E89: 麦娘麦村藏猪养殖项目 | F89: 是 | G89: 是 | H89: =I89+AF89 -> 400000 | I89: =O89+J89+T89+Y89+AE89+AC89+AD89 -> 400000 | J89: =N89+M89+L89+K89 -> 400000 | K89: 400000 | O89: =S89+R89+Q89+P89 -> 0 | T89: =X89+W89+V89+U89 -> 0 | Y89: =AA89+Z89+AB89 -> 0 | AG89: =AH89+BE89 -> 400000 | AH89: =AN89+AI89+AS89+AX89+BD89+BB89+BC89 -> 400000 | AI89: =AM89+AL89+AK89+AJ89 -> 400000 | AJ89: 400000 | AK89: 0 | AL89: 0 | AM89: 0 | AN89: =AR89+AQ89+AP89+AO89 -> 0 | AO89: 0 | AP89: 0 | AQ89: 0 | AR89: 0 | AS89: =AW89+AV89+AU89+AT89 -> 0 | AT89: 0 | AU89: 0 | AV89: 0 | AW89: 0 | AX89: =AZ89+AY89+BA89 -> 0 | AY89: 0 | AZ89: 0 | BA89: 0 | BB89: =AC89 -> 0 | BC89: 0 | BD89: =AE89 -> 0 | BG89: =BE89-AF89 -> 0
A90: 82 | B90: 林芝市 | C90: 巴宜区 | D90: 2015 | E90: 米瑞乡曲尼贡嘎村民房维修 | F90: 是 | G90: 否 | H90: =I90+AF90 -> 50000 | I90: =O90+J90+T90+Y90+AE90+AC90+AD90 -> 50000 | J90: =N90+M90+L90+K90 -> 50000 | K90: 50000 | O90: =S90+R90+Q90+P90 -> 0 | T90: =X90+W90+V90+U90 -> 0 | Y90: =AA90+Z90+AB90 -> 0 | AG90: =AH90+BE90 -> 50000 | AH90: =AN90+AI90+AS90+AX90+BD90+BB90+BC90 -> 50000 | AI90: =AM90+AL90+AK90+AJ90 -> 50000 | AJ90: 50000 | AK90: 0 | AL90: 0 | AM90: 0 | AN90: =AR90+AQ90+AP90+AO90 -> 0 | AO90: 0 | AP90: 0 | AQ90: 0 | AR90: 0 | AS90: =AW90+AV90+AU90+AT90 -> 0 | AT90: 0 | AU90: 0 | AV90: 0 | AW90: 0 | AX90: =AZ90+AY90+BA90 -> 0 | AY90: 0 | AZ90: 0 | BA90: 0 | BB90: =AC90 -> 0 | BC90: 0 | BD90: =AE90 -> 0 | BG90: =BE90-AF90 -> 0
A91: 83 | B91: 林芝市 | C91: 巴宜区 | D91: 2015 | E91: 百巴镇连别村精准扶贫项目 | F91: 是 | G91: 是 | H91: =I91+AF91 -> 1550000 | I91: =O91+J91+T91+Y91+AE91+AC91+AD91 -> 1550000 | J91: =N91+M91+L91+K91 -> 1550000 | K91: 1550000 | O91: =S91+R91+Q91+P91 -> 0 | T91: =X91+W91+V91+U91 -> 0 | Y91: =AA91+Z91+AB91 -> 0 | AG91: =AH91+BE91 -> 1550000 | AH91: =AN91+AI91+AS91+AX91+BD91+BB91+BC91 -> 1550000 | AI91: =AM91+AL91+AK91+AJ91 -> 1550000 | AJ91: 1550000 | AK91: 0 | AL91: 0 | AM91: 0 | AN91: =AR91+AQ91+AP91+AO91 -> 0 | AO91: 0 | AP91: 0 | AQ91: 0 | AR91: 0 | AS91: =AW91+AV91+AU91+AT91 -> 0 | AT91: 0 | AU91: 0 | AV91: 0 | AW91: 0 | AX91: =AZ91+AY91+BA91 -> 0 | AY91: 0 | AZ91: 0 | BA91: 0 | BB91: =AC91 -> 0 | BC91: 0 | BD91: =AE91 -> 0 | BG91: =BE91-AF91 -> 0
A92: 84 | B92: 林芝市 | C92: 巴宜区 | D92: 2015 | E92: 林芝县更章乡久巴村小康示范村建设项目 | F92: 是 | G92: 否 | H92: =I92+AF92 -> 2591200 | I92: =O92+J92+T92+Y92+AE92+AC92+AD92 -> 2591200 | J92: =N92+M92+L92+K92 -> 0 | O92: =S92+R92+Q92+P92 -> 0 | T92: =X92+W92+V92+U92 -> 0 | Y92: =AA92+Z92+AB92 -> 2591200 | Z92: 2591200 | AG92: =AH92+BE92 -> 2591200 | AH92: =AN92+AI92+AS92+AX92+BD92+BB92+BC92 -> 2591200 | AI92: =AM92+AL92+AK92+AJ92 -> 0 | AJ92: 0 | AK92: 0 | AL92: 0 | AM92: 0 | AN92: =AR92+AQ92+AP92+AO92 -> 0 | AO92: 0 | AP92: 0 | AQ92: 0 | AR92: 0 | AS92: =AW92+AV92+AU92+AT92 -> 0 | AT92: 0 | AU92: 0 | AV92: 0 | AW92: 0 | AX92: =AZ92+AY92+BA92 -> 2591200 | AY92: 2591200 | AZ92: 0 | BA92: 0 | BB92: =AC92 -> 0 | BC92: 0 | BD92: =AE92 -> 0 | BG92: =BE92-AF92 -> 0
A93: 85 | B93: 林芝市 | C93: 巴宜区 | D93: 2015 | E93: 林芝县八一镇拉丁嘎村小康示范村建设项目 | F93: 是 | G93: 否 | H93: =I93+AF93 -> 3007100 | I93: =O93+J93+T93+Y93+AE93+AC93+AD93 -> 3007100 | J93: =N93+M93+L93+K93 -> 407100 | N93: =(300.71-260)*10000 -> 407100 | O93: =S93+R93+Q93+P93 -> 0 | T93: =X93+W93+V93+U93 -> 0 | Y93: =AA93+Z93+AB93 -> 2600000 | Z93: 2600000 | AG93: =AH93+BE93 -> 3007100 | AH93: =AN93+AI93+AS93+AX93+BD93+BB93+BC93 -> 3007100 | AI93: =AM93+AL93+AK93+AJ93 -> 407100 | AJ93: 0 | AK93: 0 | AL93: 0 | AM93: =(300.71-260)*10000 -> 407100 | AN93: =AR93+AQ93+AP93+AO93 -> 0 | AO93: 0 | AP93: 0 | AQ93: 0 | AR93: 0 | AS93: =AW93+AV93+AU93+AT93 -> 0 | AT93: 0 | AU93: 0 | AV93: 0 | AW93: 0 | AX93: =AZ93+AY93+BA93 -> 2600000 | AY93: 2600000 | AZ93: 0 | BA93: 0 | BB93: =AC93 -> 0 | BC93: 0 | BD93: =AE93 -> 0 | BG93: =BE93-AF93 -> 0
A94: 86 | B94: 林芝市 | C94: 巴宜区 | D94: 2015 | E94: 林芝县米瑞乡色果拉村小康示范村建设项目 | F94: 是 | G94: 否 | H94: =I94+AF94 -> 3009900 | I94: =O94+J94+T94+Y94+AE94+AC94+AD94 -> 3009900 | J94: =N94+M94+L94+K94 -> 409900 | N94: =(300.99-260)*10000 -> 409900 | O94: =S94+R94+Q94+P94 -> 0 | T94: =X94+W94+V94+U94 -> 0 | Y94: =AA94+Z94+AB94 -> 2600000 | Z94: 2600000 | AG94: =AH94+BE94 -> 3009900 | AH94: =AN94+AI94+AS94+AX94+BD94+BB94+BC94 -> 3009900 | AI94: =AM94+AL94+AK94+AJ94 -> 409900 | AJ94: 0 | AK94: 0 | AL94: 0 | AM94: =(300.99-260)*10000 -> 409900 | AN94: =AR94+AQ94+AP94+AO94 -> 0 | AO94: 0 | AP94: 0 | AQ94: 0 | AR94: 0 | AS94: =AW94+AV94+AU94+AT94 -> 0 | AT94: 0 | AU94: 0 | AV94: 0 | AW94: 0 | AX94: =AZ94+AY94+BA94 -> 2600000 | AY94: 2600000 | AZ94: 0 | BA94: 0 | BB94: =AC94 -> 0 | BC94: 0 | BD94: =AE94 -> 0 | BG94: =BE94-AF94 -> 0
A95: 87 | B95: 林芝市 | C95: 巴宜区 | D95: 2015 | E95: 林芝县八一镇公众村小康示范村建设项目 | F95: 是 | G95: 否 | H95: =I95+AF95 -> 3004000 | I95: =O95+J95+T95+Y95+AE95+AC95+AD95 -> 3004000 | J95: =N95+M95+L95+K95 -> 404000 | N95: =(300.4-260)*10000 -> 404000 | O95: =S95+R95+Q95+P95 -> 0 | T95: =X95+W95+V95+U95 -> 0 | Y95: =AA95+Z95+AB95 -> 2600000 | Z95: 2600000 | AG95: =AH95+BE95 -> 3004000 | AH95: =AN95+AI95+AS95+AX95+BD95+BB95+BC95 -> 3004000 | AI95: =AM95+AL95+AK95+AJ95 -> 404000 | AJ95: 0 | AK95: 0 | AL95: 0 | AM95: =(300.4-260)*10000 -> 404000 | AN95: =AR95+AQ95+AP95+AO95 -> 0 | AO95: 0 | AP95: 0 | AQ95: 0 | AR95: 0 | AS95: =AW95+AV95+AU95+AT95 -> 0 | AT95: 0 | AU95: 0 | AV95: 0 | AW95: 0 | AX95: =AZ95+AY95+BA95 -> 2600000 | AY95: 2600000 | AZ95: 0 | BA95: 0 | BB95: =AC95 -> 0 | BC95: 0 | BD95: =AE95 -> 0 | BG95: =BE95-AF95 -> 0
A96: 88 | B96: 林芝市 | C96: 巴宜区 | D96: 2015 | E96: 林芝县更章乡扎地村小康示范村建设项目 | F96: 是 | G96: 否 | H96: =I96+AF96 -> 2987800 | I96: =O96+J96+T96+Y96+AE96+AC96+AD96 -> 2987800 | J96: =N96+M96+L96+K96 -> 387800 | N96: =(298.78-260)*10000 -> 387800 | O96: =S96+R96+Q96+P96 -> 0 | T96: =X96+W96+V96+U96 -> 0 | Y96: =AA96+Z96+AB96 -> 2600000 | Z96: 2600000 | AG96: =AH96+BE96 -> 2987800 | AH96: =AN96+AI96+AS96+AX96+BD96+BB96+BC96 -> 2987800 | AI96: =AM96+AL96+AK96+AJ96 -> 387800 | AJ96: 0 | AK96: 0 | AL96: 0 | AM96: =(298.78-260)*10000 -> 387800 | AN96: =AR96+AQ96+AP96+AO96 -> 0 | AO96: 0 | AP96: 0 | AQ96: 0 | AR96: 0 | AS96: =AW96+AV96+AU96+AT96 -> 0 | AT96: 0 | AU96: 0 | AV96: 0 | AW96: 0 | AX96: =AZ96+AY96+BA96 -> 2600000 | AY96: 2600000 | AZ96: 0 | BA96: 0 | BB96: =AC96 -> 0 | BC96: 0 | BD96: =AE96 -> 0 | BG96: =BE96-AF96 -> 0
A97: 89 | B97: 林芝市 | C97: 巴宜区 | D97: 2015 | E97: 林芝县林芝镇真巴（嘎拉）村小康示范村建设项目 | F97: 是 | G97: 否 | H97: =I97+AF97 -> 2105900 | I97: =O97+J97+T97+Y97+AE97+AC97+AD97 -> 2105900 | J97: =N97+M97+L97+K97 -> 0 | O97: =S97+R97+Q97+P97 -> 0 | T97: =X97+W97+V97+U97 -> 0 | Y97: =AA97+Z97+AB97 -> 2105900 | Z97: 2105900 | AG97: =AH97+BE97 -> 2105900 | AH97: =AN97+AI97+AS97+AX97+BD97+BB97+BC97 -> 2105900 | AI97: =AM97+AL97+AK97+AJ97 -> 0 | AJ97: 0 | AK97: 0 | AL97: 0 | AM97: 0 | AN97: =AR97+AQ97+AP97+AO97 -> 0 | AO97: 0 | AP97: 0 | AQ97: 0 | AR97: 0 | AS97: =AW97+AV97+AU97+AT97 -> 0 | AT97: 0 | AU97: 0 | AV97: 0 | AW97: 0 | AX97: =AZ97+AY97+BA97 -> 2105900 | AY97: 2105900 | AZ97: 0 | BA97: 0 | BB97: =AC97 -> 0 | BC97: 0 | BD97: =AE97 -> 0 | BG97: =BE97-AF97 -> 0
A98: 90 | B98: 林芝市 | C98: 巴宜区 | D98: 2015 | E98: 林芝县林芝镇卡斯木村小康示范村建设项目 | F98: 是 | G98: 否 | H98: =I98+AF98 -> 3002000 | I98: =O98+J98+T98+Y98+AE98+AC98+AD98 -> 3002000 | J98: =N98+M98+L98+K98 -> 402000 | N98: =(300.2-260)*10000 -> 402000 | O98: =S98+R98+Q98+P98 -> 0 | T98: =X98+W98+V98+U98 -> 0 | Y98: =AA98+Z98+AB98 -> 2600000 | Z98: 2600000 | AG98: =AH98+BE98 -> 3002000 | AH98: =AN98+AI98+AS98+AX98+BD98+BB98+BC98 -> 3002000 | AI98: =AM98+AL98+AK98+AJ98 -> 402000 | AJ98: 0 | AK98: 0 | AL98: 0 | AM98: =(300.2-260)*10000 -> 402000 | AN98: =AR98+AQ98+AP98+AO98 -> 0 | AO98: 0 | AP98: 0 | AQ98: 0 | AR98: 0 | AS98: =AW98+AV98+AU98+AT98 -> 0 | AT98: 0 | AU98: 0 | AV98: 0 | AW98: 0 | AX98: =AZ98+AY98+BA98 -> 2600000 | AY98: 2600000 | AZ98: 0 | BA98: 0 | BB98: =AC98 -> 0 | BC98: 0 | BD98: =AE98 -> 0 | BG98: =BE98-AF98 -> 0
A99: 91 | B99: 林芝市 | C99: 巴宜区 | D99: 2015 | E99: 林芝县农家乐家庭旅馆建设 | F99: 是 | G99: 是 | H99: =I99+AF99 -> 2999700 | I99: =O99+J99+T99+Y99+AE99+AC99+AD99 -> 2999700 | J99: =N99+M99+L99+K99 -> 0 | O99: =S99+R99+Q99+P99 -> 0 | T99: =X99+W99+V99+U99 -> 0 | Y99: =AA99+Z99+AB99 -> 2999700 | Z99: 2999700 | AG99: =AH99+BE99 -> 2999700 | AH99: =AN99+AI99+AS99+AX99+BD99+BB99+BC99 -> 2999700 | AI99: =AM99+AL99+AK99+AJ99 -> 0 | AJ99: 0 | AK99: 0 | AL99: 0 | AM99: 0 | AN99: =AR99+AQ99+AP99+AO99 -> 0 | AO99: 0 | AP99: 0 | AQ99: 0 | AR99: 0 | AS99: =AW99+AV99+AU99+AT99 -> 0 | AT99: 0 | AU99: 0 | AV99: 0 | AW99: 0 | AX99: =AZ99+AY99+BA99 -> 2999700 | AY99: 2999700 | AZ99: 0 | BA99: 0 | BB99: =AC99 -> 0 | BC99: 0 | BD99: =AE99 -> 0 | BG99: =BE99-AF99 -> 0
A100: 92 | B100: 林芝市 | C100: 巴宜区 | D100: 2016 | E100: 鲁朗镇扎西岗村、罗布村洗车场建设项目 | F100: 是 | G100: 是 | H100: =I100+AF100 -> 191300 | I100: =O100+J100+T100+Y100+AE100+AC100+AD100 -> 191300 | J100: =N100+M100+L100+K100 -> 0 | O100: =S100+R100+Q100+P100 -> 191300 | S100: 191300 | T100: =X100+W100+V100+U100 -> 0 | Y100: =AA100+Z100+AB100 -> 0 | AG100: =AH100+BE100 -> 162370.28 | AH100: =AN100+AI100+AS100+AX100+BD100+BB100+BC100 -> 162370.28 | AI100: =AM100+AL100+AK100+AJ100 -> 0 | AJ100: 0 | AK100: 0 | AL100: 0 | AM100: 0 | AN100: =AR100+AQ100+AP100+AO100 -> 162370.28 | AO100: 0 | AP100: 0 | AQ100: 0 | AR100: 162370.28 | AS100: =AW100+AV100+AU100+AT100 -> 0 | AT100: 0 | AU100: 0 | AV100: 0 | AW100: 0 | AX100: =AZ100+AY100+BA100 -> 0 | AY100: 0 | AZ100: 0 | BA100: 0 | BB100: =AC100 -> 0 | BC100: 0 | BD100: =AE100 -> 0 | BG100: =BE100-AF100 -> 0
...

Sheet 附件3
A1: 西藏自治区林芝市帮扶产业项目总台账
A2: 项目 编号 | B2: 项目 地市 | C2: 项目 县区 | D2: 项目 年度 | E2: 项目 名称 | F2: 项目申报主体 | G2: 项目实施地点 | H2: 项目主要建设内容 | J2: 计划投资（万元） | M2: 实际投资（万元） | P2: 项目 分类情况 | Q2: 项目所属产业分类 | R2: 产业“四个一批”分类 | S2: 经营性项目“四个一批”分类 | T2: 项目运营情况 | U2: 项目运营模式 | V2: 项目经营主体 | X2: 项目联农带农协议签订情况 | Y2: 项目联农带农协议签订时间 | Z2: 项目联农带农协议签订年限 | AA2: 项目联农带农协议主要内容 | AB2: 项目累计分红金额 （元） | AC2: 项目累计带动就业人数 （人） | AD2: 项目归口行业单位名称 | AE2: 备注
J3: 合计 | K3: 政策性资金 （同表2政策性资金合计数） | L3: 其他渠道资金 （如企业自筹、信贷资金等非政策性资金，同表2） | M3: 合计 | N3: 政策性资金 （同表2政策性资金合计数） | O3: 其他渠道资金 （如企业自筹、信贷资金等非政策性资金，同表2） | V3: 经营主体类别 | W3: 名称
A4: 填表说明：根据指南编码规则编号 | D4: 以项目批复中对应内容为准 | G4: 以项目批复中项目实施地点为准，例：XX乡（镇）XX 村（居） | H4: 以项目竣工决算中项目主要建设内容为准 | J4: 与表2数据一致 （保留小数点后面2位） | M4: 与表2数据一致 （保留小数点后面2位） | P4: 在“经营类、公益类、到户类“中选择 | Q4: 在“青稞、小麦、饲料、牦牛、乳、羊、猪、鸡、蜂、鱼虾、藏药、茶、葡萄、苹果、猕猴桃、设施农业、乡村旅游、商贸流通、其他”中选择 | R4: 在“巩固、升级、盘活、调整”中选择 | S4: 在“巩固、升级、盘活、调整”中选择，仅经营类项目填写 | T4: 根据实际情况填写“是/否” | U4: 在“自主运营、合作运营、委托运营“中选择 | V4: 在“农村集体经济组织、农牧民专业合作社、农户、国企、私企、个体工商户、其他”中选择 | X4: 根据实际情况填写“是/否” | Y4: 例：2022.09 | Z4: 例：10年 | AA4: 例：该项目带动建档立卡群众不低于23户79人增收，分红金额不低于500元/人/年 | AD4: 以项目实施内容对应行业单位为准 | AG4: 经营主体 | AH4: 经营权主体 | AI4: 备注
A5: 540624201317001 | B5: 林芝市 | C5: 巴宜区 | D5: 2013 | E5: 鲁朗镇扎西岗旅游合作社接待中心建设项目 | F5: 巴宜区扶贫办 | G5: 鲁朗镇扎西岗村 | H5: 建设一个占地面积270平米集办公、接待、就餐、洗浴为一体的旅游接待中心,配套家庭旅馆消毒设备。 | J5: 90 | K5: 90 | L5: 0 | M5: 89.186758 | N5: 89.186758 | O5: 0 | P5: 经营类 | Q5: 乡村旅游 | R5: 巩固 | S5: 盘活 | T5: 否 | U5: 自主运营 | V5: 农村集体经济组织 | W5: 林芝市巴宜区鲁朗镇扎西岗村股份经济合作联合社 | X5: 否 | Y5: - | Z5: - | AA5: - | AB5: 80000 | AC5: 2 | AD5: 巴宜区农业农村局 | AG5: 林芝市巴宜区鲁朗镇扎西岗村股份经济合作联合社 | AH5: 林芝市巴宜区鲁朗镇扎西岗村股份经济合作联合社
A6: 540624201317002 | B6: 林芝市 | C6: 巴宜区 | D6: 2013 | E6: 林芝镇卡斯木村旅游接待点建设项目 | F6: 巴宜区扶贫办 | G6: 林芝镇卡斯木村 | H6: 建设占地面积600平米的旅游接待点，其中、接待楼1栋400平米，伙房及储物间200平米，修建砖混结构围墙59.6米。 | J6: 80 | K6: 80 | L6: 0 | M6: 79.885832 | N6: 79.885832 | O6: 0 | P6: 公益类 | Q6: 乡村旅游 | R6: - | S6: - | T6: 是 | U6: 自主运营 | V6: 农村集体经济组织 | W6: 林芝市巴宜区林芝镇卡斯木村股份经济合作联合社 | X6: 否 | Y6: - | Z6: - | AA6: - | AB6: 10000 | AC6: - | AD6: 巴宜区农业农村局 | AG6: 林芝市巴宜区林芝镇卡斯木村股份经济合作联合社 | AH6: 林芝市巴宜区林芝镇卡斯木村股份经济合作联合社
A7: 540624201317003 | B7: 林芝市 | C7: 巴宜区 | D7: 2013 | E7: 林芝镇朗欧村旅游接待点建设项目 | F7: 巴宜区扶贫办 | G7: 林芝镇朗欧村 | H7: 建设占地面积600平米的旅游接待点，其中、接待楼1栋400平米，伙房及储物间200平米，修建砖混结构围墙59.6米。 | J7: 80 | K7: 80 | L7: 0 | M7: 80 | N7: 80 | O7: 0 | P7: 经营类 | Q7: 乡村旅游 | R7: 巩固 | S7: 巩固 | T7: 是 | U7: 委托运营 | V7: 农村集体经济组织 | W7: 林芝市巴宜区林芝镇朗欧村股份经济合作联合社 | X7: 否 | Y7: - | Z7: - | AA7: - | AB7: - | AC7: - | AD7: 巴宜区农业农村局 | AE7: 本项目与53号项目一体 | AG7: 林芝市巴宜区林芝镇朗欧村股份经济合作联合社 | AH7: 王辉
A8: 540624201319001 | B8: 林芝市 | C8: 巴宜区 | D8: 2013 | E8: 林芝镇尼池村糌粑面粉加工场项目 | F8: 巴宜区扶贫办 | G8: 林芝镇尼池村 | H8: 修建砖混结构厂房及仓库86.4㎡，水泥砖围墙79.4m，购置Ф100型电动石磨、阁润100型自动青稞翻炒机各1台（套），配套大门1座及水电等附属设施。 | J8: 22 | K8: 22 | L8: 0 | M8: 22 | N8: 22 | O8: 0 | P8: 经营类 | Q8: 其他 | R8: 巩固 | S8: 巩固 | T8: 是 | U8: 自主运营 | V8: 农村集体经济组织 | W8: 林芝市巴宜区林芝镇尼池村尼池组股份经济合作社 | X8: 否 | Y8: - | Z8: - | AA8: - | AB8: - | AC8: 5-6 | AD8: 巴宜区农业农村局 | AE8: 盘活 | AG8: 林芝市巴宜区林芝镇尼池村尼池组股份经济合作社 | AH8: 林芝市巴宜区林芝镇尼池村尼池组股份经济合作社 | AI8: 原经营主体为金宗后转入给康扎村个人不知名字
A9: 540624201304001 | B9: 林芝市 | C9: 巴宜区 | D9: 2013 | E9: 林芝县鲁朗镇东久村、林芝镇邦纳村、米瑞乡泽列村犏奶牛养殖项目 | F9: 巴宜区扶贫办 | G9: 鲁朗镇东久村、邦纳村，米瑞乡泽列村 | H9: 购置犏奶牛130头，种植草地100亩；新建砖木结构牛舍65座； | J9: 67 | K9: 67 | L9: 0 | M9: 67 | N9: 67 | O9: 0 | P9: 到户类 | Q9: 牦牛 | R9: - | S9: - | T9: 是 | U9: 自主运营 | V9: 农户 | W9: 米瑞乡泽列村27户；鲁朗镇东久村18户，林芝镇帮纳村20户村民 | X9: 否 | Y9: - | Z9: - | AA9: - | AB9: - | AC9: - | AD9: 巴宜区农业农村局 | AG9: 米瑞乡泽列村27户；鲁朗镇东久村18户，林芝镇帮纳村20户村民 | AH9: 米瑞乡泽列村27户；鲁朗镇东久村18户，林芝镇帮纳村20户村民
A10: 540624201306001 | B10: 林芝市 | C10: 巴宜区 | D10: 2013 | E10: 米瑞乡通麦村养羊项目 | F10: 巴宜区扶贫办 | G10: 米瑞乡通麦村 | H10: 购置绵羊200头，苜蓿草种植100亩，新建砖木结构50平米羊舍10栋 | J10: 14 | K10: 14 | L10: 0 | M10: 14 | N10: 14 | O10: 0 | P10: 经营类 | Q10: 羊 | R10: 巩固 | S10: 巩固 | T10: 是 | U10: 委托运营 | V10: 农牧民专业合作社 | W10: 林芝市巴宜区米瑞通麦绵羊养殖农牧民专业合作社 | X10: 是 | Y10: - | Z10: - | AA10: - | AB10: 45000 | AC10: 15户 | AD10: 巴宜区农业农村局 | AG10: 林芝市巴宜区米瑞乡通麦村股份经济合作联合社 | AH10: 林芝市巴宜区米瑞通麦绵羊养殖农牧民专业合作社 | AI10: 个人合作社
A11: 540624201319002 | B11: 林芝市 | C11: 巴宜区 | D11: 2013 | E11: 布久乡麦巴村经济林木建设项目 | F11: 巴宜区扶贫办 | G11: 布久乡麦巴村 | H11: 扶持15户低收入群众发展经济林木种植项目，购置核桃树苗7200株，集中连片种植180亩核桃。 | J11: 18 | K11: 18 | L11: 0 | M11: 18 | N11: 18 | O11: 0 | P11: 到户类 | Q11: 其他 | R11: - | S11: - | T11: 是 | U11: 自主运营 | V11: 农户 | W11: 布久项目麦巴村15户村民 | X11: 否 | Y11: - | Z11: - | AA11: - | AB11: - | AC11: - | AD11: 巴宜区农业农村局 | AG11: 布久项目麦巴村15户村民 | AH11: 布久项目麦巴村15户村民
A12: 540624201319003 | B12: 林芝市 | C12: 巴宜区 | D12: 2013 | E12: 八一镇公仲村经济林木建设项目 | F12: 巴宜区扶贫办 | G12: 八一镇公仲村 | H12: 扶持20户低收入群众发展经济林木种植项目，购置水蜜桃、油桃、梨子、核桃树苗18000株，集中种植300亩，及配套灌溉渠道1500米。 | J12: 40 | K12: 40 | L12: 0 | M12: 40 | N12: 40 | O12: 0 | P12: 到户类 | Q12: 其他 | R12: - | S12: - | T12: 是 | U12: 自主运营 | V12: 农户 | W12: 八一镇公众村20户村民 | X12: 否 | Y12: - | Z12: - | AA12: - | AB12: 144000 | AC12: 31 | AD12: 巴宜区农业农村局 | AG12: 八一镇公众村20户村民 | AH12: 八一镇公众村20户村民
A13: 540624201308001 | B13: 林芝市 | C13: 巴宜区 | D13: 2013 | E13: 米瑞乡色果拉藏鸡养殖基地建设项目 | F13: 巴宜区扶贫办 | G13: 米瑞乡色果拉 | H13: 建设一个6000平方米的集中养殖点，其中包括鸡舍240平方米、活动场2400平方米、仓库及住宿房104平方米，以31户入社群众为主体，带动全村共46户群众（其中20户104名群众为扶贫对象）发展藏鸡养殖5000只，并配套修建大门及围墙等设施。包括培训经费2万元。 | J13: 50 | K13: 50 | L13: 0 | M13: 50 | N13: 50 | O13: 0 | P13: 经营类 | Q13: 鸡 | R13: 巩固 | S13: 盘活 | T13: 否 | U13: 自主运营 | V13: 农村集体经济组织 | W13: 林芝市巴宜区米瑞乡色果拉村股份经济合作联合社 | X13: 否 | Y13: - | Z13: - | AA13: - | AB13: 144000 | AC13: 31户 | AD13: 巴宜区农业农村局 | AE13: 盘活 | AG13: 林芝市巴宜区米瑞乡色果拉村股份经济合作联合社 | AH13: 林芝市巴宜区米瑞乡色果拉村祥和种植养殖农牧民合作社
A14: 540624201316001 | B14: 林芝市 | C14: 巴宜区 | D14: 2013 | E14: 米瑞乡麦娘麦村蔬菜大棚建设项目 | F14: 巴宜区扶贫办 | G14: 米瑞乡麦娘麦村 | H14: 扶持米瑞乡麦娘麦村38户农牧民群众（其中扶贫对象22户，辐射带动户16户）共196人，发展蔬菜种植产业。按平均每1户一座共38座，共建设8×30m的单拱钢管插棚38座，每座面积为240m2；配套完善大棚灌溉土渠450米。 | J14: 76 | K14: 76 | L14: 0 | M14: 76 | N14: 76 | O14: 0 | P14: 到户类 | Q14: 设施农业 | R14: - | S14: - | T14: 是 | U14: 自主运营 | V14: 农户 | W14: 米瑞乡麦娘麦村（仲萨村）33户村民 | X14: 否 | Y14: - | Z14: - | AA14: - | AB14: - | AC14: - | AD14: 巴宜区农业农村局 | AG14: 米瑞乡麦娘麦村（仲萨村）33户村民 | AH14: 米瑞乡麦娘麦村（仲萨村）33户村民
A15: 540624201319004 | B15: 林芝市 | C15: 巴宜区 | D15: 2013 | E15: 米瑞乡嘎萨村土豆、苜蓿草种植项目 | F15: 巴宜区扶贫办 | G15: 米瑞乡嘎萨村 | H15: 扶持米瑞乡嘎萨村16户108人治理撂荒地200亩，种植土豆50亩、紫花苜蓿草150亩。 | J15: 18 | K15: 18 | L15: 0 | M15: 18 | N15: 18 | O15: 0 | P15: 到户类 | Q15: 其他 | R15: - | S15: - | T15: 否 | U15: 自主运营 | V15: 农户 | W15: 米瑞乡嘎萨村16户村民 | X15: 否 | Y15: - | Z15: - | AA15: - | AB15: - | AC15: - | AD15: 巴宜区农业农村局 | AG15: 米瑞乡嘎萨村16户村民 | AH15: 米瑞乡嘎萨村16户村民
A16: 540624201319005 | B16: 林芝市 | C16: 巴宜区 | D16: 2013 | E16: 百巴镇折巴村粮油加工厂项目 | F16: 巴宜区扶贫办 | G16: 百巴镇折巴村 | H16: 新建厂房120平方米，购置设备一套。 | J16: 30 | K16: 30 | L16: 0 | M16: 30 | N16: 30 | O16: 0 | P16: 公益类 | Q16: 其他 | R16: - | S16: - | T16: 否 | U16: 自主运营 | V16: 农村集体经济组织 | W16: 林芝市巴宜区百巴镇折巴村折巴组股份经济合作社 | X16: 否 | Y16: - | Z16: - | AA16: - | AB16: - | AC16: - | AD16: 巴宜区农业农村局 | AG16: 林芝市巴宜区百巴镇折巴村折巴组股份经济合作社 | AH16: 林芝市巴宜区百巴镇折巴村折巴组股份经济合作社
A17: 540624201316002 | B17: 林芝市 | C17: 巴宜区 | D17: 2013 | E17: 百巴镇折巴村“优菜”水渠建设项目 | F17: 巴宜区扶贫办 | G17: 百巴镇折巴村 | H17: 新建c20钢筋砼1600米(规格:0.4MX0.35M)，4米农用桥一座，配套完善分水口等设施。 | J17: 46 | K17: 46 | L17: 0 | M17: 46 | N17: 46 | O17: 0 | P17: 公益类 | Q17: 设施农业 | R17: - | S17: - | T17: 是 | U17: 自主运营 | V17: 农村集体经济组织 | W17: 林芝市巴宜区百巴镇折巴村折巴组股份经济合作社 | X17: 否 | Y17: - | Z17: - | AA17: - | AB17: - | AC17: - | AD17: 巴宜区农业农村局 | AG17: 林芝市巴宜区百巴镇折巴村折巴组股份经济合作社 | AH17: 林芝市巴宜区百巴镇折巴村折巴组股份经济合作社
A18: 540624201316003 | B18: 林芝市 | C18: 巴宜区 | D18: 2013 | E18: 米瑞乡通麦村农田灌溉水渠 | F18: 巴宜区扶贫办 | G18: 米瑞乡通麦村 | H18: 新建引水渠道1400米，及分水口农用桥等渠系配套建筑物。 | J18: 51 | K18: 51 | L18: 0 | M18: 51 | N18: 51 | O18: 0 | P18: 公益类 | Q18: 设施农业 | R18: - | S18: - | T18: 是 | U18: 自主运营 | V18: 农村集体经济组织 | W18: 林芝市巴宜区米瑞乡通麦村股份经济合作联合社 | X18: 否 | Y18: - | Z18: - | AA18: - | AB18: - | AC18: - | AD18: 巴宜区农业农村局 | AG18: 林芝市巴宜区米瑞乡通麦村股份经济合作联合社 | AH18: 林芝市巴宜区米瑞乡通麦村股份经济合作联合社
A19: 540624201317004 | B19: 林芝市 | C19: 巴宜区 | D19: 2013 | E19: 鲁朗镇东久村瓜果采摘园项目 | F19: 巴宜区扶贫办 | G19: 鲁朗镇东久村 | H19: 开垦80亩撂荒地；购置种植木瓜10亩；种植苹果30亩；种植桃树20亩；种植李子20亩；修建游客接待中心；安装网围栏1300米。 | J19: 59 | K19: 59 | L19: 0 | M19: 59 | N19: 59 | O19: 0 | P19: 经营类 | Q19: 乡村旅游 | R19: 巩固 | S19: 巩固 | T19: 是 | U19: 委托运营 | V19: 个体工商户 | W19: 林芝市巴宜区鲁朗镇东久村股份经济合作联合社 | X19: 否 | Y19: - | Z19: - | AA19: - | AB19: 360000 | AC19: - | AD19: 巴宜区农业农村局 | AE19: 盘活 | AG19: 林芝市巴宜区鲁朗镇东久村股份经济合作联合社 | AH19: 林芝市巴宜区鲁朗镇东久村股份经济合作联合社
A20: 540624201316004 | B20: 林芝市 | C20: 巴宜区 | D20: 2013 | E20: 百巴镇拉格村农田灌溉水渠 | F20: 巴宜区扶贫办 | G20: 百巴镇拉格村 | H20: 修建砼矩形引水主渠1000米，及分水口、农用桥等渠系配套交叉建筑物。 | J20: 39 | K20: 39 | L20: 0 | M20: 39 | N20: 39 | O20: 0 | P20: 公益类 | Q20: 设施农业 | R20: - | S20: - | T20: 是 | U20: 自主运营 | V20: 农村集体经济组织 | W20: 林芝市巴宜区百巴镇拉格村股份经济合作联合社 | X20: - | Y20: - | Z20: - | AA20: - | AB20: - | AC20: - | AD20: 巴宜区农业农村局 | AG20: 林芝市巴宜区百巴镇拉格村股份经济合作联合社 | AH20: 林芝市巴宜区百巴镇拉格村股份经济合作联合社
A21: 540624201319006 | B21: 林芝市 | C21: 巴宜区 | D21: 2013 | E21: 百巴镇折巴村核桃种植项目 | F21: 巴宜区扶贫办 | G21: 百巴镇折巴村 | H21: 开垦山坡地200亩；种植核桃200亩。 | J21: 50 | K21: 50 | L21: 0 | M21: 50 | N21: 50 | O21: 0 | P21: 到户类 | Q21: 其他 | R21: - | S21: - | T21: 否 | U21: 自主运营 | V21: 农户 | W21: 百巴镇折巴村51户村民 | X21: 否 | Y21: - | Z21: - | AA21: - | AB21: - | AC21: - | AD21: 巴宜区农业农村局 | AG21: 百巴镇折巴村51户村民 | AH21: 百巴镇折巴村51户村民
A22: 540624201317005 | B22: 林芝市 | C22: 巴宜区 | D22: 2013 | E22: 百巴镇强嘎村工布赛马休闲旅游山庄建设项目 | F22: 巴宜区扶贫办 | G22: 百巴镇强嘎村 | H22: 建设民俗演艺厅、藏餐厅、射箭场，购置马匹10匹，配套马具、音响设备、射箭用具、餐饮厨具等配套设备。 | J22: 60 | K22: 60 | L22: 0 | M22: 60 | N22: 60 | O22: 0 | P22: 经营类 | Q22: 乡村旅游 | R22: 巩固 | S22: 升级 | T22: 是 | U22: 委托运营 | V22: 农村集体经济组织 | W22: 林芝市巴宜区百巴镇强嘎村股份经济合作联合社 | X22: 否 | Y22: - | Z22: - | AA22: - | AB22: 950000 | AC22: 5-6户 | AD22: 巴宜区农业农村局 | AG22: 林芝市巴宜区百巴镇强嘎村股份经济合作联合社 | AH22: 吕建国
A23: 540624201319007 | B23: 林芝市 | C23: 巴宜区 | D23: 2013 | E23: 林芝镇立定村果园建设项目 | F23: 巴宜区扶贫办 | G23: 林芝镇立定村 | H23: 种植核桃树苗200亩；苹果树苗100亩；李子树苗、苹果树苗共100亩。 | J23: 40 | K23: 40 | L23: 0 | M23: 40 | N23: 40 | O23: 0 | P23: 到户类 | Q23: 其他 | R23: - | S23: - | T23: 是 | U23: 自主运营 | V23: 农户 | W23: 林芝镇立定村25户村、榜纳村13户村、娘峨村22户村民 | X23: 否 | Y23: - | Z23: - | AA23: - | AB23: - | AC23: - | AD23: 巴宜区农业农村局 | AE23: 盘活 | AG23: 林芝镇立定村25户村、榜纳村13户村、娘峨村22户村民 | AH23: 林芝镇立定村25户村、榜纳村13户村、娘峨村22户村民
A24: 540624201307001 | B24: 林芝市 | C24: 巴宜区 | D24: 2013 | E24: 米瑞乡吉定村藏香猪养殖项目 | F24: 巴宜区扶贫办 | G24: 米瑞乡吉定村 | H24: 购置藏香猪1166头；修建猪圈53座。 | J24: 40 | K24: 40 | L24: 0 | M24: 40 | N24: 40 | O24: 0 | P24: 到户类 | Q24: 猪 | R24: - | S24: - | T24: 否 | U24: 自主运营 | V24: 农户 | W24: 米瑞乡吉定村32户村民 | X24: 否 | Y24: - | Z24: - | AA24: - | AB24: - | AC24: - | AD24: 巴宜区农业农村局 | AG24: 米瑞乡吉定村32户村民 | AH24: 米瑞乡吉定村32户村民
A25: 540624201319008 | B25: 林芝市 | C25: 巴宜区 | D25: 2013 | E25: 米瑞乡德木达嘎鲁丁糌粑加工厂建设项目 | F25: 巴宜区扶贫办 | G25: 米瑞乡曲尼贡嘎村 | H25: 新建加工厂房2栋（一栋130㎡，另一栋170㎡）共300㎡；购置6FP2550型磨面机1台、6ZQ28A清粮机1台，YZYX120-8型螺旋榨油机1台、YBLL320X14板框滤油机1台；购置100型电动石磨4台（套）、阁润自动青稞翻炒机各3台（套）、电动缝口机1台；配套修建场区围墙260米、大门1座及水电线路等设施。 | J25: 80 | K25: 80 | L25: 0 | M25: 80 | N25: 80 | O25: 0 | P25: 经营类 | Q25: 其他 | R25: 巩固 | S25: 巩固 | T25: 是 | U25: 委托运营 | V25: 农牧民专业合作社 | W25: 米瑞乡德木康桑水磨糌粑面粉农民专业合作社 | X25: 否 | Y25: - | Z25: - | AA25: - | AB25: - | AC25: 5-10人 | AD25: 巴宜区农业农村局 | AG25: 林芝市巴宜区米瑞乡曲尼贡嘎村经济联合社 | AH25: 米瑞乡德木康桑水磨糌粑面粉农民专业合作社 | AI25: 个人合作社
A26: 540624201307002 | B26: 林芝市 | C26: 巴宜区 | D26: 2013 | E26: 米瑞乡曲尼贡嘎村藏香猪养殖项目 | F26: 巴宜区扶贫办 | G26: 米瑞乡曲尼贡嘎村 | H26: 建造4800平方米藏猪养殖基地;购置藏香仔猪1000头,母猪300头,种公猪20头；购置防疫\防病设备一套。 | J26: 79 | K26: 79 | L26: 0 | M26: 79 | N26: 79 | O26: 0 | P26: 经营类 | Q26: 猪 | R26: 巩固 | S26: 巩固 | T26: 是 | U26: 委托运营 | V26: 农牧民专业合作社 | W26: 林芝市米瑞乡曲尼贡嘎村达白养殖农牧民专业合作社 | X26: 否 | Y26: - | Z26: - | AA26: - | AB26: 35800 | AC26: - | AD26: 巴宜区农业农村局 | AG26: 林芝市巴宜区米瑞乡曲尼贡嘎村经济联合社 | AH26: 林芝市米瑞乡曲尼贡嘎村达白养殖农牧民专业合作社 | AI26: 个人合作社（达白、巴桑罗布）
A27: 540624201316005 | B27: 林芝市 | C27: 巴宜区 | D27: 2013 | E27: 八一镇尼西村水果蔬菜种植温室项目 | F27: 巴宜区扶贫办 | G27: 八一镇尼西村 | H27: 建设规模及内容为修建20米×8米单拱三面砖混温室8座。 | J27: 35 | K27: 35 | L27: 0 | M27: 35 | N27: 35 | O27: 0 | P27: 到户类 | Q27: 设施农业 | R27: - | S27: - | T27: 否 | U27: 自主运营 | V27: 农户 | W27: 八一镇尼西村13户村民 | X27: 否 | Y27: - | Z27: - | AA27: - | AB27: 20000 | AC27: 100 | AD27: 巴宜区农业农村局 | AG27: 八一镇尼西村13户村民 | AH27: 八一镇尼西村13户村民
A28: 540624201316006 | B28: 林芝市 | C28: 巴宜区 | D28: 2013 | E28: 更张乡白玛店村和扎曲村钢架大棚灵芝菌种植项目 | F28: 巴宜区扶贫办 | G28: 更张乡白玛店村、扎曲村 | H28: 修建35座钢架大棚，8米*30米＝240平米，种植灵芝菌项目；扎曲村修建20座两连栋大棚温室（面积320平米），配套水渠700米，围墙800米。 | J28: 179 | K28: 179 | L28: 0 | M28: 179 | N28: 179 | O28: 0 | P28: 经营类 | Q28: 设施农业 | R28: 巩固 | S28: 调整 | T28: 否 | U28: 自主运营 | V28: 农村集体经济组织 | W28: 林芝市巴宜区更章门巴民族乡扎曲村股份经济合作联合社、林芝市巴宜区更章门巴民族乡白玛店社区股份经济合作联合社 | X28: 否 | Y28: - | Z28: - | AA28: - | AB28: - | AC28: - | AD28: 巴宜区农业农村局 | AG28: 林芝市巴宜区更章门巴民族乡扎曲村股份经济合作联合社、林芝市巴宜区更章门巴民族乡白玛店社区股份经济合作联合社 | AH28: 林芝市巴宜区更章门巴民族乡扎曲村股份经济合作联合社、林芝市巴宜区更章门巴民族乡白玛店社区股份经济合作联合社
A29: 540624201319009 | B29: 林芝市 | C29: 巴宜区 | D29: 2013 | E29: 八一镇色定村阿吉林特色经济发展农牧民专业合作社藏民族手工艺品生产厂区建设项目 | F29: 巴宜区扶贫办 | G29: 八一镇色定村 | H29: 建立供销一体化的民族手工艺品生产基地242.25平方米，购买烙画机、毛皮软化机、打磨机、粉碎机、真空包装机、烘干机、缝纫机、打孔机、编织机等机械设备，以及相关人员培训。 | J29: 42 | K29: 42 | L29: 0 | M29: 42 | N29: 42 | O29: 0 | P29: 经营类 | Q29: 其他 | R29: 巩固 | S29: 调整 | T29: 是 | U29: 委托运营 | V29: 农牧民专业合作社 | W29: 林芝县八一镇色定村阿吉特色经济发展农牧民专业合作社 | X29: 否 | Y29: - | Z29: - | AA29: - | AB29: - | AC29: 395 | AD29: 巴宜区农业农村局 | AG29: 林芝市巴宜区八一镇公众村色定组经济合作社 | AH29: 林芝县八一镇色丁村阿吉特色经济发展农牧民专业合作社 | AI29: 个人合作社
A30: 540624201317006 | B30: 林芝市 | C30: 巴宜区 | D30: 2013 | E30: 林芝镇康扎村旅游接待住宿项目 | F30: 巴宜区扶贫办 | G30: 林芝镇康扎村 | H30: 建一栋占地面积641.83平米（含伙房及储物间100平米）集住宿餐饮为一体的接待点，购置76套床，156套床单及被套、配备餐桌等相应设备，配套建设大门1座等 | J30: 300 | K30: 150 | L30: 150 | M30: 300 | N30: 150 | O30: 150 | P30: 公益类 | Q30: 乡村旅游 | R30: - | S30: - | T30: 是 | U30: 自主运营 | V30: 农村集体经济组织 | W30: 林芝市巴宜区林芝镇康扎村股份经济合作联合社 | X30: 否 | Y30: - | Z30: - | AA30: - | AB30: - | AC30: - | AD30: 巴宜区农业农村局 | AE30: 本项目与52号项目一体 | AG30: 林芝市巴宜区林芝镇康扎村股份经济合作联合社 | AH30: 林芝市巴宜区林芝镇康扎村股份经济合作联合社
A31: 540624201316007 | B31: 林芝市 | C31: 巴宜区 | D31: 2013 | E31: 米瑞乡色果拉村农田灌溉水渠修护项目 | F31: 巴宜区扶贫办 | G31: 米瑞乡色果拉村 | H31: 色果拉村3000米主渠和2800米支渠的修护 | J31: 10 | K31: 10 | L31: 0 | M31: 10 | N31: 10 | O31: 0 | P31: 公益类 | Q31: 设施农业 | R31: - | S31: - | T31: 是 | U31: 自主运营 | V31: 农村集体经济组织 | W31: 林芝市巴宜区米瑞乡色果拉村股份经济合作联合社 | X31: - | Y31: - | Z31: - | AA31: - | AB31: - | AC31: - | AD31: 巴宜区农业农村局 | AG31: 林芝市巴宜区米瑞乡色果拉村股份经济合作联合社 | AH31: 林芝市巴宜区米瑞乡色果拉村股份经济合作联合社
A32: 540624201316008 | B32: 林芝市 | C32: 巴宜区 | D32: 2013 | E32: 布久乡孜热村水渠维修 | F32: 巴宜区扶贫办 | G32: 布久乡孜热村 | H32: 维修桥梁1座，填埋过水管等 | J32: 10.35 | K32: 10.35 | L32: 0 | M32: 10.35 | N32: 10.35 | O32: 0 | P32: 公益类 | Q32: 设施农业 | R32: - | S32: - | T32: 是 | U32: 自主运营 | V32: 农村集体经济组织 | W32: 林芝市巴宜区布久乡孜热村股份经济合作联合社 | X32: - | Y32: - | Z32: - | AA32: - | AB32: - | AC32: - | AD32: 巴宜区农业农村局 | AG32: 林芝市巴宜区布久乡孜热村股份经济合作联合社 | AH32: 林芝市巴宜区布久乡孜热村股份经济合作联合社
A33: 540624201316009 | B33: 林芝市 | C33: 巴宜区 | D33: 2013 | E33: 百巴镇大坝村温室供水 | F33: 巴宜区扶贫办 | G33: 百巴镇大坝村 | H33: 主渠dn110管2270米，dn90管2060米，新修17条支管，dn管3950米，渠系配套建筑物蓄水池1座。 | J33: 110 | K33: 110 | L33: 0 | M33: 110 | N33: 110 | O33: 0 | P33: 公益类 | Q33: 设施农业 | R33: - | S33: - | T33: 是 | U33: 自主运营 | V33: 农村集体经济组织 | W33: 林芝市巴宜区百巴镇大坝村经济联合社 | X33: - | Y33: - | Z33: - | AA33: - | AB33: - | AC33: - | AD33: 巴宜区农业农村局 | AG33: 林芝市巴宜区百巴镇大坝村经济联合社 | AH33: 林芝市巴宜区百巴镇大坝村经济联合社
A34: 540624201316010 | B34: 林芝市 | C34: 巴宜区 | D34: 2013 | E34: 百巴镇大坝村蔬菜温室工程缺口资金 | F34: 巴宜区扶贫办 | G34: 百巴镇大坝村 | H34: 蔬菜温室配套工程 | J34: 43.06 | K34: 43.06 | L34: 0 | M34: 43.06 | N34: 43.06 | O34: 0 | P34: 公益类 | Q34: 设施农业 | R34: - | S34: - | T34: 是 | U34: 自主运营 | V34: 农村集体经济组织 | W34: 林芝市巴宜区百巴镇大坝村经济联合社 | X34: - | Y34: - | Z34: - | AA34: - | AB34: - | AC34: - | AD34: 巴宜区农业农村局 | AG34: 林芝市巴宜区八一镇永久村股份经济合作联合社 | AH34: 林芝市巴宜区八一镇永久村股份经济合作联合社 | AI34: 已经冲毁
A35: 540624201417001 | B35: 林芝市 | C35: 巴宜区 | D35: 2014 | E35: 八一镇永久村农家乐建设项目 | F35: 巴宜区扶贫办 | G35: 八一镇永久村 | H35: 建设占地面积1485平米的农家乐，其中包括集住宿饮食一体的接待楼1栋300平米，修建砖混结构围墙59.6米。 | J35: 45 | K35: 45 | L35: 0 | M35: 45 | N35: 45 | O35: 0 | P35: 到户类 | Q35: 乡村旅游 | R35: - | S35: - | T35: 否 | U35: 自主运营 | V35: 农户 | W35: 个体户 | X35: 否 | Y35: - | Z35: - | AA35: - | AB35: - | AC35: - | AD35: 巴宜区农业农村局 | AG35: 林芝市巴宜区八一镇加乃村股份经济合作联合社 | AH35: 林芝市巴宜区八一镇加乃村股份经济合作联合社
A36: 540624201416001 | B36: 林芝市 | C36: 巴宜区 | D36: 2014 | E36: 八一镇加乃村农田灌溉项目 | F36: 巴宜区扶贫办 | G36: 八一镇加乃村 | H36: 新修建灌渠两条共计3000m（分别长1600m，1400m），新开荒地132亩，种植核桃102亩。 | J36: 98.41 | K36: 98.41 | L36: 0 | M36: 98.41 | N36: 98.41 | O36: 0 | P36: 公益类 | Q36: 设施农业 | R36: - | S36: - | T36: 是 | U36: 自主运营 | V36: 农村集体经济组织 | W36: 林芝市巴宜区八一镇加乃村股份经济合作联合社 | X36: - | Y36: - | Z36: - | AA36: - | AB36: - | AC36: - | AD36: 巴宜区农业农村局 | AG36: 林芝市巴宜区八一镇公众村色定组经济合作社 | AH36: 八一镇色定村异彩种养业农牧民专业合作社 | AI36: 个人合作社
A37: 540624201409001 | B37: 林芝市 | C37: 巴宜区 | D37: 2014 | E37: 八一镇色定村蜜蜂养殖项目 | F37: 巴宜区扶贫办 | G37: 八一镇色定村 | H37: 购置中锋220箱、意蜂220箱，购买白糖11吨，购买养蜂专用保温布250平方米。 | J37: 60 | K37: 60 | L37: 0 | M37: 60 | N37: 60 | O37: 0 | P37: 经营类 | Q37: 蜂 | R37: 巩固 | S37: 巩固 | T37: 是 | U37: 委托运营 | V37: 农牧民专业合作社 | W37: 八一镇色定村异彩种养业农牧民专业合作社 | X37: 否 | Y37: - | Z37: - | AA37: - | AB37: - | AC37: - | AD37: 巴宜区农业农村局 | AG37: 林芝市巴宜区百巴镇折巴村伍巴组股份经济合作社 | AH37: 林芝市巴宜区伍巴高原红艺术品加工农牧民专业合作社
A38: 540624201417002 | B38: 林芝市 | C38: 巴宜区 | D38: 2014 | E38: 百巴镇伍巴村旅游接待点项目 | F38: 巴宜区扶贫办 | G38: 百巴镇伍巴村 | H38: 建设占地面积600平米的旅游接待点，其中修建两层自驾游旅馆500㎡。配套水电、围墙、洗车设备。 | J38: 135 | K38: 135 | L38: 0 | M38: 135 | N38: 135 | O38: 0 | P38: 经营类 | Q38: 乡村旅游 | R38: 巩固 | S38: 巩固 | T38: 是 | U38: 委托运营 | V38: 农村集体经济组织 | W38: 林芝市巴宜区百巴镇折巴村伍巴组股份经济合作社 | X38: 否 | Y38: - | Z38: - | AA38: - | AB38: - | AC38: - | AD38: 巴宜区农业农村局 | AE38: 本项目与55号一体 | AG38: 百巴镇扎地村73户村民 | AH38: 百巴镇扎地村73户村民
A39: 540624201411001 | B39: 林芝市 | C39: 巴宜区 | D39: 2014 | E39: 百巴镇扎地村天麻种植项目 | F39: 巴宜区扶贫办 | G39: 百巴镇扎地村 | H39: 扶持73户农牧民群众355人，开发7亩土地种植天麻。 | J39: 31 | K39: 31 | L39: 0 | M39: 30.9995 | N39: 30.9995 | O39: 0 | P39: 到户类 | Q39: 藏药 | R39: - | S39: - | T39: 否 | U39: 自主运营 | V39: 农户 | W39: 百巴镇扎地村73户村民 | X39: 否 | Y39: - | Z39: - | AA39: - | AB39: - | AC39: - | AD39: 巴宜区农业农村局 | AG39: 布久乡孜热村55户村民 | AH39: 布久乡孜热村55户村民
A40: 540624201406001 | B40: 林芝市 | C40: 巴宜区 | D40: 2014 | E40: 布久乡孜热村绵羊养殖项目 | F40: 巴宜区扶贫办 | G40: 布久乡孜热村 | H40: 购置绵羊养殖750只，配套修建砖木结构羊圈400平方米，苜蓿草种植100亩，网围栏1500米。 | J40: 45 | K40: 45 | L40: 0 | M40: 45 | N40: 45 | O40: 0 | P40: 到户类 | Q40: 羊 | R40: - | S40: - | T40: 否 | U40: 自主运营 | V40: 农户 | W40: 布久乡孜热村55户村民 | X40: 否 | Y40: - | Z40: - | AA40: - | AB40: - | AC40: - | AD40: 巴宜区农业农村局 | AG40: 林芝市巴宜区米瑞乡增巴村经济联合社 | AH40: 次仁旺堆 | AI40: 租赁了一间房
A41: 540624201417003 | B41: 林芝市 | C41: 巴宜区 | D41: 2014 | E41: 米瑞乡增巴村旅游接待点建设 | F41: 巴宜区扶贫办 | G41: 米瑞乡增巴村 | H41: 建设集住宿饮食一体的接待楼1栋320平米，配套相关附属设施。 | J41: 80 | K41: 80 | L41: 0 | M41: 76.4 | N41: 76.4 | O41: 0 | P41: 经营类 | Q41: 乡村旅游 | R41: 巩固 | S41: 巩固 | T41: 是 | U41: 委托运营 | V41: 农村集体经济组织 | W41: 林芝市巴宜区米瑞乡增巴村经济联合社 | X41: 否 | Y41: - | Z41: - | AA41: - | AB41: - | AC41: 1人 | AD41: 巴宜区农业农村局 | AE41: 盘活 | AG41: 林芝市巴宜区米瑞乡曲尼贡嘎村经济联合社 | AH41: 和谐种养殖合作社 | AI41: 个人合作社
A42: 540624201408001 | B42: 林芝市 | C42: 巴宜区 | D42: 2014 | E42: 米瑞乡曲尼贡嘎村达嘎杂自然村藏鸡养殖项目 | F42: 巴宜区扶贫办 | G42: 米瑞乡达嘎杂自然村 | H42: 建设6000平方米的集中养殖点，其中包括鸡舍400平方米、活动场2400平方米，仓库及住宿200平方米，发展藏鸡养殖8000只，并配套完善大门建设及围墙等设施。 | J42: 70 | K42: 70 | L42: 0 | M42: 70 | N42: 70 | O42: 0 | P42: 到户类 | Q42: 鸡 | R42: 巩固 | T42: 否 | U42: 委托运营 | V42: 农牧民专业合作社 | W42: 和谐种养殖合作社 | X42: 否 | Y42: - | Z42: - | AA42: - | AB42: 360000 | AC42: 15 | AD42: 巴宜区农业农村局 | AG42: 林芝市巴宜区更章门巴民族乡久巴村股份经济合作联合社 | AH42: 林芝市巴宜区更章门巴民族乡久巴村草莓种植专业合作社
A43: 540624201416002 | B43: 林芝市 | C43: 巴宜区 | D43: 2014 | E43: 更章乡久巴村水果大棚建设项目 | F43: 巴宜区扶贫办 | G43: 更章乡久巴村 | H43: 建设8×40m的单拱钢管塑料大棚28座，配套完善温室灌溉系统，修建断面为0.3×0.4m，渠底厚度0.1m、边墙宽0.12m的砼灌溉渠道600m，引水流量0.05m3/s。 | J43: 100 | K43: 100 | L43: 0 | M43: 100 | N43: 100 | O43: 0 | P43: 经营类 | Q43: 设施农业 | R43: 巩固 | S43: 巩固 | T43: 是 | U43: 自主运营 | V43: 农村集体经济组织 | W43: 林芝市巴宜区更章门巴民族乡久巴村股份经济合作联合社 | X43: 否 | Y43: - | Z43: - | AA43: - | AB43: 2152000 | AC43: 28户 | AD43: 巴宜区农业农村局 | AE43: 本项目与68号项目一起运营，分红数据按投资分摊 | AG43: 林芝市巴宜区米瑞乡通麦村股份经济合作联合社 | AH43: 林芝市拉片工布服装有限公司 | AI43: 个人合作社
A44: 540624201419001 | B44: 林芝市 | C44: 巴宜区 | D44: 2014 | E44: 米瑞乡通麦村工布服装加工厂建设项目 | F44: 巴宜区扶贫办 | G44: 米瑞乡通麦村 | H44: 修建加工厂房300平方米，其中仓库150平方米，围墙150米。SR-6-9缝纫机10台，在八一镇开设一间品牌专卖店。 | J44: 45 | K44: 45 | L44: 0 | M44: 45 | N44: 45 | O44: 0 | P44: 经营类 | Q44: 其他 | R44: 巩固 | S44: 巩固 | T44: 是 | U44: 委托运营 | V44: 私企 | W44: 林芝市拉片工布服装有限公司 | X44: 否 | Y44: - | Z44: - | AA44: - | AB44: - | AC44: 6 | AD44: 巴宜区农业农村局 | AG44: 林芝市巴宜区八一镇公众村加定组经济合作社 | AH44: 工布民族手工艺农牧民专业合作社 | AI44: 个人合作社
A45: 540624201419002 | B45: 林芝市 | C45: 巴宜区 | D45: 2014 | E45: 八一镇加定村藏香及民族服饰加工常建设项目 | F45: 巴宜区扶贫办 | G45: 八一镇加定村 | H45: 藏香加工：厂房120平方米，YD不锈钢线香机一台、YD-218高产量木粉加工粉粹机1台及传统加工设备。 民族服饰加工：修建库房80平方米，购置N061缩呢机1台、修建羊毛消毒池1座、清洗池1座、850型羊毛、羊绒梳理机1台，木质织呢机8台。 | J45: 75 | K45: 75 | L45: 0 | M45: 75 | N45: 75 | O45: 0 | P45: 经营类 | Q45: 其他 | R45: 巩固 | S45: 巩固 | T45: 是 | U45: 委托运营 | V45: 农牧民专业合作社 | W45: 工布民族手工艺农牧民专业合作社 | X45: 否 | Y45: - | Z45: - | AA45: - | AB45: - | AC45: - | AD45: 巴宜区农业农村局 | AG45: 林芝市巴宜区米瑞乡麦娘麦村经济联合社 | AH45: 索朗益西 | AI45: 个人合作社
A46: 540624201407001 | B46: 林芝市 | C46: 巴宜区 | D46: 2014 | E46: 米瑞乡藏猪养殖基地建设项目 | F46: 巴宜区扶贫办 | G46: 米瑞乡麦娘麦村 | H46: 麦娘麦村养殖藏猪200头，修建砖混结构猪舍400平方米，围墙380米，占地面积2000㎡及配套设施； | J46: 30 | K46: 30 | L46: 0 | M46: 30 | N46: 30 | O46: 0 | P46: 到户类 | Q46: 猪 | R46: - | S46: - | T46: 否 | U46: 委托运营 | V46: 农户 | W46: 米瑞乡麦娘麦村1户村民 | X46: 否 | Y46: - | Z46: - | AA46: - | AB46: - | AC46: - | AD46: 巴宜区农业农村局 | AG46: 林芝市巴宜区米瑞乡朗乃村股份经济合作联合社 | AH46: 林芝市巴宜区米瑞乡朗乃村股份经济合作联合社
A47: 540624201417004 | B47: 林芝市 | C47: 巴宜区 | D47: 2014 | E47: 米瑞乡朗乃村重建苯日神山扶贫招待所建设项目 | F47: 巴宜区扶贫办 | G47: 米瑞乡朗乃村 | H47: 建设集餐饮、住宿、旅游咨询等610平方米旅游接待点，其中接待楼建筑面积318.72平方米，购置货架货柜5套，被褥等8套，太阳能热水器4套等。 | J47: 77 | K47: 77 | L47: 0 | M47: 77 | N47: 77 | O47: 0 | P47: 经营类 | Q47: 乡村旅游 | R47: 巩固 | S47: 调整 | T47: 否 | U47: 自主运营 | V47: 农村集体经济组织 | W47: 林芝市巴宜区米瑞乡朗乃村股份经济合作联合社 | X47: 否 | Y47: - | Z47: - | AA47: - | AB47: 16000 | AC47: - | AD47: 巴宜区农业农村局 | AG47: 林芝市巴宜区更章门巴民族乡扎曲村股份经济合作联合社 | AH47: 林峰 | AI47: 原村书记个人申请项目运营的
A48: 540624201417005 | B48: 林芝市 | C48: 巴宜区 | D48: 2014 | E48: 更张门巴民族乡扎曲村大峡谷温泉及配套设施建设项目 | F48: 巴宜区扶贫办 | G48: 更章乡扎曲村 | H48: 建设防洪堤30米，露天温泉池一座，室内洗澡堂4间，接待室3间，更衣室2间，在150米原有路面上修整1.5米宽的台阶。 | J48: 65 | K48: 60 | L48: 5 | M48: 65 | N48: 60 | O48: 5 | P48: 经营类 | Q48: 乡村旅游 | R48: 巩固 | S48: 巩固 | T48: 是 | U48: 委托运营 | V48: 农村集体经济组织 | W48: 林芝市巴宜区更章门巴民族乡扎曲村股份经济合作联合社 | X48: 否 | Y48: - | Z48: - | AA48: - | AB48: - | AC48: 4-5 | AD48: 巴宜区农业农村局 | AG48: 林芝市巴宜区林芝镇卡斯木村股份经济合作联合社、米瑞乡米瑞村42户村民 | AH48: 林芝市巴宜区林芝镇卡斯木村股份经济合作联合社、米瑞乡米瑞村42户村民 | AI48: 布久户数不知道
A49: 540624201407002 | B49: 林芝市 | C49: 巴宜区 | D49: 2014 | E49: 林芝镇、布久乡、米瑞乡藏猪养殖基地建设项目 | F49: 巴宜区扶贫办 | G49: 林芝镇卡斯木村、布久乡仲果村、米瑞乡米瑞村 | H49: 果绕村养殖藏猪225头，修建砖混结构猪舍600平方米，占地面积2500㎡及配套设施；卡斯木村养殖藏猪375头，修建砖混结构猪舍800平方米及配套设施；仲果村养殖藏猪125头，修建砖混结构猪舍400平方米，围墙380米占地面积2000㎡及配套设施；米瑞村养殖藏猪225头，修建到户猪圈650平方米。 | J49: 200 | K49: 200 | L49: 0 | M49: 200 | N49: 200 | O49: 0 | P49: 到户类 | Q49: 猪 | R49: - | S49: - | T49: 是 | U49: 自主运营 | V49: 农户 | W49: 林芝市巴宜区林芝镇卡斯木村股份经济合作联合社、米瑞乡米瑞村42户村民 | X49: 否 | Y49: - | Z49: - | AA49: - | AB49: - | AC49: - | AD49: 巴宜区农业农村局 | AG49: 林芝市巴宜区八一镇拉丁嘎村股份经济合作联合社 | AH49: 林芝市巴宜区创投城市运营管理有限公司
A50: 540624201417006 | B50: 林芝市 | C50: 巴宜区 | D50: 2014 | E50: 八一镇拉丁嘎旅游接待中心建设项目 | F50: 巴宜区扶贫办 | G50: 八一镇拉丁嘎村 | H50: 建设占地面积503.82平米的旅游接待点。配套给排水工程及餐桌椅、床、热水器等。 | J50: 120 | K50: 120 | L50: 0 | M50: 120 | N50: 120 | O50: 0 | P50: 经营类 | Q50: 乡村旅游 | R50: 巩固 | S50: 巩固 | T50: 是 | U50: 委托运营 | V50: 农村集体经济组织 | W50: 林芝市巴宜区八一镇拉丁嘎村股份经济合作联合社 | X50: 否 | Y50: - | Z50: - | AA50: - | AB50: - | AC50: - | AD50: 巴宜区农业农村局 | AG50: 林芝市巴宜区米瑞乡吉定村股份经济合作联合社 | AH50: 林芝市巴宜区米瑞乡吉定村股份经济合作联合社
A51: 540624201419003 | B51: 林芝市 | C51: 巴宜区 | D51: 2014 | E51: 米瑞乡吉定村经济林木种植项目 | F51: 巴宜区扶贫办 | G51: 米瑞乡吉定村 | H51: 种植核桃50亩，修建网围栏1000米，配套灌溉设施。 | J51: 25 | K51: 25 | L51: 0 | M51: 25 | N51: 25 | O51: 0 | P51: 公益类 | Q51: 其他 | R51: - | S51: - | T51: 否 | U51: 自主运营 | V51: 农村集体经济组织 | W51: 林芝市巴宜区米瑞乡吉定村股份经济合作联合社 | X51: 否 | Y51: - | Z51: - | AA51: - | AB51: - | AC51: - | AD51: 巴宜区农业农村局 | AG51: 林芝镇邦纳村45户村民 | AH51: 林芝镇邦纳村45户村民
A52: 540624201404001 | B52: 林芝市 | C52: 巴宜区 | D52: 2014 | E52: 林芝镇帮纳村盛康养殖基地建设项目 | F52: 巴宜区扶贫办 | G52: 林芝镇帮纳村 | H52: 从周边养殖大户处购置（2-3年期）犏奶牛45头。 | J52: 25 | K52: 25 | L52: 0 | M52: 25 | N52: 25 | O52: 0 | P52: 到户类 | Q52: 牦牛 | R52: - | S52: - | T52: 是 | U52: 自主运营 | V52: 农户 | W52: 林芝镇邦纳村45户村民 | X52: 否 | Y52: - | Z52: - | AA52: - | AB52: - | AC52: - | AD52: 巴宜区农业农村局 | AG52: 林芝市巴宜区林芝镇康扎村股份经济合作联合社 | AH52: 林芝市巴宜区林芝镇康扎村股份经济合作联合社
A53: 540624201417007 | B53: 林芝市 | C53: 巴宜区 | D53: 2014 | E53: 林芝镇康扎村村旅游接待住宿项目 | F53: 巴宜区扶贫办 | G53: 林芝镇康扎村 | H53: 康扎村村旅游接待点配套工程。 | J53: 69.47 | K53: 69.47 | L53: 0 | M53: 69.47 | N53: 69.47 | O53: 0 | P53: 公益类 | Q53: 乡村旅游 | R53: - | S53: - | T53: 是 | U53: 自主运营 | V53: 农村集体经济组织 | W53: 林芝市巴宜区林芝镇康扎村股份经济合作联合社 | X53: 否 | Y53: - | Z53: - | AA53: - | AB53: - | AC53: - | AD53: 巴宜区农业农村局 | AE53: 本项目与26号项目一体 | AG53: 林芝市巴宜区林芝镇朗欧村股份经济合作联合社 | AH53: 王辉
A54: 540624201417008 | B54: 林芝市 | C54: 巴宜区 | D54: 2014 | E54: 林芝县朗欧村旅游接待建设项目 | F54: 巴宜区扶贫办 | G54: 林芝镇朗欧村 | H54: 基础回填及挡墙等附属设施。 | J54: 20.8 | K54: 20.8 | L54: 0 | M54: 20.8 | N54: 20.8 | O54: 0 | P54: 公益类 | Q54: 乡村旅游 | R54: - | S54: - | T54: 是 | U54: 委托运营 | V54: 农村集体经济组织 | W54: 林芝市巴宜区林芝镇朗欧村股份经济合作联合社 | X54: 否 | Y54: - | Z54: - | AA54: - | AB54: - | AC54: - | AD54: 巴宜区农业农村局 | AE54: 本项目与3号项目一体 | AG54: 林芝市巴宜区百巴镇折巴村伍巴组股份经济合作社 | AH54: 林芝市巴宜区伍巴高原红艺术品加工农牧民专业合作社
A55: 540624201417009 | B55: 林芝市 | C55: 巴宜区 | D55: 2014 | E55: 百巴镇伍巴村旅游接待点项目 | F55: 巴宜区扶贫办 | G55: 百巴镇伍巴村 | H55: 增加了外墙装饰（整体贴片石），变更了屋顶结构及外观等。工程量及人工费用的增加。 | J55: 16.79 | K55: 16.79 | L55: 0 | M55: 16.79 | N55: 16.79 | O55: 0 | P55: 公益类 | Q55: 乡村旅游 | R55: - | S55: - | T55: 是 | U55: 委托运营 | V55: 农牧民专业合作社 | W55: 林芝市巴宜区伍巴高原红艺术品加工农牧民专业合作社 | X55: 否 | Y55: - | Z55: - | AA55: - | AB55: - | AC55: - | AD55: 巴宜区农业农村局 | AE55: 本项目与37号一体 | AG55: 林芝市巴宜区百巴镇增巴村股份经济合作联合社 | AH55: 林芝市巴宜区百巴镇增巴村股份经济合作联合社
A56: 540624201417010 | B56: 林芝市 | C56: 巴宜区 | D56: 2014 | E56: 百巴镇增巴村莫坝沟复垦地灌溉工程 | F56: 巴宜区扶贫办 | G56: 百巴镇增巴村 | H56: 新建灌溉水渠1510米，排水渠1600米，解决新开垦的940亩耕地灌溉和排涝问题。 | J56: 133.06 | K56: 133.06 | L56: 0 | M56: 133.06 | N56: 133.06 | O56: 0 | P56: 公益类 | Q56: 乡村旅游 | R56: - | S56: - | T56: 是 | U56: 自主运营 | V56: 农村集体经济组织 | W56: 林芝市巴宜区百巴镇折巴村伍巴组股份经济合作社 | X56: - | Y56: - | Z56: - | AA56: - | AB56: - | AC56: - | AD56: 巴宜区农业农村局 | AG56: 林芝市巴宜区布久乡珠曲登村股份经济合作联合社 | AH56: 西藏林芝圣域农牧综合有限公司
A57: 540624201416003 | B57: 林芝市 | C57: 巴宜区 | D57: 2014 | E57: 林芝县果园改造 | F57: 巴宜区发改委 | G57: 布久乡珠曲登村 | H57: 新建果园展销店78.18平方米、管理房 64.80平方米、厕所41.27平方米、土壤改良 595 亩、新建水渠 1200 米(30*40M 混凝土 )、木亭6个、铺装工程、大门、景石和网围栏等附属工程 | J57: 956.86 | K57: 956.86 | L57: 0 | M57: 956.86 | N57: 956.86 | O57: 0 | P57: 经营类 | Q57: 设施农业 | R57: 巩固 | S57: 巩固 | T57: 是 | U57: 委托运营 | V57: 农村集体经济组织 | W57: 林芝市巴宜区布久乡珠曲登村股份经济合作联合社 | X57: - | Y57: - | Z57: - | AA57: - | AB57: 5300000 | AC57: 20-30人 | AD57: 巴宜区农业农村局 | AG57: 林芝市巴宜区百巴镇拉格村股份经济合作联合社、米瑞乡吉定村32户村民 | AH57: 林芝市巴宜区百巴镇拉格村股份经济合作联合社、米瑞乡吉定村32户村民 | AI57: 百巴镇拉格村出租给外地人不知道姓名
A58: 540624201516001 | B58: 林芝市 | C58: 巴宜区 | D58: 2015 | E58: 百巴镇、米瑞乡蔬菜大棚建设项目 | F58: 巴宜区扶贫办 | G58: 百巴镇拉格村、米瑞乡吉定村 | H58: 拉格村新建8米×40米的单拱钢管塑料大棚26座，为满足种植过程中作物对灌溉的需求，配套相应灌溉设施；吉定村新建8米×20米的单拱钢管塑料大棚32座。 | J58: 226 | K58: 226 | L58: 0 | M58: 184.90222 | N58: 184.90222 | O58: 0 | P58: 经营类 | Q58: 设施农业 | R58: 巩固 | S58: 盘活 | T58: 是 | U58: 自主运营 | V58: 农村集体经济组织 | W58: 林芝市巴宜区百巴镇拉格村股份经济合作联合社、米瑞乡吉定村32户村民 | X58: 否 | Y58: - | Z58: - | AA58: - | AB58: 15000 | AC58: 113户 | AD58: 巴宜区农业农村局 | AG58: 林芝市巴宜区更章门巴民族乡久巴村股份经济合作联合社 | AH58: 林芝市巴宜区更章门巴民族乡久巴村草莓种植专业合作社
A59: 540624201504002 | B59: 林芝市 | C59: 巴宜区 | D59: 2015 | E59: 布久乡朱曲登村牲畜养殖棚圈建设项目 | F59: 巴宜区扶贫办 | G59: 布久乡珠曲登村 | H59: 新建砖混结构牲畜养殖棚1500平方米，其中3米x5米猪舍60座，6米x10米牛舍10座，管理用房104平方米，配套完善围墙和大门，扶持发展藏香猪和奶牛养殖。 | J59: 180 | K59: 180 | M59: 180 | N59: 180 | P59: 公益类 | Q59: 牦牛 | R59: - | S59: - | T59: 是 | U59: 自主运营 | V59: 农村集体经济组织 | W59: 林芝市巴宜区布久乡珠曲登村股份经济合作联合社 | X59: - | Y59: - | Z59: - | AA59: - | AB59: - | AC59: - | AD59: 巴宜区农业农村局 | AG59: 林芝市巴宜区米瑞乡色果拉村股份经济合作联合社 | AH59: 林芝市巴宜区米瑞乡色果拉村祥和种养殖农牧民合作社
A60: 540624201516002 | B60: 林芝市 | C60: 巴宜区 | D60: 2015 | E60: 更章乡久巴村水果基地建设项目 | F60: 巴宜区扶贫办 | G60: 更章乡久巴村 | H60: 新建8×40米的单拱钢管塑料大棚28座，每座面积为8米×40米=320平方米 | J60: 150 | K60: 150 | L60: 0 | M60: 150 | N60: 150 | O60: 0 | P60: 经营类 | Q60: 设施农业 | R60: 巩固 | S60: 巩固 | T60: 是 | U60: 自主运营 | V60: 农村集体经济组织 | W60: 林芝市巴宜区更章门巴民族乡久巴村股份经济合作联合社 | X60: 否 | Y60: - | Z60: - | AA60: - | AB60: 3228000 | AC60: 28户 | AD60: 巴宜区农业农村局 | AE60: 本项目与42号项目一起运营，分红数据按投资分摊 | AG60: 林芝市巴宜区八一镇拉丁嘎村股份经济合作联合社 | AH60: 林芝市巴宜区八一镇拉丁嘎村股份经济合作联合社
A61: 540624201506001 | B61: 林芝市 | C61: 巴宜区 | D61: 2015 | E61: 米瑞乡色果拉村绵羊养殖基地建设项目 | F61: 巴宜区扶贫办 | G61: 米瑞乡色果拉村 | H61: 绵羊养殖规模500只，配套建设砖木结构羊圈600平方米，种植苜蓿300亩。 | J61: 80 | K61: 80 | L61: 0 | M61: 80 | N61: 80 | O61: 0 | P61: 经营类 | Q61: 羊 | R61: 巩固 | S61: 巩固 | T61: 是 | U61: 委托运营 | V61: 农村集体经济组织 | W61: 林芝市巴宜区米瑞乡色果拉村股份经济合作联合社 | X61: 否 | Y61: - | Z61: - | AA61: - | AB61: 730944.37 | AC61: 31 | AD61: 巴宜区农业农村局 | AG61: 米瑞乡泽列村27户村民 | AH61: 米瑞乡泽列村27户村民
A62: 540624201516003 | B62: 林芝市 | C62: 巴宜区 | D62: 2015 | E62: 八一镇拉丁嘎村农田灌溉水渠建设项目 | F62: 巴宜区扶贫办 | G62: 八一镇拉丁嘎村 | H62: 新建1500m长PE水管，取水口1座，消力池1座，分水池3座，支渠4条，各100m。 | J62: 50 | K62: 50 | L62: 0 | M62: 47.25 | N62: 47.25 | O62: 0 | P62: 公益类 | Q62: 设施农业 | R62: - | S62: - | T62: 是 | U62: 自主运营 | V62: 农村集体经济组织 | W62: 林芝市巴宜区八一镇拉丁嘎村股份经济合作联合社 | X62: - | Y62: - | Z62: - | AA62: - | AB62: - | AC62: - | AD62: 巴宜区农业农村局 | AG62: 八一镇永久村8户村民 | AH62: 八一镇永久村8户村民
A63: 540624201507001 | B63: 林芝市 | C63: 巴宜区 | D63: 2015 | E63: 米瑞乡泽列村藏香猪养殖项目 | F63: 巴宜区扶贫办 | G63: 米瑞乡泽列村 | H63: 扶持27户农牧民群众发展藏香猪养殖，每户修建砖木结构15㎡猪舍1座，户均购置仔猪4头，共108头。 | J63: 25 | K63: 25 | L63: 0 | M63: 25 | N63: 25 | O63: 0 | P63: 到户类 | Q63: 猪 | R63: - | S63: - | T63: 是 | U63: 自主运营 | V63: 农户 | W63: 米瑞乡泽列村27户村民 | X63: 否 | Y63: - | Z63: - | AA63: - | AB63: - | AC63: - | AD63: 巴宜区农业农村局 | AG63: 林芝市巴宜区鲁朗镇拉月村股份经济合作联合社 | AH63: 林芝市巴宜区鲁朗镇拉月村股份经济合作联合社 | AI63: 全村36户村民每年2户轮流运营
A64: 540624201507002 | B64: 林芝市 | C64: 巴宜区 | D64: 2015 | E64: 八一镇永久村牲畜养殖项目 | F64: 巴宜区扶贫办 | G64: 八一镇永久村 | H64: 扶持八一镇永久村8户26人建设占地面积1250平米的砖木结构猪舍140平米，砖木结构牛舍210平方米，购买犏奶牛70头，藏香猪仔70头。 | J64: 40 | K64: 40 | L64: 0 | M64: 40 | N64: 40 | O64: 0 | P64: 到户类 | Q64: 猪 | R64: - | S64: - | T64: 是 | U64: 自主运营 | V64: 农户 | W64: 八一镇永久村8户村民 | X64: 否 | Y64: - | Z64: - | AA64: - | AB64: - | AC64: - | AD64: 巴宜区农业农村局 | AG64: 林芝市巴宜区米瑞乡朗乃村股份经济合作联合社 | AH64: 林芝市巴宜区米瑞乡朗乃村股份经济合作联合社
A65: 540624201517001 | B65: 林芝市 | C65: 巴宜区 | D65: 2015 | E65: 鲁朗镇拉月温泉建设项目 | F65: 巴宜区扶贫办 | G65: 鲁朗镇拉月村 | H65: 建设占地面积1191.81平米的砖混接待休息室200平米，温泉洗浴池7个，共106.47平方米。 | J65: 75 | K65: 75 | L65: 0 | M65: 75 | N65: 75 | O65: 0 | P65: 经营类 | Q65: 乡村旅游 | R65: 巩固 | S65: 巩固 | T65: 是 | U65: 自主运营 | V65: 农村集体经济组织 | W65: 林芝市巴宜区鲁朗镇拉月村股份经济合作联合社 | X65: 否 | Y65: - | Z65: - | AA65: - | AB65: - | AC65: 36 | AD65: 巴宜区农业农村局 | AG65: 林芝市巴宜区布久乡简切村经济联合社 | AH65: 林芝市巴宜区布久乡简切村经济联合社 | AI65: 出租给一个姓旺的外地人名字不知道
A66: 540624201519001 | B66: 林芝市 | C66: 巴宜区 | D66: 2015 | E66: 米瑞乡朗乃村果树种植项目 | F66: 巴宜区扶贫办 | G66: 米瑞乡朗乃村 | H66: 一是种植苹果、梨、核桃等水果200亩；二是建设网围栏3700米；三是修建水渠400米。 | J66: 65 | K66: 65 | L66: 0 | M66: 63.034 | N66: 63.034 | O66: 0 | P66: 经营类 | Q66: 其他 | R66: 巩固 | S66: 升级 | T66: 是 | U66: 自主运营 | V66: 农村集体经济组织 | W66: 林芝市巴宜区米瑞乡朗乃村股份经济合作联合社 | X66: 否 | Y66: - | Z66: - | AA66: - | AB66: - | AC66: - | AD66: 巴宜区农业农村局 | AG66: 布久乡简切村36户村民 | AH66: 布久乡简切村36户村民
A67: 540624201517002 | B67: 林芝市 | C67: 巴宜区 | D67: 2015 | E67: 布久乡简切村民俗旅游接待中心 | F67: 巴宜区扶贫办 | G67: 布久乡简切村 | H67: 新建一座三层框架结构民俗旅游接待中心一座，建筑面积为898.平方米，配套相应室外设施，满足餐饮，商铺，房屋出租的功能。 | J67: 350 | K67: 350 | L67: 0 | M67: 342.94762 | N67: 342.94762 | O67: 0 | P67: 经营类 | Q67: 乡村旅游 | R67: 巩固 | S67: 巩固 | T67: 是 | U67: 委托运营 | V67: 农村集体经济组织 | W67: 林芝市巴宜区布久乡简切村经济联合社 | X67: 否 | Y67: - | Z67: - | AA67: - | AB67: - | AC67: - | AD67: 巴宜区农业农村局 | AG67: 林芝市巴宜区八一镇公众村色定组经济合作社 | AH67: 巴宜区卡丁圣和农业开发有限公司
A68: 540624201519002 | B68: 林芝市 | C68: 巴宜区 | D68: 2015 | E68: 布久乡简切村果树种植项目 | F68: 巴宜区扶贫办 | G68: 布久乡简切村 | H68: 1）、购买和种植苹果树苗2000株，梨树苗2000株，核桃树4000株；2）、新建网围栏2000米。 | J68: 50 | K68: 50 | L68: 0 | M68: 50 | N68: 50 | O68: 0 | P68: 到户类 | Q68: 其他 | R68: - | S68: - | T68: 否 | U68: 自主运营 | V68: 农户 | W68: 布久乡简切村36户村民 | X68: 否 | Y68: - | Z68: - | AA68: - | AB68: - | AC68: - | AD68: 巴宜区农业农村局 | AG68: 林芝市巴宜区八一镇公众村色定组经济合作社 | AH68: 巴宜区卡丁圣和农业开发有限公司
A69: 540624201517003 | B69: 林芝市 | C69: 巴宜区 | D69: 2015 | E69: 八一镇公众村玫瑰种植项目 | F69: 巴宜区扶贫办 | G69: 八一镇公众村 | H69: 扶持八一镇公众村新建砖混结构加工车间240平方米；新建砖混结构办公区域240平方米；新建砖混结构职工住房60平方米；玫瑰种植70亩，配套相关设施设备包括机耕道、引水管道及配件；新购机械设备18台套。 | J69: 270 | K69: 270 | L69: 0 | M69: 270 | N69: 270 | O69: 0 | P69: 经营类 | Q69: 乡村旅游 | R69: 巩固 | S69: 调整 | T69: 是 | U69: 委托运营 | V69: 农村集体经济组织 | W69: 林芝市巴宜区八一镇公众村公众组股份经济合作社 | X69: 否 | Y69: - | Z69: - | AA69: - | AB69: - | AC69: - | AD69: 巴宜区农业农村局 | AG69: 林芝市巴宜区林芝镇卡斯木村股份经济合作联合社 | AH69: 林芝市巴宜区央宗氆氇手工艺品制作加工专业合作社 | AI69: 个人合作社
A70: 540624201519003 | B70: 林芝市 | C70: 巴宜区 | D70: 2015 | E70: 八一镇公众村果树种植项目 | F70: 巴宜区扶贫办 | G70: 八一镇公众村 | H70: 建设项目规模：加定村种植苹果、梨、核桃等水果70亩，色定村种植苹果、梨、核桃等水果80亩；配套输水管道6000米，道路整修3000米，相关设备，建设网围栏2000米。 | J70: 130 | K70: 130 | L70: 0 | M70: 130 | N70: 130 | O70: 0 | P70: 经营类 | Q70: 其他 | R70: 巩固 | S70: 调整 | T70: 否 | U70: 委托运营 | V70: 农村集体经济组织 | W70: 林芝市巴宜区八一镇公众村公众组股份经济合作社 | X70: 否 | Y70: - | Z70: - | AA70: - | AB70: - | AC70: - | AD70: 巴宜区农业农村局 | AG70: 林芝市巴宜区更章门巴民族乡更章村股份经济合作联合社 | AH70: 林芝市巴宜区更章门巴民族乡更章村股份经济合作联合社
A71: 540624201519004 | B71: 林芝市 | C71: 巴宜区 | D71: 2015 | E71: 林芝镇卡斯木村氆氇加工厂建设项目 | F71: 巴宜区扶贫办 | G71: 林芝镇卡斯木村 | H71: 项目新建轻钢夹芯板结构生产厂房200平方米，并购置氆氇机30台套。 | J71: 30 | K71: 30 | L71: 0 | M71: 30 | N71: 30 | O71: 0 | P71: 经营类 | Q71: 其他 | R71: 巩固 | S71: 巩固 | T71: 是 | U71: 委托运营 | V71: 农牧民专业合作社 | W71: 林芝市巴宜区央宗氆氇手工艺品制作加工专业合作社 | X71: 否 | Y71: - | Z71: - | AA71: - | AB71: - | AC71: 29 | AD71: 巴宜区农业农村局 | AG71: 米瑞乡麦娘麦村30户村民 | AH71: 米瑞乡麦娘麦村30户村民
A72: 540624201511001 | B72: 林芝市 | C72: 巴宜区 | D72: 2015 | E72: 更张乡更张村天麻种植项目 | F72: 巴宜区扶贫办 | G72: 更章乡更张村 | H72: 开发7亩土地种植天麻，购置白头麻麻种2810斤，购买菌棒1.05万根。 | J72: 30 | K72: 30 | L72: 0 | M72: 29.987 | N72: 29.987 | O72: 0 | P72: 经营类 | Q72: 藏药 | R72: 巩固 | S72: 调整 | T72: 否 | U72: 自主运营 | V72: 农村集体经济组织 | W72: 林芝市巴宜区更章门巴民族乡更章村股份经济合作联合社 | X72: 否 | Y72: - | Z72: - | AA72: - | AB72: - | AC72: - | AD72: 巴宜区农业农村局 | AG72: 百巴镇连别村8户村民 | AH72: 百巴镇连别村8户村民
A73: 540624201504002 | B73: 林芝市 | C73: 巴宜区 | D73: 2015 | E73: 百巴镇打麦场建设项目 | F73: 巴宜区扶贫办 | G73: 百巴镇折巴村 | H73: 新修91mx36m，3276平方米打麦场 | J73: 30 | K73: 30 | M73: 30 | N73: 30 | P73: 公益类 | Q73: 设施农业 | R73: - | S73: - | T73: 是 | U73: 自主运营 | V73: 农村集体经济组织 | W73: 林芝市巴宜区百巴镇折巴村伍巴组股份经济合作社 | X73: - | Y73: - | Z73: - | AA73: - | AB73: - | AC73: - | AD73: - | AG73: 巴宜区发展和改革委员会 | AH73: 巴宜区发展和改革委员会
A74: 540624201507003 | B74: 林芝市 | C74: 巴宜区 | D74: 2015 | E74: 麦娘麦村藏猪养殖项目 | F74: 巴宜区扶贫办 | G74: 米瑞乡麦娘麦村 | H74: 米瑞乡麦娘麦村养殖藏猪幼崽480头，修建猪圈1024平方米。 | J74: 40 | K74: 40 | L74: 0 | M74: 40 | N74: 40 | O74: 0 | P74: 到户类 | Q74: 猪 | R74: - | S74: - | T74: 是 | U74: 自主运营 | V74: 农户 | W74: 米瑞乡麦娘麦村30户村民 | X74: 否 | Y74: - | Z74: - | AA74: - | AB74: - | AC74: - | AD74: 巴宜区农业农村局 | AG74: 林芝市巴宜区鲁朗镇罗布村股份经济合作联合社、林芝市巴宜区鲁朗镇扎西岗村股份经济合作联合社 | AH74: 罗布村：刘永根，扎西岗村：次仁多吉
A75: 540624201516004 | B75: 林芝市 | C75: 巴宜区 | D75: 2015 | E75: 百巴镇连别村精准扶贫项目 | F75: 巴宜区扶贫办 | G75: 百巴镇连别村 | H75: 修建砖砌围墙4105米，建8米×40米钢架大棚8栋 | J75: 155 | K75: 155 | L75: 0 | M75: 155 | N75: 155 | O75: 0 | P75: 到户类 | Q75: 设施农业 | R75: - | S75: - | T75: 否 | U75: 自主运营 | V75: 农户 | W75: 百巴镇连别村8户村民 | X75: 否 | Y75: - | Z75: - | AA75: - | AB75: - | AC75: - | AD75: 巴宜区农业农村局 | AG75: 林芝市巴宜区鲁朗镇罗布村股份经济合作联合社、林芝市巴宜区鲁朗镇扎西岗村股份经济合作联合社 | AH75: 林芝市巴宜区鲁朗镇罗布村股份经济合作联合社，林芝市巴宜区鲁朗镇扎西岗村股份经济合作联合社
A76: 540624201517004 | B76: 林芝市 | C76: 巴宜区 | D76: 2015 | E76: 林芝县农家乐家庭旅馆建设 | F76: 小康示范办 | G76: 八一镇 | H76: 家庭旅馆965.8平方米 | J76: 299.97 | K76: 299.97 | L76: 0 | M76: 299.97 | N76: 299.97 | O76: 0 | P76: 经营类 | Q76: 乡村旅游 | R76: 巩固 | S76: 调整 | T76: 否 | U76: 自主运营 | V76: 农村集体经济组织 | W76: 林芝市巴宜区八一镇公众村色定组股份经济合作社 | X76: - | Y76: - | Z76: - | AA76: - | AB76: - | AC76: - | AD76: 巴宜区农业农村局 | AE76: 盘活 | AG76: 林芝市巴宜区鲁朗镇扎西岗村股份经济合作联合社 | AH76: 林芝市巴宜区鲁朗镇扎西岗村股份经济合作联合社
A77: 540624201617001 | B77: 林芝市 | C77: 巴宜区 | D77: 2016 | E77: 鲁朗镇扎西岗村、罗布村洗车场建设项目 | F77: 巴宜区扶贫办 | G77: 鲁朗镇扎西岗村、罗布村 | H77: 库房15.04㎡两个、道路硬化200m两个、水池2座、设备采购等（建筑、装饰、安装）。 | J77: 19.13 | K77: 19.13 | L77: 0 | M77: 16.237028 | N77: 16.237028 | O77: 0 | P77: 经营类 | Q77: 乡村旅游 | R77: 巩固 | S77: 巩固 | T77: 是 | U77: 委托运营 | V77: 农村集体经济组织 | W77: 林芝市巴宜区鲁朗镇罗布村股份经济合作联合社、林芝市巴宜区鲁朗镇扎西岗村股份经济合作联合社 | X77: 是 | Y77: - | Z77: - | AA77: 通过“村委会+市场”，带动农牧民增收，巩固脱贫成效受益群体：鲁朗镇全镇26户建档立卡户（除五保户外） | AB77: 80000 | AC77: 2 | AD77: 巴宜区农业农村局 | AG77: 鲁朗镇扎西岗村3户村民 | AH77: 鲁朗镇扎西岗村3户村民
A78: 540624201617002 | B78: 林芝市 | C78: 巴宜区 | D78: 2016 | E78: 鲁朗镇片区自行车租赁项目 | F78: 巴宜区扶贫办 | G78: 鲁朗镇扎西岗村、罗布村 | H78: 新建车棚12*2.5m3座、管理用房31.57㎡2个。场地平整2项、标示牌3个、植草砖870m²、围墙37.2m、排水沟70m、购置单人、多人60辆自行车（建筑、装饰、安装）。 | J78: 141.12 | K78: 141.12 | L78: 0 | M78: 122.03523 | N78: 122.03523 | O78: 0 | P78: 经营类 | Q78: 乡村旅游 | R78: 巩固 | S78: 巩固 | T78: 是 | U78: 自主运营 | V78: 农村集体经济组织 | W78: 林芝市巴宜区鲁朗镇罗布村股份经济合作联合社、林芝市巴宜区鲁朗镇扎西岗村股份经济合作联合社 | X78: 是 | Y78: 2019.06 | Z78: - | AA78: 通过“村委会+贫困户+企业”方式，带动农牧民增收，巩固脱贫成效；受益人姓名为卫东、阿旺措姆等12户；鼓励有劳力贫困户投身自行车租赁经营，赚取相应劳动报酬，从而获得比较稳定的收入；定额每年收取3.60万元资金用做全镇统筹分红； | AB78: 178000 | AC78: - | AD78: 巴宜区农业农村局 | AG78: 林芝市巴宜区鲁朗镇洛木村股份经济合作联合社 | AH78: 林芝市巴宜区鲁朗镇洛木村股份经济合作联合社
A79: 540624201619001 | B79: 林芝市 | C79: 巴宜区 | D79: 2016 | E79: 鲁朗镇扎西岗村林下资源烘干厂房项目 | F79: 巴宜区扶贫办 | G79: 鲁朗镇扎西岗村 | H79: 建设53.68m²的厂房，总体电气1项，购买烘干机设备（建筑、装饰、安装）。 | J79: 31.29 | K79: 31.29 | L79: 0 | M79: 28.929695 | N79: 28.929695 | O79: 0 | P79: 经营类 | Q79: 其他 | R79: 巩固 | S79: 巩固 | T79: 否 | U79: 自主运营 | V79: 农村集体经济组织 | W79: 林芝市巴宜区鲁朗镇扎西岗村股份经济合作联合社 | X79: 是 | Y79: 2019.06 | Z79: - | AA79: 通过“村委会+企业”方式，带动农牧民增收，巩固脱贫成效；受益人群为鲁朗镇全镇26户建档立卡户（除五保户外）；鼓励有劳力贫困户投身烘干厂房运营赚取相应劳动报酬，从而获得稳定的收入，再次基础上，再次参与年终扶贫利益分红；每年定期上缴租金2万元用于全镇26户建档立卡贫困群众统筹分红。 | AB79: 10000 | AC79: - | AD79: 巴宜区农业农村局 | AG79: 八一镇永久村1户村民，八一镇拉丁嘎村6户村民，八一镇巴果绕村1户村民，八一镇巴吉村1户村民，八一镇多布村1户村，八一镇加乃村2户村民，八一镇尼西村2户村民，八一镇唐地村5户村民，八一镇章麦村2户村民 | AH79: 八一镇永久村1户村民，八一镇拉丁嘎村6户村民，八一镇巴果绕村1户村民，八一镇巴吉村1户村民，八一镇多布村1户村，八一镇加乃村2户村民，八一镇尼西村2户村民，八一镇唐地村5户村民，八一镇章麦村2户村民
A80: 540624201604001 | B80: 林芝市 | C80: 巴宜区 | D80: 2016 | E80: 鲁朗镇扎西岗犏奶牛养殖项目 | F80: 巴宜区扶贫办 | G80: 鲁朗镇扎西岗村 | H80: 扶持群众发展犏奶牛养殖，户均扶持25头、共购置75头，每户建牛舍40平米，共建设120平米牛舍。 | J80: 59.63 | K80: 59.63 | L80: 0 | M80: 59.63 | N80: 59.63 | O80: 0 | P80: 到户类 | Q80: 牦牛 | R80: - | S80: - | T80: 是 | U80: 自主运营 | V80: 农户 | W80: 鲁朗镇扎西岗村3户村民 | X80: 否 | Y80: - | Z80: - | AA80: - | AB80: - | AC80: - | AD80: 巴宜区农业农村局 | AG80: 八一镇拉丁嘎村5户村民，八一镇加当嘎村2户村民，八一镇公众村1户村民，八一镇巴果绕村2户村民，八一镇尼西村1户村民，八一镇唐地村1户村民，八一镇章麦村3户村民 | AH80: 八一镇拉丁嘎村5户村民，八一镇加当嘎村2户村民，八一镇公众村1户村民，八一镇巴果绕村2户村民，八一镇尼西村1户村民，八一镇唐地村1户村民，八一镇章麦村3户村民
A81: 540624201611001 | B81: 林芝市 | C81: 巴宜区 | D81: 2016 | E81: 鲁朗镇洛木村藏药材种植项目 | F81: 巴宜区扶贫办 | G81: 鲁朗镇洛木村 | H81: 扶持洛木村困难群众发展波菱瓜种植，共种植168亩，配套网围栏等基础设施。 | J81: 45.63 | K81: 45.63 | L81: 0 | M81: 45.63 | N81: 45.63 | O81: 0 | P81: 经营类 | Q81: 藏药 | R81: 巩固 | S81: 调整 | T81: 否 | U81: 自主运营 | V81: 农村集体经济组织 | W81: 林芝市巴宜区鲁朗镇洛木村股份经济合作联合社 | X81: 是 | Y81: 2019.06 | Z81: - | AA81: 通过“村委+农户”方式，带动农牧民增收，巩固脱贫成效；受益人群为洛木村全体村民（含3户建档立卡群众）；鼓励有劳力贫困户投身波棱瓜种植赚取相应劳动报酬，从而获得稳定的收入；项目涉及洛木村贫困户3户（达娃央宗、旦追、格桑），村委根据实际情况分红，（整村项目不涉及统筹分红） | AB81: 7200 | AC81: 85 | AD81: 巴宜区农业农村局 | AG81: 八一镇永久村1户村民，八一镇尼西村1户村民 | AH81: 八一镇永久村1户村民，八一镇尼西村1户村民
A82: 540624201604002 | B82: 林芝市 | C82: 巴宜区 | D82: 2016 | E82: 八一镇犏奶牛养殖项目 | F82: 巴宜区扶贫办 | G82: 八一镇巴果绕村、巴吉村、多布村、拉丁嘎村、永久村、章麦村、唐地村、尼西村、加乃村 | H82: 购买42头犏奶牛，新建牛舍630㎡。 | J82: 55.68 | K82: 55.68 | L82: 0 | M82: 55.68 | N82: 55.68 | O82: 0 | P82: 到户类 | Q82: 牦牛 | R82: - | S82: - | T82: 是 | U82: 自主运营 | V82: 农户 | W82: 八一镇永久村1户村民，八一镇拉丁嘎村6户村民，八一镇巴果绕村1户村民，八一镇巴吉村1户村民，八一镇多布村1户村，八一镇加乃村2户村民，八一镇尼西村2户村民，八一镇唐地村5户村民，八一镇章麦村2户村民 | X82: 否 | Y82: - | Z82: - | AA82: - | AB82: - | AC82: - | AD82: 巴宜区农业农村局 | AE82: 八一镇巴果绕村：1户；巴吉村：1户；多布村：1户；拉；嘎村：6户；永久村：1户；章麦村：2户；唐地村：5户；尼西村：2户；加乃村：2户 | AG82: 林芝镇卡斯木村3户村民，林芝镇尼池村5户村民，林芝镇曲古村1户村民，林芝镇镇巴村5户村民，林芝镇康扎村5户村民 | AH82: 林芝镇卡斯木村3户村民，林芝镇尼池村5户村民，林芝镇曲古村1户村民，林芝镇镇巴村5户村民，林芝镇康扎村5户村民
A83: 540624201607001 | B83: 林芝市 | C83: 巴宜区 | D83: 2016 | E83: 八一镇藏香猪项目 | F83: 巴宜区扶贫办 | G83: 八一镇巴果绕村、公众村、加当嘎村、拉丁嘎村、章麦村、尼西村 | H83: 购买510头藏香猪猪仔，新建猪舍340㎡。 | J83: 50.6 | K83: 50.6 | L83: 0 | M83: 50.595908 | N83: 50.595908 | O83: 0 | P83: 到户类 | Q83: 猪 | R83: - | S83: - | T83: 是 | U83: 自主运营 | V83: 农户 | W83: 八一镇拉丁嘎村5户村民，八一镇加当嘎村2户村民，八一镇公众村1户村民，八一镇巴果绕村2户村民，八一镇尼西村1户村民，八一镇唐地村1户村民，八一镇章麦村3户村民 | X83: 否 | Y83: - | Z83: - | AA83: - | AB83: - | AC83: - | AD83: 巴宜区农业农村局 | AE83: 巴果绕村：2户；公众村：1户；加当嘎村：4户；拉丁嘎村：5户；章麦村：1户；尼西村：1户 | AG83: 百巴镇增巴村1户村民，林芝市巴宜区百巴镇拉格村股份经济合作联合社 | AH83: 百巴镇增巴村1户村民，林芝市巴宜区百巴镇拉格村股份经济合作联合社
A84: 540624201608001 | B84: 林芝市 | C84: 巴宜区 | D84: 2016 | E84: 八一镇藏鸡养殖 | F84: 巴宜区扶贫办 | G84: 八一镇永久村、尼西村 | H84: 购买藏鸡鸡苗200只。新建鸡舍90㎡。 | J84: 10.08 | K84: 10.08 | L84: 0 | M84: 10.07575 | N84: 10.07575 | O84: 0 | P84: 到户类 | Q84: 鸡 | R84: - | S84: - | T84: 是 | U84: 自主运营 | V84: 农户 | W84: 八一镇永久村1户村民，八一镇尼西村1户村民 | X84: 否 | Y84: - | Z84: - | AA84: - | AB84: - | AC84: - | AD84: 巴宜区农业农村局 | AE84: 尼西村：1户；永久村：1户 | AG84: 百巴镇折巴村2户村民 | AH84: 百巴镇折巴村2户村民
A85: 540624201604003 | B85: 林芝市 | C85: 巴宜区 | D85: 2016 | E85: 林芝镇养殖项目 | F85: 巴宜区扶贫办 | G85: 林芝镇真巴村、尼池村、康扎村、曲古村、卡斯木村 | H85: 尼池村新建集中牛舍300㎡，30㎡/间，共10间，新建100㎡混合结构办公室1间、新建35㎡的仓库1间，安装1500m网围栏，购置犏奶牛40头。曲古村、真巴村、康扎村购置犏奶牛35头，到户新建牛舍330㎡，30㎡/间，共11间。卡斯木村新建猪舍2间，每间20㎡，购置藏香猪50头。 | J85: 116.2 | K85: 116.2 | L85: 0 | M85: 111.86015 | N85: 111.86015 | O85: 0 | P85: 到户类 | Q85: 牦牛 | R85: - | S85: - | T85: 是 | U85: 自主运营 | V85: 农户 | W85: 林芝镇卡斯木村3户村民，林芝镇尼池村5户村民，林芝镇曲古村1户村民，林芝镇镇巴村5户村民，林芝镇康扎村5户村民 | X85: 否 | Y85: - | Z85: - | AA85: - | AB85: - | AC85: - | AD85: 巴宜区农业农村局 | AE85: 尼池村：1户；曲古村：1户；卡斯木村：2户；康扎村：6户；真巴村：2户 | AG85: 更章乡扎曲村4户村民 | AH85: 更章乡扎曲村4户村民
A86: 540624201604004 | B86: 林芝市 | C86: 巴宜区 | D86: 2016 | E86: 百巴镇奶牛养殖项目 | F86: 巴宜区扶贫办 | G86: 百巴镇拉格村、增巴村 | H86: 新建1座集中牛舍200㎡、布设150m排污管道，修建化粪池1座，新建值班室30㎡，购买与安装500米网围栏，铺设给排水系统、供水管道300米，架设输电线路1套，购置犏奶牛65头。扶持增巴村一户购买犏牛3头，配套圈舍建设。 | J86: 106.2 | K86: 106.2 | L86: 0 | M86: 106.2 | N86: 106.2 | O86: 0 | P86: 经营类 | Q86: 牦牛 | R86: 巩固 | S86: 盘活 | T86: 否 | U86: 自主运营 | V86: 农村集体经济组织 | W86: 百巴镇增巴村1户村民，林芝市巴宜区百巴镇拉格村股份经济合作联合社 | X86: 否 | Y86: - | Z86: - | AA86: - | AB86: - | AC86: - | AD86: 巴宜区农业农村局 | AG86: 更章乡更章村7户村民 | AH86: 更章乡更章村7户村民
A87: 540624201607002 | B87: 林芝市 | C87: 巴宜区 | D87: 2016 | E87: 百巴镇藏香猪养殖项目 | F87: 巴宜区扶贫办 | G87: 百巴镇折巴村 | H87: 新建猪舍40㎡，购买藏香猪仔猪60头。 | J87: 5.95 | K87: 5.95 | L87: 0 | M87: 5.95 | N87: 5.95 | O87: 0 | P87: 到户类 | Q87: 猪 | R87: - | S87: - | T87: 是 | U87: 自主运营 | V87: 农户 | W87: 百巴镇折巴村2户村民 | X87: 否 | Y87: - | Z87: - | AA87: - | AB87: - | AC87: - | AD87: 巴宜区农业农村局 | AG87: 更章乡更章村1户村民 | AH87: 更章乡更章村1户村民
A88: 540624201604005 | B88: 林芝市 | C88: 巴宜区 | D88: 2016 | E88: 更章乡犏奶牛养殖项目（扎曲） | F88: 巴宜区扶贫办 | G88: 更章乡扎曲村 | H88: 扶持4户群众发展犏奶牛养殖，每户购置4头、修建砖木结构牛圈30平方米，共购置16头犏奶牛、修建牛舍120平方米。 | J88: 18.93 | K88: 18.93 | L88: 0 | M88: 18.93 | N88: 18.93 | O88: 0 | P88: 到户类 | Q88: 牦牛 | R88: - | S88: - | T88: 是 | U88: 自主运营 | V88: 农户 | W88: 更章乡扎曲村4户村民 | X88: 否 | Y88: - | Z88: - | AA88: - | AB88: - | AC88: - | AD88: 巴宜区农业农村局 | AG88: 更章乡娘萨村5户村民 | AH88: 更章乡娘萨村5户村民
A89: 540624201608002 | B89: 林芝市 | C89: 巴宜区 | D89: 2016 | E89: 更章乡小型藏鸡养殖场项目 | F89: 巴宜区扶贫办 | G89: 更章乡更章村 | H89: 建设藏鸡养殖场一个、鸡舍200平方米、藏鸡苗1000只配套网围栏1000米、其他配套设施药品、饲料等。 | J89: 64.27 | K89: 64.27 | L89: 0 | M89: 64.27 | N89: 64.27 | O89: 0 | P89: 到户类 | Q89: 鸡 | R89: - | S89: - | T89: 是 | U89: 自主运营 | V89: 农户 | W89: 更章乡更章村7户村民 | X89: 否 | Y89: - | Z89: - | AA89: - | AB89: - | AC89: - | AD89: 巴宜区农业农村局 | AG89: 布久乡简切村4户村民，布久乡甲日卡村1户村民，布久乡麦巴村2户村民，布久乡仲果村3户村民，布久乡仲萨巴村1户村民 | AH89: 布久乡简切村4户村民，布久乡甲日卡村1户村民，布久乡麦巴村2户村民，布久乡仲果村3户村民，布久乡仲萨巴村1户村民
A90: 540624201607003 | B90: 林芝市 | C90: 巴宜区 | D90: 2016 | E90: 更章乡藏香猪养殖项目 | F90: 巴宜区扶贫办 | G90: 更章乡更章村 | H90: 修建砖木结构60平米猪圈，买50头猪、配套 网围栏100米、其他配套设施药品、饲料等。 | J90: 7.07 | K90: 7.07 | L90: 0 | M90: 7.07 | N90: 7.07 | O90: 0 | P90: 到户类 | Q90: 猪 | R90: - | S90: - | T90: 是 | U90: 自主运营 | V90: 农户 | W90: 更章乡更章村1户村民 | X90: 否 | Y90: - | Z90: - | AA90: - | AB90: - | AC90: - | AD90: 巴宜区农业农村局 | AG90: 布久乡简切村3户村民，布久乡杰麦村1户村民，布久乡朵当村3户村民，布久乡嘎玛村4户村民，布久乡仲果村2户村民，布久乡仲萨巴村1户村民，布久乡珠曲登村1户村民 | AH90: 布久乡简切村3户村民，布久乡杰麦村1户村民，布久乡朵当村3户村民，布久乡嘎玛村4户村民，布久乡仲果村2户村民，布久乡仲萨巴村1户村民，布久乡珠曲登村1户村民
A91: 540624201604006 | B91: 林芝市 | C91: 巴宜区 | D91: 2016 | E91: 更章乡犏牛养殖项目（娘萨） | F91: 巴宜区扶贫办 | G91: 更章乡娘萨村 | H91: 5户发展犏奶牛养殖，每户购置4头牛，4户均扩建砖木结构牛圈15平方米，1户新建牛舍30平米。共购置20头犏奶牛。 | J91: 23.55 | K91: 23.55 | L91: 0 | M91: 23.55 | N91: 23.55 | O91: 0 | P91: 到户类 | Q91: 牦牛 | R91: - | S91: - | T91: 是 | U91: 自主运营 | V91: 农户 | W91: 更章乡娘萨村5户村民 | X91: 否 | Y91: - | Z91: - | AA91: - | AB91: - | AC91: - | AD91: 巴宜区农业农村局 | AG91: 布久乡甲日卡村1户村民 | AH91: 布久乡甲日卡村1户村民
A92: 540624201607004 | B92: 林芝市 | C92: 巴宜区 | D92: 2016 | E92: 布久乡藏猪养殖项目 | F92: 巴宜区扶贫办 | G92: 布久乡仲果村、麦巴村、简切村、仲莎巴村、甲日卡村 | H92: 购买藏香猪仔猪330头（户均30头），修建220㎡猪圈。 | J92: 29.33 | K92: 29.33 | L92: 0 | M92: 29.33 | N92: 29.33 | O92: 0 | P92: 到户类 | Q92: 猪 | R92: - | S92: - | T92: 是 | U92: 自主运营 | V92: 农户 | W92: 布久乡简切村4户村民，布久乡甲日卡村1户村民，布久乡麦巴村2户村民，布久乡仲果村3户村民，布久乡仲萨巴村1户村民 | X92: 否 | Y92: - | Z92: - | AA92: - | AB92: - | AC92: - | AD92: 巴宜区农业农村局 | AE92: 仲果村：3户；麦巴村：2户；仲萨巴村：1户；简切村：4户；甲日卡村：1户 | AG92: 布久乡孜热村1户村民 | AH92: 布久乡孜热村1户村民
A93: 540624201604007 | B93: 林芝市 | C93: 巴宜区 | D93: 2016 | E93: 布久乡犏牛养殖项目 | F93: 巴宜区扶贫办 | G93: 布久乡杰麦村、仲果村、朵当村、珠曲登村、简切村、嘎玛村、仲莎巴村 | H93: 购买犏奶牛32头及维修牛舍一座。 | J93: 32.97 | K93: 32.97 | L93: 0 | M93: 32.97 | N93: 32.97 | O93: 0 | P93: 到户类 | Q93: 牦牛 | R93: - | S93: - | T93: 是 | U93: 自主运营 | V93: 农户 | W93: 布久乡简切村3户村民，布久乡杰麦村1户村民，布久乡朵当村3户村民，布久乡嘎玛村4户村民，布久乡仲果村2户村民，布久乡仲萨巴村1户村民，布久乡珠曲登村1户村民 | X93: 否 | Y93: - | Z93: - | AA93: - | AB93: - | AC93: - | AD93: 巴宜区农业农村局 | AE93: 朵当村：3户；嘎玛村：4户；仲果村：2户；仲萨巴村：1户；珠曲登村：1户；杰麦村：1户；简切村：3户； | AG93: 林芝市巴宜区八一镇巴吉村玉米组股份经济合作社 | AH93: 林芝市巴宜区八一镇巴吉村玉米组股份经济合作社
A94: 540624201608003 | B94: 林芝市 | C94: 巴宜区 | D94: 2016 | E94: 布久乡藏鸡养殖项目 | F94: 巴宜区扶贫办 | G94: 布久乡甲日卡村 | H94: 购买藏鸡200只，修建鸡舍50㎡。 | J94: 6.04 | K94: 6.04 | L94: 0 | M94: 6.04 | N94: 6.04 | O94: 0 | P94: 到户类 | Q94: 鸡 | R94: - | S94: - | T94: 否 | U94: 自主运营 | V94: 农户 | W94: 布久乡甲日卡村1户村民 | X94: 否 | Y94: - | Z94: - | AA94: - | AB94: - | AC94: - | AD94: 巴宜区农业农村局 | AG94: 八一镇加当嘎村1户村民 | AH94: 八一镇加当嘎村1户村民
A95: 540624201606001 | B95: 林芝市 | C95: 巴宜区 | D95: 2016 | E95: 布久乡羊养殖项目 | F95: 巴宜区扶贫办 | G95: 布久乡孜热村 | H95: 小绵羊20只及修建羊圈30㎡。 | J95: 1.75 | K95: 1.75 | L95: 0 | M95: 1.75 | N95: 1.75 | O95: 0 | P95: 到户类 | Q95: 羊 | R95: - | S95: - | T95: 否 | U95: 自主运营 | V95: 农户 | W95: 布久乡孜热村1户村民 | X95: 否 | Y95: - | Z95: - | AA95: - | AB95: - | AC95: - | AD95: 巴宜区农业农村局 | AG95: 林芝市巴宜区林芝镇朗欧村股份经济合作联合社 | AH95: 林芝市巴宜区林芝镇朗欧村股份经济合作联合社
A96: 540624201614001 | B96: 林芝市 | C96: 巴宜区 | D96: 2016 | E96: 八一镇果树种植经济林木种植项目 | F96: 巴宜区扶贫办 | G96: 八一镇巴吉村 | H96: 打水井1眼，购买不锈钢高压水泵1台，购买有机肥20吨，购买网纹管PVC软管1070m，购买苹果树苗1000株。 | J96: 13.38 | K96: 13.38 | L96: 0 | M96: 13.38 | N96: 13.38 | O96: 0 | P96: 经营类 | Q96: 苹果 | R96: 巩固 | S96: 巩固 | T96: 是 | U96: 自主运营 | V96: 农村集体经济组织 | W96: 林芝市巴宜区八一镇巴吉村玉米组股份经济合作社 | X96: 否 | Y96: - | Z96: - | AA96: - | AB96: - | AC96: 1 | AD96: 巴宜区农业农村局 | AG96: 百巴镇强嘎村1户村民 | AH96: 百巴镇强嘎村1户村民
A97: 540624201616001 | B97: 林芝市 | C97: 巴宜区 | D97: 2016 | E97: 八一镇蔬菜大棚建设项目 | F97: 巴宜区扶贫办 | G97: 八一镇加当嘎村 | H97: 修建8m*40m单拱钢架结构温室1座。 | J97: 5.15 | K97: 5.15 | L97: 0 | M97: 5.15 | N97: 5.15 | O97: 0 | P97: 到户类 | Q97: 设施农业 | R97: - | S97: - | T97: 是 | U97: 自主运营 | V97: 农户 | W97: 八一镇加当嘎村1户村民 | X97: 否 | Y97: - | Z97: - | AA97: - | AB97: - | AC97: - | AD97: 巴宜区农业农村局 | AG97: 米瑞乡朗乃村4户村民，米瑞乡增巴村5户村民 | AH97: 米瑞乡朗乃村4户村民，米瑞乡增巴村5户村民
A98: 540624201611002 | B98: 林芝市 | C98: 巴宜区 | D98: 2016 | E98: 林芝镇灵芝种植项目 | F98: 巴宜区扶贫办 | G98: 林芝镇朗欧村 | H98: 新建8m*40m单拱钢架结构温室3座，总建筑面积约为960㎡，购买灵芝菌种12600包。 | J98: 23.12 | K98: 23.12 | L98: 0 | M98: 23.12 | N98: 23.12 | O98: 0 | P98: 经营类 | Q98: 藏药 | R98: 巩固 | S98: 升级 | T98: 是 | U98: 自主运营 | V98: 农村集体经济组织 | W98: 林芝市巴宜区林芝镇朗欧村股份经济合作联合社 | X98: 否 | Y98: - | Z98: - | AA98: - | AB98: 67200 | AC98: 7 | AD98: 巴宜区农业农村局 | AG98: 布久乡简切村1户村民，布久乡珠曲登村1户村民 | AH98: 布久乡简切村1户村民，布久乡珠曲登村1户村民
A99: 540624201614002 | B99: 林芝市 | C99: 巴宜区 | D99: 2016 | E99: 百巴镇苹果种植项目 | F99: 巴宜区扶贫办 | G99: 百巴镇强嘎村 | H99: 孔径60mm×40mmф4镀锌铁丝网围栏800米，购买苹果树苗500株，挖填树坑500株，客土改良500株。 | J99: 5.14 | K99: 5.14 | L99: 0 | M99: 5.14 | N99: 5.14 | O99: 0 | P99: 到户类 | Q99: 苹果 | R99: - | S99: - | T99: 是 | U99: 自主运营 | V99: 农户 | W99: 百巴镇强嘎村1户村民 | X99: 否 | Y99: - | Z99: - | AA99: - | AB99: - | AC99: - | AD99: 巴宜区农业农村局 | AG99: 布久乡杰麦村4户村民 | AH99: 布久乡杰麦村4户村民
A100: 540624201616002 | B100: 林芝市 | C100: 巴宜区 | D100: 2016 | E100: 米瑞乡蔬菜温室大棚项目 | F100: 巴宜区扶贫办 | G100: 米瑞乡增巴村、朗乃村 | H100: 8m×40m单拱钢架结构温室大棚4座；8m×20m单拱钢架结构温室大棚5座；25*33网纹管pvc软管；客土改良835㎡；有机肥9.7吨。 | J100: 39.06 | K100: 39.06 | L100: 0 | M100: 39.06 | N100: 39.06 | O100: 0 | P100: 到户类 | Q100: 设施农业 | R100: - | S100: - | T100: 是 | U100: 自主运营 | V100: 农户 | W100: 米瑞乡朗乃村4户村民，米瑞乡增巴村5户村民 | X100: 否 | Y100: - | Z100: - | AA100: - | AB100: - | AC100: - | AD100: 巴宜区农业农村局 | AG100: 百巴镇镇巴村1户村民，百巴镇拉格村3户村民 | AH100: 百巴镇镇巴村1户村民，百巴镇拉格村3户村民
...

Sheet 附件5-1
A1: 西藏自治区林芝市帮扶产业项目资产总台账
A2: 项目 编号 | B2: 项目县区 | C2: 项目年度 | E2: 项目名称 | F2: 项目实际投入金额 （万元） | G2: 资产 个数 | H2: 资产原值总金额（万元） | I2: 资产净值总金额 （万元） | J2: 资产属性 | K2: 资产“五权”确权主体 | Q2: 备注
K3: 所有权 | M3: 经营权主体名称 | N3: 收益权主体名称 | O3: 监督权主体名称（镇人民政府、农业农村局） | P3: 处置权主体名称
K4: 主体类别 | L4: 名称
A5: 填表说明：与表3项目编号一致 | E5: 一个项目仅填写一行 | F5: 与表2项目实际投资金额合计数一致 | G5: 应为项目实际形成资产个数合计数 | H5: 应为项目实际形成资产总数 （保留小数点后面2位） | I5: 统计时间为截止2024年12月31日 | J5: 在“国有资产、集体资产、到户资产”中选择 | K5: 在“农村集体经济组织、农户、国企、乡（镇）人民政府”中选择
A6: 540624201317001 | B6: 巴宜区 | C6: 2013 | E6: 鲁朗镇扎西岗旅游合作社接待中心建设项目 | F6: 89.186758 | G6: 105 | H6: 89.186758 | I6: 29.03456 | J6: 集体资产 | K6: 农村集体经济组织 | L6: 林芝市巴宜区鲁朗镇扎西岗村股份经济合作联合社 | M6: 林芝市巴宜区鲁朗镇扎西岗村股份经济合作联合社 | N6: 林芝市巴宜区鲁朗镇扎西岗村股份经济合作联合社 | O6: 林芝市巴宜区农业农村局、林芝市巴宜区鲁朗镇人民政府 | P6: 林芝市巴宜区鲁朗镇扎西岗村股份经济合作联合社 | R6: 盘活 | S6: 已完成
A7: 540624201317002 | B7: 巴宜区 | C7: 2013 | E7: 林芝镇卡斯木村旅游接待点建设项目 | F7: 79.885832 | G7: 90 | H7: 79.885832 | I7: 29.402893 | J7: 集体资产 | K7: 农村集体经济组织 | L7: 林芝市巴宜区林芝镇卡斯木村股份经济合作联合社 | M7: 林芝市巴宜区林芝镇卡斯木村股份经济合作联合社 | N7: 林芝市巴宜区林芝镇卡斯木村股份经济合作联合社 | O7: 林芝市巴宜区农业农村局、林芝市巴宜区林芝镇人民政府 | P7: 林芝市巴宜区林芝镇卡斯木村股份经济合作联合社 | R7: -
A8: 540624201317003 | B8: 巴宜区 | C8: 2013 | E8: 林芝镇朗欧村旅游接待点建设项目 | F8: 80 | G8: 1 | H8: 80 | I8: 40.416667 | J8: 集体资产 | K8: 农村集体经济组织 | L8: 林芝市巴宜区林芝镇朗欧村股份经济合作联合社 | M8: 个体户 | N8: 林芝市巴宜区林芝镇朗欧村股份经济合作联合社 | O8: 林芝市巴宜区农业农村局、林芝市巴宜区林芝镇人民政府 | P8: 林芝市巴宜区林芝镇朗欧村股份经济合作联合社 | R8: 巩固
A9: 540624201319001 | B9: 巴宜区 | C9: 2013 | E9: 林芝镇尼池村糌粑面粉加工场项目 | F9: 22 | G9: 1 | H9: 22 | I9: 1.1 | J9: 集体资产 | K9: 农村集体经济组织 | L9: 林芝市巴宜区林芝镇尼池村尼池组股份经济合作社 | M9: 林芝市巴宜区林芝镇尼池村尼池组股份经济合作社 | N9: 林芝市巴宜区林芝镇尼池村尼池组股份经济合作社 | O9: 林芝市巴宜区农业农村局、林芝市巴宜区林芝镇人民政府 | P9: 林芝市巴宜区林芝镇尼池村尼池组股份经济合作社 | R9: 巩固
A10: 540624201304001 | B10: 巴宜区 | C10: 2013 | E10: 林芝县鲁朗镇东久村、林芝镇邦纳村、米瑞乡泽列村犏奶牛养殖项目 | F10: 67 | G10: 230 | H10: 67 | I10: 30.628571 | J10: 到户资产 | K10: 农户 | L10: 米瑞乡泽列村27户；鲁朗镇东久村18户，林芝镇帮纳村20户村民 | M10: 米瑞乡泽列村27户；鲁朗镇东久村18户，林芝镇帮纳村20户村民 | N10: 米瑞乡泽列村27户；鲁朗镇东久村18户，林芝镇帮纳村20户村民 | P10: 米瑞乡泽列村27户；鲁朗镇东久村18户，林芝镇帮纳村20户村民 | R10: -
A11: 540624201306001 | B11: 巴宜区 | C11: 2013 | E11: 米瑞乡通麦村养羊项目 | F11: 14 | G11: 300 | H11: 14 | I11: 9.8823529 | J11: 集体资产 | K11: 农牧民专业合作社 | L11: 林芝市巴宜区米瑞通麦绵羊养殖农牧民专业合作社 | M11: 林芝市巴宜区米瑞通麦绵羊养殖农牧民专业合作社 | N11: 林芝市巴宜区米瑞通麦绵羊养殖农牧民专业合作社 | O11: 林芝市巴宜区农业农村局、林芝市巴宜区米瑞乡人民政府 | P11: 林芝市巴宜区米瑞通麦绵羊养殖农牧民专业合作社 | R11: 巩固
A12: 540624201319002 | B12: 巴宜区 | C12: 2013 | E12: 布久乡麦巴村经济林木建设项目 | F12: 18 | G12: 7200 | H12: 18 | I12: 18 | J12: 到户资产 | K12: 农户 | L12: 布久项目麦巴村15户村民 | M12: 布久项目麦巴村15户村民 | N12: 布久项目麦巴村15户村民 | P12: 布久项目麦巴村15户村民 | R12: -
A13: 540624201319003 | B13: 巴宜区 | C13: 2013 | E13: 八一镇公仲村经济林木建设项目 | F13: 40 | G13: 300 | H13: 40 | I13: 40 | J13: 到户资产 | K13: 农户 | L13: 八一镇公众村20户村民 | M13: 八一镇公众村20户村民 | N13: 八一镇公众村20户村民 | P13: 八一镇公众村20户村民 | R13: -
A14: 540624201308001 | B14: 巴宜区 | C14: 2013 | E14: 米瑞乡色果拉藏鸡养殖基地建设项目 | F14: 50 | G14: 5005 | H14: 50 | I14: 24.090909 | J14: 集体资产 | K14: 农村集体经济组织 | L14: 林芝市巴宜区米瑞乡色果拉村股份经济合作联合社 | M14: 林芝市巴宜区米瑞乡色果拉村祥和种植养殖农牧民合作社 | N14: 林芝市巴宜区米瑞乡色果拉村股份经济合作联合社 | O14: 林芝市巴宜区农业农村局、林芝市巴宜区米瑞乡人民政府 | P14: 林芝市巴宜区米瑞乡色果拉村股份经济合作联合社 | R14: 盘活
A15: 540624201316001 | B15: 巴宜区 | C15: 2013 | E15: 米瑞乡麦娘麦村蔬菜大棚建设项目 | F15: 76 | G15: 30 | H15: 76 | I15: 3.8 | J15: 到户资产 | K15: 农户 | L15: 米瑞乡麦娘麦村（仲萨村）33户村民 | M15: 米瑞乡麦娘麦村（仲萨村）33户村民 | N15: 米瑞乡麦娘麦村（仲萨村）33户村民 | P15: 米瑞乡麦娘麦村（仲萨村）33户村民 | R15: -
A16: 540624201319004 | B16: 巴宜区 | C16: 2013 | E16: 米瑞乡嘎萨村土豆、苜蓿草种植项目 | F16: 18 | G16: 30800 | H16: 18 | I16: 0 | J16: 到户资产 | K16: 农户 | L16: 米瑞乡嘎萨村16户村民 | M16: 米瑞乡嘎萨村16户村民 | N16: 米瑞乡嘎萨村16户村民 | P16: 米瑞乡嘎萨村16户村民 | R16: -
A17: 540624201319005 | B17: 巴宜区 | C17: 2013 | E17: 百巴镇折巴村粮油加工厂项目 | F17: 30 | G17: 3 | H17: 30 | I17: 10.250954 | J17: 集体资产 | K17: 农村集体经济组织 | L17: 林芝市巴宜区百巴镇折巴村折巴组股份经济合作社 | M17: 林芝市巴宜区百巴镇折巴村折巴组股份经济合作社 | N17: 林芝市巴宜区百巴镇折巴村折巴组股份经济合作社 | O17: 林芝市巴宜区农业农村局、林芝市巴宜区百巴镇人民政府 | P17: 林芝市巴宜区百巴镇折巴村折巴组股份经济合作社 | R17: -
A18: 540624201316002 | B18: 巴宜区 | C18: 2013 | E18: 百巴镇折巴村“优菜”水渠建设项目 | F18: 46 | G18: 1 | H18: 46 | I18: 2.3 | J18: 集体资产 | K18: 农村集体经济组织 | L18: 林芝市巴宜区百巴镇折巴村折巴组股份经济合作社 | M18: 林芝市巴宜区百巴镇折巴村折巴组股份经济合作社 | N18: 林芝市巴宜区百巴镇折巴村折巴组股份经济合作社 | O18: 林芝市巴宜区农业农村局、林芝市巴宜区百巴镇人民政府 | P18: 林芝市巴宜区百巴镇折巴村折巴组股份经济合作社 | R18: -
A19: 540624201316003 | B19: 巴宜区 | C19: 2013 | E19: 米瑞乡通麦村农田灌溉水渠 | F19: 51 | G19: 1 | H19: 51 | I19: 2.55 | J19: 集体资产 | K19: 农村集体经济组织 | L19: 林芝市巴宜区米瑞乡通麦村股份经济合作联合社 | M19: 林芝市巴宜区米瑞乡通麦村股份经济合作联合社 | N19: 林芝市巴宜区米瑞乡通麦村股份经济合作联合社 | O19: 林芝市巴宜区农业农村局、林芝市巴宜区米瑞乡人民政府 | P19: 林芝市巴宜区米瑞乡通麦村股份经济合作联合社 | R19: -
A20: 540624201317004 | B20: 巴宜区 | C20: 2013 | E20: 鲁朗镇东久村瓜果采摘园项目 | F20: 59 | G20: 3209 | H20: 59 | I20: 27.029521 | J20: 集体资产 | K20: 个体工商户 | L20: 林芝市巴宜区鲁朗镇东久村股份经济合作联合社 | M20: 个体户 | N20: 林芝市巴宜区鲁朗镇东久村股份经济合作联合社 | O20: 林芝市巴宜区农业农村局、林芝市巴宜区鲁朗镇人民政府 | P20: 林芝市巴宜区鲁朗镇东久村股份经济合作联合社 | R20: 巩固
A21: 540624201316004 | B21: 巴宜区 | C21: 2013 | E21: 百巴镇拉格村农田灌溉水渠 | F21: 39 | G21: 1 | H21: 39 | I21: 1.95 | J21: 集体资产 | K21: 农村集体经济组织 | L21: 林芝市巴宜区百巴镇拉格村股份经济合作联合社 | M21: 林芝市巴宜区百巴镇拉格村股份经济合作联合社 | N21: 林芝市巴宜区百巴镇拉格村股份经济合作联合社 | O21: 林芝市巴宜区农业农村局、林芝市巴宜区百巴镇人民政府 | P21: 林芝市巴宜区百巴镇拉格村股份经济合作联合社 | R21: -
A22: 540624201319006 | B22: 巴宜区 | C22: 2013 | E22: 百巴镇折巴村核桃种植项目 | F22: 50 | G22: 8002 | H22: 50 | I22: 0 | J22: 到户资产 | K22: 农户 | L22: 百巴镇折巴村51户村民 | M22: 百巴镇折巴村51户村民 | N22: 百巴镇折巴村51户村民 | P22: 百巴镇折巴村51户村民 | R22: -
A23: 540624201317005 | B23: 巴宜区 | C23: 2013 | E23: 百巴镇强嘎村工布赛马休闲旅游山庄建设项目 | F23: 60 | G23: 37 | H23: 60 | I23: 3 | J23: 集体资产 | K23: 农村集体经济组织 | L23: 林芝市巴宜区百巴镇强嘎村股份经济合作联合社 | M23: 个体户 | N23: 林芝市巴宜区百巴镇强嘎村股份经济合作联合社 | O23: 林芝市巴宜区农业农村局、林芝市巴宜区百巴镇人民政府 | P23: 林芝市巴宜区百巴镇强嘎村股份经济合作联合社 | R23: 升级
A24: 540624201319007 | B24: 巴宜区 | C24: 2013 | E24: 林芝镇立定村果园建设项目 | F24: 40 | G24: 400 | H24: 40 | I24: 40 | J24: 到户资产 | K24: 农户 | L24: 林芝镇立定村25户村、榜纳村13户村、娘峨村22户村民 | M24: 林芝镇立定村25户村、榜纳村13户村、娘峨村22户村民 | N24: 林芝镇立定村25户村、榜纳村13户村、娘峨村22户村民 | P24: 林芝镇立定村25户村、榜纳村13户村、娘峨村22户村民 | R24: -
A25: 540624201307001 | B25: 巴宜区 | C25: 2013 | E25: 米瑞乡吉定村藏香猪养殖项目 | F25: 40 | G25: 1219 | H25: 40 | I25: 2 | J25: 到户资产 | K25: 农户 | L25: 米瑞乡吉定村32户村民 | M25: 米瑞乡吉定村32户村民 | N25: 米瑞乡吉定村32户村民 | P25: 米瑞乡吉定村32户村民 | R25: -
A26: 540624201319008 | B26: 巴宜区 | C26: 2013 | E26: 米瑞乡德木达嘎鲁丁糌粑加工厂建设项目 | F26: 80 | G26: 15 | H26: 80 | I26: 4 | J26: 集体资产 | K26: 农牧民专业合作社 | L26: 米瑞乡德木康桑水磨糌粑面粉农民专业合作社 | M26: 米瑞乡德木康桑水磨糌粑面粉农民专业合作社 | N26: 米瑞乡德木康桑水磨糌粑面粉农民专业合作社 | O26: 林芝市巴宜区农业农村局、林芝市巴宜区米瑞乡人民政府 | P26: 米瑞乡德木康桑水磨糌粑面粉农民专业合作社 | R26: 巩固
A27: 540624201307002 | B27: 巴宜区 | C27: 2013 | E27: 米瑞乡曲尼贡嘎村藏香猪养殖项目 | F27: 79 | G27: 1474 | H27: 79 | I27: 55.608172 | J27: 集体资产 | K27: 农牧民专业合作社 | L27: 林芝市米瑞乡曲尼贡嘎村达白养殖农牧民专业合作社 | M27: 林芝市米瑞乡曲尼贡嘎村达白养殖农牧民专业合作社 | N27: 林芝市米瑞乡曲尼贡嘎村达白养殖农牧民专业合作社 | O27: 林芝市巴宜区农业农村局、林芝市巴宜区米瑞乡人民政府 | P27: 林芝市米瑞乡曲尼贡嘎村达白养殖农牧民专业合作社 | R27: 巩固
A28: 540624201316005 | B28: 巴宜区 | C28: 2013 | E28: 八一镇尼西村水果蔬菜种植温室项目 | F28: 35 | G28: 8 | H28: 35 | I28: 1.75 | J28: 到户资产 | K28: 农户 | L28: 八一镇尼西村13户村民 | M28: 八一镇尼西村13户村民 | N28: 八一镇尼西村13户村民 | P28: 八一镇尼西村13户村民 | R28: -
A29: 540624201316006 | B29: 巴宜区 | C29: 2013 | E29: 更张乡白玛店村和扎曲村钢架大棚灵芝菌种植项目 | F29: 179 | G29: 56 | H29: 179 | I29: 8.95 | J29: 集体资产 | K29: 农村集体经济组织 | L29: 林芝市巴宜区更章门巴民族乡扎曲村股份经济合作联合社、林芝市巴宜区更章门巴民族乡白玛店社区股份经济合作联合社 | M29: 林芝市巴宜区更章门巴民族乡扎曲村股份经济合作联合社、林芝市巴宜区更章门巴民族乡白玛店社区股份经济合作联合社 | N29: 林芝市巴宜区更章门巴民族乡扎曲村股份经济合作联合社、林芝市巴宜区更章门巴民族乡白玛店社区股份经济合作联合社 | O29: 林芝市巴宜区农业农村局、林芝市巴宜区更章乡人民政府 | P29: 林芝市巴宜区更章门巴民族乡扎曲村股份经济合作联合社、林芝市巴宜区更章门巴民族乡白玛店社区股份经济合作联合社 | R29: 调整
A30: 540624201319009 | B30: 巴宜区 | C30: 2013 | E30: 八一镇色定村阿吉林特色经济发展农牧民专业合作社藏民族手工艺品生产厂区建设项目 | F30: 42 | G30: 1 | H30: 42 | I30: 2.1 | J30: 集体资产 | K30: 农牧民专业合作社 | L30: 林芝县八一镇色定村阿吉特色经济发展农牧民专业合作社 | M30: 林芝县八一镇色定村阿吉特色经济发展农牧民专业合作社 | N30: 林芝县八一镇色定村阿吉特色经济发展农牧民专业合作社 | O30: 林芝市巴宜区农业农村局、林芝市巴宜区八一镇人民政府 | P30: 林芝县八一镇色定村阿吉特色经济发展农牧民专业合作社 | R30: 调整
A31: 540624201317006 | B31: 巴宜区 | C31: 2013 | E31: 林芝镇康扎村旅游接待住宿项目 | F31: 300 | G31: 392 | H31: 300 | I31: 15 | J31: 集体资产 | K31: 农村集体经济组织 | L31: 林芝市巴宜区林芝镇康扎村股份经济合作联合社 | M31: 林芝市巴宜区林芝镇康扎村股份经济合作联合社 | N31: 林芝市巴宜区林芝镇康扎村股份经济合作联合社 | O31: 林芝市巴宜区农业农村局、林芝市巴宜区林芝镇人民政府 | P31: 林芝市巴宜区林芝镇康扎村股份经济合作联合社 | R31: -
A32: 540624201316007 | B32: 巴宜区 | C32: 2013 | E32: 米瑞乡色果拉村农田灌溉水渠修护项目 | F32: 10 | G32: 1 | H32: 10 | I32: 0.5 | J32: 集体资产 | K32: 农村集体经济组织 | L32: 林芝市巴宜区米瑞乡色果拉村股份经济合作联合社 | M32: 林芝市巴宜区米瑞乡色果拉村股份经济合作联合社 | N32: 林芝市巴宜区米瑞乡色果拉村股份经济合作联合社 | O32: 林芝市巴宜区农业农村局、林芝市巴宜区米瑞乡人民政府 | P32: 林芝市巴宜区米瑞乡色果拉村股份经济合作联合社 | R32: -
A33: 540624201316008 | B33: 巴宜区 | C33: 2013 | E33: 布久乡孜热村水渠维修 | F33: 10.35 | G33: 1 | H33: 10.35 | I33: 0.5175 | J33: 集体资产 | K33: 农村集体经济组织 | L33: 林芝市巴宜区布久乡孜热村股份经济合作联合社 | M33: 林芝市巴宜区布久乡孜热村股份经济合作联合社 | N33: 林芝市巴宜区布久乡孜热村股份经济合作联合社 | O33: 林芝市巴宜区农业农村局、林芝市巴宜区区布久乡人民政府 | P33: 林芝市巴宜区布久乡孜热村股份经济合作联合社 | R33: -
A34: 540624201316009 | B34: 巴宜区 | C34: 2013 | E34: 百巴镇大坝村温室供水 | F34: 110 | G34: 1 | H34: 110 | I34: 5.5 | J34: 集体资产 | K34: 农村集体经济组织 | L34: 林芝市巴宜区百巴镇大坝村经济联合社 | M34: 林芝市巴宜区百巴镇大坝村经济联合社 | N34: 林芝市巴宜区百巴镇大坝村经济联合社 | O34: 林芝市巴宜区农业农村局、林芝市巴宜区百巴镇人民政府 | P34: 林芝市巴宜区百巴镇大坝村经济联合社 | R34: -
A35: 540624201316010 | B35: 巴宜区 | C35: 2013 | E35: 百巴镇大坝村蔬菜温室工程缺口资金 | F35: 43.06 | G35: 1 | H35: 43.06 | I35: 2.153 | J35: 集体资产 | K35: 农村集体经济组织 | L35: 林芝市巴宜区百巴镇大坝村经济联合社 | M35: 林芝市巴宜区百巴镇大坝村经济联合社 | N35: 林芝市巴宜区百巴镇大坝村经济联合社 | O35: 林芝市巴宜区农业农村局、林芝市巴宜区百巴镇人民政府 | P35: 林芝市巴宜区百巴镇大坝村经济联合社
A36: 540624201417001 | B36: 巴宜区 | C36: 2014 | E36: 八一镇永久村农家乐建设项目 | F36: 45 | G36: 2 | H36: 45 | I36: 22.706931 | J36: 到户资产 | K36: 农户 | L36: 个体户 | M36: 个体户 | N36: 个体户 | P36: 个体户 | R36: -
A37: 540624201416001 | B37: 巴宜区 | C37: 2014 | E37: 八一镇加乃村农田灌溉项目 | F37: 98.41 | G37: 1 | H37: 98.41 | I37: 4.9205 | J37: 集体资产 | K37: 农村集体经济组织 | L37: 林芝市巴宜区八一镇加乃村股份经济合作联合社 | M37: 林芝市巴宜区八一镇加乃村股份经济合作联合社 | N37: 林芝市巴宜区八一镇加乃村股份经济合作联合社 | O37: 林芝市巴宜区农业农村局、林芝市巴宜区八一镇人民政府 | P37: 林芝市巴宜区八一镇加乃村股份经济合作联合社 | R37: -
A38: 540624201409001 | B38: 巴宜区 | C38: 2014 | E38: 八一镇色定村蜜蜂养殖项目 | F38: 60 | G38: 441 | H38: 60 | I38: 0 | J38: 集体资产 | K38: 农牧民专业合作社 | L38: 八一镇色定村异彩种养业农牧民专业合作社 | M38: 八一镇色定村异彩种养业农牧民专业合作社 | N38: 八一镇色定村异彩种养业农牧民专业合作社 | O38: 林芝市巴宜区农业农村局、林芝市巴宜区八一镇人民政府 | P38: 八一镇色定村异彩种养业农牧民专业合作社 | R38: 巩固
A39: 540624201417002 | B39: 巴宜区 | C39: 2014 | E39: 百巴镇伍巴村旅游接待点项目 | F39: 135 | G39: 3 | H39: 135 | I39: 57.648077 | J39: 集体资产 | K39: 农村集体经济组织 | L39: 林芝市巴宜区百巴镇折巴村伍巴组股份经济合作社 | M39: 林芝市巴宜区伍巴高原红艺术品加工农牧民专业合作社 | N39: 林芝市巴宜区百巴镇折巴村伍巴组股份经济合作社 | O39: 林芝市巴宜区农业农村局、林芝市巴宜区百巴镇人民政府 | P39: 林芝市巴宜区百巴镇折巴村伍巴组股份经济合作社 | R39: 巩固
A40: 540624201411001 | B40: 巴宜区 | C40: 2014 | E40: 百巴镇扎地村天麻种植项目 | F40: 30.9995 | G40: 10501 | H40: 30.9995 | I40: 0 | J40: 到户资产 | K40: 农户 | L40: 百巴镇扎地村73户村民 | M40: 百巴镇扎地村73户村民 | N40: 百巴镇扎地村73户村民 | P40: 百巴镇扎地村73户村民 | R40: -
A41: 540624201406001 | B41: 巴宜区 | C41: 2014 | E41: 布久乡孜热村绵羊养殖项目 | F41: 45 | G41: 852 | H41: 45 | I41: 0 | J41: 到户资产 | K41: 农户 | L41: 布久乡孜热村55户村民 | M41: 布久乡孜热村55户村民 | N41: 布久乡孜热村55户村民 | P41: 布久乡孜热村55户村民 | R41: -
A42: 540624201417003 | B42: 巴宜区 | C42: 2014 | E42: 米瑞乡增巴村旅游接待点建设 | F42: 76.4 | G42: 1 | H42: 76.4 | I42: 39.807583 | J42: 集体资产 | K42: 农村集体经济组织 | L42: 林芝市巴宜区米瑞乡增巴村经济联合社 | M42: 个体户 | N42: 林芝市巴宜区米瑞乡增巴村经济联合社 | O42: 林芝市巴宜区农业农村局、林芝市巴宜区米瑞乡人民政府 | P42: 林芝市巴宜区米瑞乡增巴村经济联合社 | R42: 巩固
A43: 540624201408001 | B43: 巴宜区 | C43: 2014 | E43: 米瑞乡曲尼贡嘎村达嘎杂自然村藏鸡养殖项目 | F43: 70 | G43: 8001 | H43: 70 | I43: 15.818333 | J43: 到户资产 | K43: 农牧民专业合作社 | L43: 和谐种养殖合作社 | M43: 和谐种养殖合作社 | N43: 和谐种养殖合作社 | P43: 和谐种养殖合作社
A44: 540624201416002 | B44: 巴宜区 | C44: 2014 | E44: 更章乡久巴村水果大棚建设项目 | F44: 100 | G44: 29 | H44: 100 | I44: 5 | J44: 集体资产 | K44: 农村集体经济组织 | L44: 林芝市巴宜区更章门巴民族乡久巴村股份经济合作联合社 | M44: 林芝市巴宜区更章门巴民族乡久巴村草莓种植专业合作社 | N44: 林芝市巴宜区更章门巴民族乡久巴村股份经济合作联合社 | O44: 林芝市巴宜区农业农村局、林芝市巴宜区更章乡人民政府 | P44: 林芝市巴宜区更章门巴民族乡久巴村股份经济合作联合社 | R44: 巩固
A45: 540624201419001 | B45: 巴宜区 | C45: 2014 | E45: 米瑞乡通麦村工布服装加工厂建设项目 | F45: 45 | G45: 3 | H45: 45 | I45: 24.070501 | J45: 集体资产 | K45: 私企 | L45: 林芝市拉片工布服装有限公司 | M45: 林芝市拉片工布服装有限公司 | N45: 林芝市拉片工布服装有限公司 | O45: 林芝市巴宜区农业农村局、林芝市巴宜区米瑞乡人民政府 | P45: 林芝市拉片工布服装有限公司 | R45: 巩固
A46: 540624201419002 | B46: 巴宜区 | C46: 2014 | E46: 八一镇加定村藏香及民族服饰加工常建设项目 | F46: 75 | G46: 26 | H46: 75 | I46: 24.721679 | J46: 集体资产 | K46: 农牧民专业合作社 | L46: 工布民族手工艺农牧民专业合作社 | M46: 工布民族手工艺农牧民专业合作社 | N46: 工布民族手工艺农牧民专业合作社 | O46: 林芝市巴宜区农业农村局、林芝市巴宜区八一镇人民政府 | P46: 工布民族手工艺农牧民专业合作社 | R46: 巩固
A47: 540624201407001 | B47: 巴宜区 | C47: 2014 | E47: 米瑞乡藏猪养殖基地建设项目 | F47: 30 | G47: 201 | H47: 30 | I47: 13.3275 | J47: 到户资产 | K47: 农户 | L47: 米瑞乡麦娘麦村1户村民 | M47: 米瑞乡麦娘麦村1户村民 | N47: 米瑞乡麦娘麦村1户村民 | P47: 米瑞乡麦娘麦村1户村民 | R47: -
A48: 540624201417004 | B48: 巴宜区 | C48: 2014 | E48: 米瑞乡朗乃村重建苯日神山扶贫招待所建设项目 | F48: 77 | G48: 6 | H48: 77 | I48: 38.49175 | J48: 集体资产 | K48: 农村集体经济组织 | L48: 林芝市巴宜区米瑞乡朗乃村股份经济合作联合社 | M48: 林芝市巴宜区米瑞乡朗乃村股份经济合作联合社 | N48: 林芝市巴宜区米瑞乡朗乃村股份经济合作联合社 | O48: 林芝市巴宜区农业农村局、林芝市巴宜区米瑞乡人民政府 | P48: 林芝市巴宜区米瑞乡朗乃村股份经济合作联合社 | R48: 调整
A49: 540624201417005 | B49: 巴宜区 | C49: 2014 | E49: 更张门巴民族乡扎曲村大峡谷温泉及配套设施建设项目 | F49: 65 | G49: 58 | H49: 65 | I49: 31.44075 | J49: 集体资产 | K49: 农村集体经济组织 | L49: 林芝市巴宜区更章门巴民族乡扎曲村股份经济合作联合社 | M49: 林峰 | N49: 林芝市巴宜区更章门巴民族乡扎曲村股份经济合作联合社 | O49: 林芝市巴宜区农业农村局、林芝市巴宜区更章乡人民政府 | P49: 林芝市巴宜区更章门巴民族乡扎曲村股份经济合作联合社 | R49: 巩固
A50: 540624201407002 | B50: 巴宜区 | C50: 2014 | E50: 林芝镇、布久乡、米瑞乡藏猪养殖基地建设项目 | F50: 200 | G50: 954 | H50: 200 | I50: 24.992105 | J50: 到户资产 | K50: 农户 | L50: 林芝市巴宜区林芝镇卡斯木村股份经济合作联合社、米瑞乡米瑞村42户村民 | M50: 林芝市巴宜区林芝镇卡斯木村股份经济合作联合社、米瑞乡米瑞村42户村民 | N50: 林芝市巴宜区林芝镇卡斯木村股份经济合作联合社、米瑞乡米瑞村42户村民 | P50: 林芝市巴宜区林芝镇卡斯木村股份经济合作联合社、米瑞乡米瑞村42户村民 | R50: -
A51: 540624201417006 | B51: 巴宜区 | C51: 2014 | E51: 八一镇拉丁嘎旅游接待中心建设项目 | F51: 120 | G51: 1 | H51: 120 | I51: 63 | J51: 集体资产 | K51: 农村集体经济组织 | L51: 林芝市巴宜区八一镇拉丁嘎村股份经济合作联合社 | M51: 林芝市巴宜区城投公司 | N51: 林芝市巴宜区八一镇拉丁嘎村股份经济合作联合社 | O51: 林芝市巴宜区农业农村局、林芝市巴宜区八一镇人民政府 | P51: 林芝市巴宜区八一镇拉丁嘎村股份经济合作联合社 | R51: 巩固
A52: 540624201419003 | B52: 巴宜区 | C52: 2014 | E52: 米瑞乡吉定村经济林木种植项目 | F52: 25 | G52: 52 | H52: 25 | I52: 0 | J52: 集体资产 | K52: 农村集体经济组织 | L52: 林芝市巴宜区米瑞乡吉定村股份经济合作联合社 | M52: 林芝市巴宜区米瑞乡吉定村股份经济合作联合社 | N52: 林芝市巴宜区米瑞乡吉定村股份经济合作联合社 | O52: 林芝市巴宜区农业农村局、林芝市巴宜区米瑞乡人民政府 | P52: 林芝市巴宜区米瑞乡吉定村股份经济合作联合社 | R52: -
A53: 540624201404001 | B53: 巴宜区 | C53: 2014 | E53: 林芝镇帮纳村盛康养殖基地建设项目 | F53: 25 | G53: 45 | H53: 25 | I53: 25 | J53: 到户资产 | K53: 农户 | L53: 林芝镇邦纳村45户村民 | M53: 林芝镇邦纳村45户村民 | N53: 林芝镇邦纳村45户村民 | P53: 林芝镇邦纳村45户村民 | R53: -
A54: 540624201417007 | B54: 巴宜区 | C54: 2014 | E54: 林芝镇康扎村村旅游接待住宿项目 | F54: 69.47 | G54: 1 | H54: 69.47 | I54: 36.47175 | J54: 集体资产 | K54: 农村集体经济组织 | L54: 林芝市巴宜区林芝镇康扎村股份经济合作联合社 | M54: 林芝市巴宜区林芝镇康扎村股份经济合作联合社 | N54: 林芝市巴宜区林芝镇康扎村股份经济合作联合社 | O54: 林芝市巴宜区农业农村局、林芝市巴宜区林芝镇人民政府 | P54: 林芝市巴宜区林芝镇康扎村股份经济合作联合社 | R54: -
A55: 540624201417008 | B55: 巴宜区 | C55: 2014 | E55: 林芝县朗欧村旅游接待建设项目 | F55: 20.8 | G55: 1 | H55: 20.8 | I55: 10.673 | J55: 集体资产 | K55: 农村集体经济组织 | L55: 林芝市巴宜区林芝镇朗欧村股份经济合作联合社 | M55: 王辉 | N55: 林芝市巴宜区林芝镇朗欧村股份经济合作联合社 | O55: 林芝市巴宜区农业农村局、林芝市巴宜区林芝镇人民政府 | P55: 林芝市巴宜区林芝镇朗欧村股份经济合作联合社 | R55: -
A56: 540624201417009 | B56: 巴宜区 | C56: 2014 | E56: 百巴镇伍巴村旅游接待点项目 | F56: 16.79 | G56: 1 | H56: 16.79 | I56: 8.8812104 | J56: 集体资产 | K56: 农牧民专业合作社 | L56: 林芝市巴宜区伍巴高原红艺术品加工农牧民专业合作社 | M56: 林芝市巴宜区伍巴高原红艺术品加工农牧民专业合作社 | N56: 林芝市巴宜区百巴镇折巴村伍巴组股份经济合作社 | O56: 林芝市巴宜区农业农村局、林芝市巴宜区百巴镇人民政府 | P56: 林芝市巴宜区伍巴高原红艺术品加工农牧民专业合作社 | R56: -
A57: 540624201417010 | B57: 巴宜区 | C57: 2014 | E57: 百巴镇增巴村莫坝沟复垦地灌溉工程 | F57: 133.06 | G57: 1 | H57: 133.06 | I57: 7.7063917 | J57: 集体资产 | K57: 农村集体经济组织 | L57: 林芝市巴宜区百巴镇增巴村股份经济合作联合社 | M57: 林芝市巴宜区百巴镇增巴村股份经济合作联合社 | N57: 林芝市巴宜区百巴镇增巴村股份经济合作联合社 | O57: 林芝市巴宜区农业农村局、林芝市巴宜区百巴镇人民政府 | P57: 林芝市巴宜区百巴镇增巴村股份经济合作联合社 | R57: -
A58: 540624201416003 | B58: 巴宜区 | C58: 2014 | E58: 林芝县果园改造 | F58: 956.86 | G58: 632 | H58: 956.86 | I58: 54.878127 | J58: 集体资产 | K58: 农村集体经济组织 | L58: 林芝市巴宜区布久乡珠曲登村股份经济合作联合社 | M58: 西藏林芝圣域农牧综合有限公司 | N58: 林芝市巴宜区布久乡珠曲登村股份经济合作联合社 | O58: 林芝市巴宜区农业农村局、林芝市巴宜区区布久乡人民政府 | P58: 林芝市巴宜区布久乡珠曲登村股份经济合作联合社 | R58: 巩固
A59: 540624201516001 | B59: 巴宜区 | C59: 2015 | E59: 百巴镇、米瑞乡蔬菜大棚建设项目 | F59: 184.90222 | G59: 58 | H59: 184.90222 | I59: 23.883204 | J59: 集体资产 | K59: 农村集体经济组织 | L59: 林芝市巴宜区百巴镇拉格村股份经济合作联合社、米瑞乡吉定村32户村民 | M59: 林芝市巴宜区百巴镇拉格村股份经济合作联合社、米瑞乡吉定村32户村民 | N59: 林芝市巴宜区百巴镇拉格村股份经济合作联合社、米瑞乡吉定村32户村民 | O59: 林芝市巴宜区农业农村局、林芝市巴宜区百巴镇人民政府、林芝市巴宜区米瑞乡人民政府 | P59: 林芝市巴宜区百巴镇拉格村股份经济合作联合社、米瑞乡吉定村32户村民 | R59: 盘活 | S59: 已完成
A60: 540624201504002 | B60: 巴宜区 | C60: 2015 | E60: 布久乡朱曲登村牲畜养殖棚圈建设项目 | F60: 180 | G60: 70 | H60: 180 | I60: 14.7 | J60: 集体资产 | K60: 农村集体经济组织 | L60: 林芝市巴宜区布久乡珠曲登村股份经济合作联合社 | M60: 林芝市巴宜区布久乡珠曲登村股份经济合作联合社 | N60: 林芝市巴宜区布久乡珠曲登村股份经济合作联合社 | O60: 林芝市巴宜区农业农村局、林芝市巴宜区区布久乡人民政府 | P60: 林芝市巴宜区布久乡珠曲登村股份经济合作联合社
A61: 540624201516002 | B61: 巴宜区 | C61: 2015 | E61: 更章乡久巴村水果基地建设项目 | F61: 150 | G61: 126028 | H61: 150 | I61: 44.93 | J61: 集体资产 | K61: 农村集体经济组织 | L61: 林芝市巴宜区更章门巴民族乡久巴村股份经济合作联合社 | M61: 林芝市巴宜区更章门巴民族乡久巴村草莓种植专业合作社 | N61: 林芝市巴宜区更章门巴民族乡久巴村股份经济合作联合社 | O61: 林芝市巴宜区农业农村局、林芝市巴宜区更章乡人民政府 | P61: 林芝市巴宜区更章门巴民族乡久巴村股份经济合作联合社 | R61: 巩固
A62: 540624201506001 | B62: 巴宜区 | C62: 2015 | E62: 米瑞乡色果拉村绵羊养殖基地建设项目 | F62: 80 | G62: 801 | H62: 80 | I62: 160 | J62: 集体资产 | K62: 农村集体经济组织 | L62: 林芝市巴宜区米瑞乡色果拉村股份经济合作联合社 | M62: 林芝市巴宜区米瑞乡色果拉村祥和种养殖农牧民合作社 | N62: 林芝市巴宜区米瑞乡色果拉村股份经济合作联合社 | O62: 林芝市巴宜区农业农村局、林芝市巴宜区米瑞乡人民政府 | P62: 林芝市巴宜区米瑞乡色果拉村股份经济合作联合社 | R62: 巩固
A63: 540624201516003 | B63: 巴宜区 | C63: 2015 | E63: 八一镇拉丁嘎村农田灌溉水渠建设项目 | F63: 47.25 | G63: 5 | H63: 47.25 | I63: 5.355 | J63: 集体资产 | K63: 农村集体经济组织 | L63: 林芝市巴宜区八一镇拉丁嘎村股份经济合作联合社 | M63: 林芝市巴宜区八一镇拉丁嘎村股份经济合作联合社 | N63: 林芝市巴宜区八一镇拉丁嘎村股份经济合作联合社 | O63: 林芝市巴宜区农业农村局、林芝市巴宜区八一镇人民政府 | P63: 林芝市巴宜区八一镇拉丁嘎村股份经济合作联合社 | R63: -
A64: 540624201507001 | B64: 巴宜区 | C64: 2015 | E64: 米瑞乡泽列村藏香猪养殖项目 | F64: 25 | G64: 135 | H64: 25 | I64: 8.258625 | J64: 到户资产 | K64: 农户 | L64: 米瑞乡泽列村27户村民 | M64: 米瑞乡泽列村27户村民 | N64: 米瑞乡泽列村27户村民 | P64: 米瑞乡泽列村27户村民 | R64: -
A65: 540624201507002 | B65: 巴宜区 | C65: 2015 | E65: 八一镇永久村牲畜养殖项目 | F65: 40 | G65: 142 | H65: 40 | I65: 24.3535 | J65: 到户资产 | K65: 农户 | L65: 八一镇永久村8户村民 | M65: 八一镇永久村8户村民 | N65: 八一镇永久村8户村民 | P65: 八一镇永久村8户村民 | R65: -
A66: 540624201517001 | B66: 巴宜区 | C66: 2015 | E66: 鲁朗镇拉月温泉建设项目 | F66: 75 | G66: 6 | H66: 75 | I66: 28.558966 | J66: 集体资产 | K66: 农村集体经济组织 | L66: 林芝市巴宜区鲁朗镇拉月村股份经济合作联合社 | M66: 林芝市巴宜区鲁朗镇拉月村股份经济合作联合社 | N66: 林芝市巴宜区鲁朗镇拉月村股份经济合作联合社 | O66: 林芝市巴宜区农业农村局、林芝市巴宜区鲁朗镇人民政府 | P66: 林芝市巴宜区鲁朗镇拉月村股份经济合作联合社 | R66: 巩固
A67: 540624201519001 | B67: 巴宜区 | C67: 2015 | E67: 米瑞乡朗乃村果树种植项目 | F67: 63.034 | G67: 202 | H67: 63.034 | I67: 30.1265 | J67: 集体资产 | K67: 农村集体经济组织 | L67: 林芝市巴宜区米瑞乡朗乃村股份经济合作联合社 | M67: 林芝市巴宜区米瑞乡朗乃村股份经济合作联合社 | N67: 林芝市巴宜区米瑞乡朗乃村股份经济合作联合社 | O67: 林芝市巴宜区农业农村局、林芝市巴宜区米瑞乡人民政府 | P67: 林芝市巴宜区米瑞乡朗乃村股份经济合作联合社 | R67: 升级
A68: 540624201517002 | B68: 巴宜区 | C68: 2015 | E68: 布久乡简切村民俗旅游接待中心 | F68: 342.94762 | G68: 1 | H68: 342.94762 | I68: 211.27002 | J68: 集体资产 | K68: 农村集体经济组织 | L68: 林芝市巴宜区布久乡简切村经济联合社 | M68: 个体户 | N68: 林芝市巴宜区布久乡简切村经济联合社 | O68: 林芝市巴宜区农业农村局、林芝市巴宜区区布久乡人民政府 | P68: 林芝市巴宜区布久乡简切村经济联合社 | R68: 巩固
A69: 540624201519002 | B69: 巴宜区 | C69: 2015 | E69: 布久乡简切村果树种植项目 | F69: 50 | G69: 8001 | H69: 50 | I69: 50 | J69: 到户资产 | K69: 农户 | L69: 布久乡简切村36户村民 | M69: 布久乡简切村36户村民 | N69: 布久乡简切村36户村民 | P69: 布久乡简切村36户村民 | R69: -
A70: 540624201517003 | B70: 巴宜区 | C70: 2015 | E70: 八一镇公众村玫瑰种植项目 | F70: 270 | G70: 84 | H70: 270 | I70: 150.16948 | J70: 集体资产 | K70: 农村集体经济组织 | L70: 林芝市巴宜区八一镇公众村公众组股份经济合作社 | M70: 巴宜区卡丁圣和农业开发有限公司 | N70: 林芝市巴宜区八一镇公众村公众组股份经济合作社 | O70: 林芝市巴宜区农业农村局、林芝市巴宜区八一镇人民政府 | P70: 林芝市巴宜区八一镇公众村公众组股份经济合作社 | R70: 调整
A71: 540624201519003 | B71: 巴宜区 | C71: 2015 | E71: 八一镇公众村果树种植项目 | F71: 130 | G71: 165 | H71: 130 | I71: 96.8925 | J71: 集体资产 | K71: 农村集体经济组织 | L71: 林芝市巴宜区八一镇公众村公众组股份经济合作社 | M71: 巴宜区卡丁圣和农业开发有限公司 | N71: 林芝市巴宜区八一镇公众村公众组股份经济合作社 | O71: 林芝市巴宜区农业农村局、林芝市巴宜区八一镇人民政府 | P71: 林芝市巴宜区八一镇公众村公众组股份经济合作社 | R71: 调整
A72: 540624201519004 | B72: 巴宜区 | C72: 2015 | E72: 林芝镇卡斯木村氆氇加工厂建设项目 | F72: 30 | G72: 31 | H72: 30 | I72: 5.3 | J72: 集体资产 | K72: 农牧民专业合作社 | L72: 林芝市巴宜区央宗氆氇手工艺品制作加工专业合作社 | M72: 林芝市巴宜区央宗氆氇手工艺品制作加工专业合作社 | N72: 林芝市巴宜区央宗氆氇手工艺品制作加工专业合作社 | O72: 林芝市巴宜区农业农村局、林芝市巴宜区林芝镇人民政府 | P72: 林芝市巴宜区央宗氆氇手工艺品制作加工专业合作社 | R72: 巩固
A73: 540624201511001 | B73: 巴宜区 | C73: 2015 | E73: 更张乡更张村天麻种植项目 | F73: 29.987 | G73: 10216 | H73: 29.987 | I73: 0 | J73: 集体资产 | K73: 农村集体经济组织 | L73: 林芝市巴宜区更章门巴民族乡更章村股份经济合作联合社 | M73: 林芝市巴宜区更章门巴民族乡更章村股份经济合作联合社 | N73: 林芝市巴宜区更章门巴民族乡更章村股份经济合作联合社 | O73: 林芝市巴宜区农业农村局、林芝市巴宜区更章乡人民政府 | P73: 林芝市巴宜区更章门巴民族乡更章村股份经济合作联合社 | R73: 调整
A74: 540624201504002 | B74: 巴宜区 | C74: 2015 | E74: 百巴镇打麦场建设项目 | F74: 30 | G74: 1 | H74: 30 | I74: 3.4 | J74: 集体资产 | K74: 农村集体经济组织 | L74: 林芝市巴宜区百巴镇折巴村伍巴组股份经济合作社 | M74: 林芝市巴宜区伍巴高原红艺术品加工农牧民专业合作社 | N74: 林芝市巴宜区百巴镇折巴村伍巴组股份经济合作社 | O74: 林芝市巴宜区农业农村局、林芝市巴宜区百巴镇人民政府 | P74: 林芝市巴宜区百巴镇折巴村伍巴组股份经济合作社
A75: 540624201507003 | B75: 巴宜区 | C75: 2015 | E75: 麦娘麦村藏猪养殖项目 | F75: 40 | G75: 481 | H75: 40 | I75: 22.216 | J75: 到户资产 | K75: 农户 | L75: 米瑞乡麦娘麦村30户村民 | M75: 米瑞乡麦娘麦村30户村民 | N75: 米瑞乡麦娘麦村30户村民 | P75: 米瑞乡麦娘麦村30户村民 | R75: -
A76: 540624201516004 | B76: 巴宜区 | C76: 2015 | E76: 百巴镇连别村精准扶贫项目 | F76: 155 | G76: 10 | H76: 155 | I76: 20.841432 | J76: 到户资产 | K76: 农户 | L76: 百巴镇连别村8户村民 | M76: 百巴镇连别村8户村民 | N76: 百巴镇连别村8户村民 | P76: 百巴镇连别村8户村民 | R76: -
A77: 540624201517004 | B77: 巴宜区 | C77: 2015 | E77: 林芝县农家乐家庭旅馆建设 | F77: 299.97 | G77: 3 | H77: 299.97 | I77: 166.60409 | J77: 集体资产 | K77: 农村集体经济组织 | L77: 林芝市巴宜区八一镇公众村色定组股份经济合作社 | M77: 林芝市巴宜区八一镇公众村色定组股份经济合作社 | N77: 林芝市巴宜区八一镇公众村色定组股份经济合作社 | O77: 林芝市巴宜区农业农村局、林芝市巴宜区八一镇人民政府 | P77: 林芝市巴宜区八一镇公众村色定组股份经济合作社 | R77: 调整
A78: 540624201617001 | B78: 巴宜区 | C78: 2016 | E78: 鲁朗镇扎西岗村、罗布村洗车场建设项目 | F78: 16.237028 | G78: 24 | H78: 16.237028 | I78: 5.3329068 | J78: 集体资产 | K78: 农村集体经济组织 | L78: 林芝市巴宜区鲁朗镇罗布村股份经济合作联合社、林芝市巴宜区鲁朗镇扎西岗村股份经济合作联合社 | M78: 罗布村：刘永根，扎西岗村：次仁多吉 | N78: 林芝市巴宜区鲁朗镇罗布村股份经济合作联合社、林芝市巴宜区鲁朗镇扎西岗村股份经济合作联合社 | O78: 林芝市巴宜区农业农村局、林芝市巴宜区鲁朗镇人民政府 | P78: 林芝市巴宜区鲁朗镇罗布村股份经济合作联合社、林芝市巴宜区鲁朗镇扎西岗村股份经济合作联合社 | R78: 巩固
A79: 540624201617002 | B79: 巴宜区 | C79: 2016 | E79: 鲁朗镇片区自行车租赁项目 | F79: 122.03523 | G79: 73 | H79: 122.03523 | I79: 10.561418 | J79: 集体资产 | K79: 农村集体经济组织 | L79: 林芝市巴宜区鲁朗镇罗布村股份经济合作联合社、林芝市巴宜区鲁朗镇扎西岗村股份经济合作联合社 | M79: 林芝市巴宜区鲁朗镇罗布村股份经济合作联合社，林芝市巴宜区鲁朗镇扎西岗村股份经济合作联合社 | N79: 林芝市巴宜区鲁朗镇罗布村股份经济合作联合社、林芝市巴宜区鲁朗镇扎西岗村股份经济合作联合社 | O79: 林芝市巴宜区农业农村局、林芝市巴宜区鲁朗镇人民政府 | P79: 林芝市巴宜区鲁朗镇罗布村股份经济合作联合社、林芝市巴宜区鲁朗镇扎西岗村股份经济合作联合社 | R79: 巩固
A80: 540624201619001 | B80: 巴宜区 | C80: 2016 | E80: 鲁朗镇扎西岗村林下资源烘干厂房项目 | F80: 28.929695 | G80: 7 | H80: 28.929695 | I80: 8.6639982 | J80: 集体资产 | K80: 农村集体经济组织 | L80: 林芝市巴宜区鲁朗镇扎西岗村股份经济合作联合社 | M80: 林芝市巴宜区鲁朗镇扎西岗村股份经济合作联合社 | N80: 林芝市巴宜区鲁朗镇扎西岗村股份经济合作联合社 | O80: 林芝市巴宜区农业农村局、林芝市巴宜区鲁朗镇人民政府 | P80: 林芝市巴宜区鲁朗镇扎西岗村股份经济合作联合社 | R80: 巩固
A81: 540624201604001 | B81: 巴宜区 | C81: 2016 | E81: 鲁朗镇扎西岗犏奶牛养殖项目 | F81: 59.63 | G81: 78 | H81: 59.63 | I81: 50.480154 | J81: 到户资产 | K81: 农户 | L81: 鲁朗镇扎西岗村3户村民 | M81: 鲁朗镇扎西岗村3户村民 | N81: 鲁朗镇扎西岗村3户村民 | P81: 鲁朗镇扎西岗村3户村民 | R81: -
A82: 540624201611001 | B82: 巴宜区 | C82: 2016 | E82: 鲁朗镇洛木村藏药材种植项目 | F82: 45.63 | G82: 169 | H82: 45.63 | I82: 0 | J82: 集体资产 | K82: 农村集体经济组织 | L82: 林芝市巴宜区鲁朗镇洛木村股份经济合作联合社 | M82: 林芝市巴宜区鲁朗镇洛木村股份经济合作联合社 | N82: 林芝市巴宜区鲁朗镇洛木村股份经济合作联合社 | O82: 林芝市巴宜区农业农村局、林芝市巴宜区鲁朗镇人民政府 | P82: 林芝市巴宜区鲁朗镇洛木村股份经济合作联合社 | R82: 调整 | S82: 已完成
A83: 540624201604002 | B83: 巴宜区 | C83: 2016 | E83: 八一镇犏奶牛养殖项目 | F83: 55.68 | G83: 63 | H83: 55.68 | I83: 34.87821 | J83: 到户资产 | K83: 农户 | L83: 八一镇永久村1户村民，八一镇拉丁嘎村6户村民，八一镇巴果绕村1户村民，八一镇巴吉村1户村民，八一镇多布村1户村，八一镇加乃村2户村民，八一镇尼西村2户村民，八一镇唐地村5户村民，八一镇章麦村2户村民 | M83: 八一镇永久村1户村民，八一镇拉丁嘎村6户村民，八一镇巴果绕村1户村民，八一镇巴吉村1户村民，八一镇多布村1户村，八一镇加乃村2户村民，八一镇尼西村2户村民，八一镇唐地村5户村民，八一镇章麦村2户村民 | N83: 八一镇永久村1户村民，八一镇拉丁嘎村6户村民，八一镇巴果绕村1户村民，八一镇巴吉村1户村民，八一镇多布村1户村，八一镇加乃村2户村民，八一镇尼西村2户村民，八一镇唐地村5户村民，八一镇章麦村2户村民 | P83: 八一镇永久村1户村民，八一镇拉丁嘎村6户村民，八一镇巴果绕村1户村民，八一镇巴吉村1户村民，八一镇多布村1户村，八一镇加乃村2户村民，八一镇尼西村2户村民，八一镇唐地村5户村民，八一镇章麦村2户村民 | R83: -
A84: 540624201607001 | B84: 巴宜区 | C84: 2016 | E84: 八一镇藏香猪项目 | F84: 50.595908 | G84: 527 | H84: 50.595908 | I84: 20.869264 | J84: 到户资产 | K84: 农户 | L84: 八一镇拉丁嘎村5户村民，八一镇加当嘎村2户村民，八一镇公众村1户村民，八一镇巴果绕村2户村民，八一镇尼西村1户村民，八一镇唐地村1户村民，八一镇章麦村3户村民 | M84: 八一镇拉丁嘎村5户村民，八一镇加当嘎村2户村民，八一镇公众村1户村民，八一镇巴果绕村2户村民，八一镇尼西村1户村民，八一镇唐地村1户村民，八一镇章麦村3户村民 | N84: 八一镇拉丁嘎村5户村民，八一镇加当嘎村2户村民，八一镇公众村1户村民，八一镇巴果绕村2户村民，八一镇尼西村1户村民，八一镇唐地村1户村民，八一镇章麦村3户村民 | P84: 八一镇拉丁嘎村5户村民，八一镇加当嘎村2户村民，八一镇公众村1户村民，八一镇巴果绕村2户村民，八一镇尼西村1户村民，八一镇唐地村1户村民，八一镇章麦村3户村民 | R84: -
A85: 540624201608001 | B85: 巴宜区 | C85: 2016 | E85: 八一镇藏鸡养殖 | F85: 10.07575 | G85: 202 | H85: 10.07575 | I85: 0 | J85: 到户资产 | K85: 农户 | L85: 八一镇永久村1户村民，八一镇尼西村1户村民 | M85: 八一镇永久村1户村民，八一镇尼西村1户村民 | N85: 八一镇永久村1户村民，八一镇尼西村1户村民 | P85: 八一镇永久村1户村民，八一镇尼西村1户村民 | R85: -
A86: 540624201604003 | B86: 巴宜区 | C86: 2016 | E86: 林芝镇养殖项目 | F86: 111.86015 | G86: 150 | H86: 111.86015 | I86: 69.121175 | J86: 到户资产 | K86: 农户 | L86: 林芝镇卡斯木村3户村民，林芝镇尼池村5户村民，林芝镇曲古村1户村民，林芝镇镇巴村5户村民，林芝镇康扎村5户村民 | M86: 林芝镇卡斯木村3户村民，林芝镇尼池村5户村民，林芝镇曲古村1户村民，林芝镇镇巴村5户村民，林芝镇康扎村5户村民 | N86: 林芝镇卡斯木村3户村民，林芝镇尼池村5户村民，林芝镇曲古村1户村民，林芝镇镇巴村5户村民，林芝镇康扎村5户村民 | P86: 林芝镇卡斯木村3户村民，林芝镇尼池村5户村民，林芝镇曲古村1户村民，林芝镇镇巴村5户村民，林芝镇康扎村5户村民 | R86: -
A87: 540624201604004 | B87: 巴宜区 | C87: 2016 | E87: 百巴镇奶牛养殖项目 | F87: 106.2 | G87: 73 | H87: 106.2 | I87: 75.29231 | J87: 集体资产 | K87: 农村集体经济组织 | L87: 百巴镇增巴村1户村民，林芝市巴宜区百巴镇拉格村股份经济合作联合社 | M87: 百巴镇增巴村1户村民，林芝市巴宜区百巴镇拉格村股份经济合作联合社 | N87: 百巴镇增巴村1户村民，林芝市巴宜区百巴镇拉格村股份经济合作联合社 | O87: 林芝市巴宜区农业农村局、林芝市巴宜区百巴镇人民政府 | P87: 百巴镇增巴村1户村民，林芝市巴宜区百巴镇拉格村股份经济合作联合社 | R87: 盘活 | S87: 已完成
A88: 540624201607002 | B88: 巴宜区 | C88: 2016 | E88: 百巴镇藏香猪养殖项目 | F88: 5.95 | G88: 61 | H88: 5.95 | I88: 0.5081875 | J88: 到户资产 | K88: 农户 | L88: 百巴镇折巴村2户村民 | M88: 百巴镇折巴村2户村民 | N88: 百巴镇折巴村2户村民 | P88: 百巴镇折巴村2户村民 | R88: -
A89: 540624201604005 | B89: 巴宜区 | C89: 2016 | E89: 更章乡犏奶牛养殖项目（扎曲） | F89: 18.93 | G89: 20 | H89: 18.93 | I89: 12.284429 | J89: 到户资产 | K89: 农户 | L89: 更章乡扎曲村4户村民 | M89: 更章乡扎曲村4户村民 | N89: 更章乡扎曲村4户村民 | P89: 更章乡扎曲村4户村民 | R89: -
A90: 540624201608002 | B90: 巴宜区 | C90: 2016 | E90: 更章乡小型藏鸡养殖场项目 | F90: 64.27 | G90: 1003 | H90: 64.27 | I90: 16.4186 | J90: 到户资产 | K90: 农户 | L90: 更章乡更章村7户村民 | M90: 更章乡更章村7户村民 | N90: 更章乡更章村7户村民 | P90: 更章乡更章村7户村民 | R90: -
A91: 540624201607003 | B91: 巴宜区 | C91: 2016 | E91: 更章乡藏香猪养殖项目 | F91: 7.07 | G91: 53 | H91: 7.07 | I91: 1.5395708 | J91: 到户资产 | K91: 农户 | L91: 更章乡更章村1户村民 | M91: 更章乡更章村1户村民 | N91: 更章乡更章村1户村民 | P91: 更章乡更章村1户村民 | R91: -
A92: 540624201604006 | B92: 巴宜区 | C92: 2016 | E92: 更章乡犏牛养殖项目（娘萨） | F92: 23.55 | G92: 25 | H92: 23.55 | I92: 19.306271 | J92: 到户资产 | K92: 农户 | L92: 更章乡娘萨村5户村民 | M92: 更章乡娘萨村5户村民 | N92: 更章乡娘萨村5户村民 | P92: 更章乡娘萨村5户村民 | R92: -
A93: 540624201607004 | B93: 巴宜区 | C93: 2016 | E93: 布久乡藏猪养殖项目 | F93: 29.33 | G93: 336 | H93: 29.33 | I93: 10.477629 | J93: 到户资产 | K93: 农户 | L93: 布久乡简切村4户村民，布久乡甲日卡村1户村民，布久乡麦巴村2户村民，布久乡仲果村3户村民，布久乡仲萨巴村1户村民 | M93: 布久乡简切村4户村民，布久乡甲日卡村1户村民，布久乡麦巴村2户村民，布久乡仲果村3户村民，布久乡仲萨巴村1户村民 | N93: 布久乡简切村4户村民，布久乡甲日卡村1户村民，布久乡麦巴村2户村民，布久乡仲果村3户村民，布久乡仲萨巴村1户村民 | P93: 布久乡简切村4户村民，布久乡甲日卡村1户村民，布久乡麦巴村2户村民，布久乡仲果村3户村民，布久乡仲萨巴村1户村民 | R93: -
A94: 540624201604007 | B94: 巴宜区 | C94: 2016 | E94: 布久乡犏牛养殖项目 | F94: 32.97 | G94: 47 | H94: 32.97 | I94: 25.710454 | J94: 到户资产 | K94: 农户 | L94: 布久乡简切村3户村民，布久乡杰麦村1户村民，布久乡朵当村3户村民，布久乡嘎玛村4户村民，布久乡仲果村2户村民，布久乡仲萨巴村1户村民，布久乡珠曲登村1户村民 | M94: 布久乡简切村3户村民，布久乡杰麦村1户村民，布久乡朵当村3户村民，布久乡嘎玛村4户村民，布久乡仲果村2户村民，布久乡仲萨巴村1户村民，布久乡珠曲登村1户村民 | N94: 布久乡简切村3户村民，布久乡杰麦村1户村民，布久乡朵当村3户村民，布久乡嘎玛村4户村民，布久乡仲果村2户村民，布久乡仲萨巴村1户村民，布久乡珠曲登村1户村民 | P94: 布久乡简切村3户村民，布久乡杰麦村1户村民，布久乡朵当村3户村民，布久乡嘎玛村4户村民，布久乡仲果村2户村民，布久乡仲萨巴村1户村民，布久乡珠曲登村1户村民 | R94: -
A95: 540624201608003 | B95: 巴宜区 | C95: 2016 | E95: 布久乡藏鸡养殖项目 | F95: 6.04 | G95: 201 | H95: 6.04 | I95: 1.1232833 | J95: 到户资产 | K95: 农户 | L95: 布久乡甲日卡村1户村民 | M95: 布久乡甲日卡村1户村民 | N95: 布久乡甲日卡村1户村民 | P95: 布久乡甲日卡村1户村民 | R95: -
A96: 540624201606001 | B96: 巴宜区 | C96: 2016 | E96: 布久乡羊养殖项目 | F96: 1.75 | G96: 21 | H96: 1.75 | I96: 0.3133125 | J96: 到户资产 | K96: 农户 | L96: 布久乡孜热村1户村民 | M96: 布久乡孜热村1户村民 | N96: 布久乡孜热村1户村民 | P96: 布久乡孜热村1户村民 | R96: -
A97: 540624201619002 | B97: 巴宜区 | C97: 2016 | E97: 八一镇果树种植经济林木种植项目 | F97: 13.38 | G97: 1501 | H97: 13.38 | I97: 9.7202833 | J97: 集体资产 | K97: 农村集体经济组织 | L97: 林芝市巴宜区八一镇巴吉村玉米组股份经济合作社 | M97: 林芝市巴宜区八一镇巴吉村玉米组股份经济合作社 | N97: 林芝市巴宜区八一镇巴吉村玉米组股份经济合作社 | O97: 林芝市巴宜区农业农村局、林芝市巴宜区八一镇人民政府 | P97: 林芝市巴宜区八一镇巴吉村玉米组股份经济合作社 | R97: 巩固
A98: 540624201616001 | B98: 巴宜区 | C98: 2016 | E98: 八一镇蔬菜大棚建设项目 | F98: 5.15 | G98: 1 | H98: 5.15 | I98: 1.0321458 | J98: 到户资产 | K98: 农户 | L98: 八一镇加当嘎村1户村民 | M98: 八一镇加当嘎村1户村民 | N98: 八一镇加当嘎村1户村民 | P98: 八一镇加当嘎村1户村民 | R98: -
A99: 540624201611002 | B99: 巴宜区 | C99: 2016 | E99: 林芝镇灵芝种植项目 | F99: 23.12 | G99: 12603 | H99: 23.12 | I99: 2.9791667 | J99: 集体资产 | K99: 农村集体经济组织 | L99: 林芝市巴宜区林芝镇朗欧村股份经济合作联合社 | M99: 林芝市巴宜区林芝镇朗欧村股份经济合作联合社 | N99: 林芝市巴宜区林芝镇朗欧村股份经济合作联合社 | O99: 林芝市巴宜区农业农村局、林芝市巴宜区林芝镇人民政府 | P99: 林芝市巴宜区林芝镇朗欧村股份经济合作联合社 | R99: 升级
A100: 540624201616002 | B100: 巴宜区 | C100: 2016 | E100: 百巴镇苹果种植项目 | F100: 5.14 | G100: 501 | H100: 5.14 | I100: 3.012 | J100: 到户资产 | K100: 农户 | L100: 百巴镇强嘎村1户村民 | M100: 百巴镇强嘎村1户村民 | N100: 百巴镇强嘎村1户村民 | P100: 百巴镇强嘎村1户村民 | R100: -
...

Sheet 附件5-2
A1: 附件5-2 | B1: 修改报盘数据 | C1: 重新报盘 | D1: 新增
A3: 项目编号 | B3: 项目县区 | C3: 资产编号 | D3: 资产名称 | E3: 构（购）建时间 （必填年月） | F3: 坐落或置放 位置 | G3: 资产 型号 | H3: 预计使用年限（自构建时间起预计能够使用的年限数） | I3: 资产 个数 | J3: 资产 原值（元） | K3: 资产累计 折旧 （摊销）（元） | L3: 资产 净值（元） | M3: 资产形态 | N3: 具体形态 | O3: 资产 属性 | P3: 资产状态 | Q3: 资产使用情况 | S3: 资产 类别 | T3: 经营性资产资产运营情况 | U3: 资产所有权主体名称 | V3: 备注 | W3: 数据来源
D4: 按形成的具体资产名称填写，不同资产应分行填写 | E4: 例：2018/01 | H4: 例：10（即为该资产预计可使用时间为10年） | J4: 保留2位小数 | K4: 统计时间为截止2024年12月31日 （权益类资产、消耗性生物资产、公益性生物资产不填） 保留2位小数 | L4: 统计时间为截止2024年12月31日 保留2位小数 | M4: 在“固定资产、生物资产（含消耗性生物资产、生产性生物资产、公益性生物资产）、权益类资产、其他资产”中选择 | N4: 在“房屋建筑物、构筑物、机器设备、车辆、办公用具家具、牲畜（禽）、林木、股权资产、债权资产、低值易耗品、无形资产”中选择 | O4: 在“国有资产、集体资产、到户资产”中选择 | P4: 在“正常、损坏、损毁”中选择 | Q4: 根据实际情况填写“在用/不在用” | R4: 在“自用、出租、存栏、在培、已消耗、已出售、已死亡、闲置、损毁、拆除、待维修、盘亏等”中选择 | S4: 在“经营性资产、公益性资产”中选择 | T4: 在“正常、低效、闲置”中选择
A5: 540624201317001 | B5: 巴宜区 | C5: 54062420131700110001 | D5: 接待中心 | E5: 41821 | F5: 林芝县扎西岗村 | G5: 座 | H5: 20 | I5: 1 | J5: 539867.58 | K5: 267121.98 | L5: 272745.6 | M5: 固定资产 | N5: 房屋建筑物 | O5: 集体资产 | P5: 正常 | Q5: 不在用 | R5: 闲置 | S5: 经营性资产 | T5: 闲置 | U5: 林芝市巴宜区鲁朗镇扎西岗村股份经济合作联合社 | W5: 翻拍资料-概算表
A6: 540624201317001 | B6: 巴宜区 | C6: 54062420131700110002 | D6: 围墙 | E6: 41821 | F6: 林芝县扎西岗村 | G6: 200米 | H6: 10 | I6: 1 | J6: 91000 | K6: 86450 | L6: 4550 | M6: 固定资产 | N6: 构筑物 | O6: 集体资产 | P6: 正常 | Q6: 不在用 | R6: 闲置 | S6: 经营性资产 | T6: 闲置 | U6: 林芝市巴宜区鲁朗镇扎西岗村股份经济合作联合社
A7: 540624201317001 | B7: 巴宜区 | C7: 54062420131700110003 | D7: 灶台 | E7: 41821 | F7: 林芝县扎西岗村 | G7: 套 | H7: 10 | I7: 1 | J7: 31000 | K7: 29450 | L7: 1550 | M7: 固定资产 | N7: 构筑物 | O7: 集体资产 | P7: 正常 | Q7: 不在用 | R7: 闲置 | S7: 经营性资产 | T7: 闲置 | U7: 林芝市巴宜区鲁朗镇扎西岗村股份经济合作联合社
A8: 540624201317001 | B8: 巴宜区 | C8: 54062420131700110004 | D8: 太阳能热水器 | E8: 41821 | F8: 林芝县扎西岗村 | G8: 个 | H8: 5 | I8: 100 | J8: 65000 | K8: 61750 | L8: 3250 | M8: 固定资产 | N8: 机器设备 | O8: 集体资产 | P8: 正常 | Q8: 不在用 | R8: 闲置 | S8: 经营性资产 | T8: 闲置 | U8: 林芝市巴宜区鲁朗镇扎西岗村股份经济合作联合社
A9: 540624201317001 | B9: 巴宜区 | C9: 54062420131700110005 | D9: 洗涤、烘干消毒、熨烫设备 | E9: 41821 | F9: 林芝县扎西岗村 | G9: 套 | H9: 5 | I9: 1 | J9: 120000 | K9: 114000 | L9: 6000 | M9: 固定资产 | N9: 机器设备 | O9: 集体资产 | P9: 正常 | Q9: 不在用 | R9: 闲置 | S9: 经营性资产 | T9: 闲置 | U9: 林芝市巴宜区鲁朗镇扎西岗村股份经济合作联合社
A10: 540624201317001 | B10: 巴宜区 | C10: 54062420131700110006 | D10: 电热蒸汽锅炉 | E10: 41821 | F10: 林芝县扎西岗村 | G10: 套 | H10: 5 | I10: 1 | J10: 45000 | K10: 42750 | L10: 2250 | M10: 固定资产 | N10: 机器设备 | O10: 集体资产 | P10: 正常 | Q10: 不在用 | R10: 闲置 | S10: 经营性资产 | T10: 闲置 | U10: 林芝市巴宜区鲁朗镇扎西岗村股份经济合作联合社
A11: 540624201317002 | B11: 巴宜区 | C11: 54062420131700210001 | D11: 接待楼 | E11: 41609 | F11: 林芝镇卡斯木村 | G11: 座 | H11: 20 | I11: 1 | J11: 594353.26 | K11: 310549.58 | L11: 283803.68 | M11: 固定资产 | N11: 房屋建筑物 | O11: 集体资产 | P11: 正常 | Q11: 在用 | R11: 自用 | S11: 公益性资产 | T11: - | U11: 林芝市巴宜区林芝镇卡斯木村股份经济合作联合社 | W11: 翻拍资料-概算表
A12: 540624201317002 | B12: 巴宜区 | C12: 54062420131700210002 | D12: 大门 | E12: 41609 | F12: 林芝镇卡斯木村 | G12: 道 | H12: 5 | I12: 1 | J12: 3500 | K12: 3325 | L12: 175 | M12: 固定资产 | N12: 办公用具家具 | O12: 集体资产 | P12: 正常 | Q12: 在用 | R12: 自用 | S12: 公益性资产 | T12: - | U12: 林芝市巴宜区林芝镇卡斯木村股份经济合作联合社
A13: 540624201317002 | B13: 巴宜区 | C13: 54062420131700210003 | D13: 围墙 | E13: 41609 | F13: 林芝镇卡斯木村 | G13: 59.6米 | H13: 10 | I13: 1 | J13: 22946 | K13: 21798.7 | L13: 1147.3 | M13: 固定资产 | N13: 构筑物 | O13: 集体资产 | P13: 正常 | Q13: 在用 | R13: 自用 | S13: 公益性资产 | T13: - | U13: 林芝市巴宜区林芝镇卡斯木村股份经济合作联合社
A14: 540624201317002 | B14: 巴宜区 | C14: 54062420131700210004 | D14: 化粪池 | E14: 41609 | F14: 林芝镇卡斯木村 | G14: 个 | H14: 10 | I14: 1 | J14: 20000 | K14: 19000 | L14: 1000 | M14: 固定资产 | N14: 构筑物 | O14: 集体资产 | P14: 正常 | Q14: 在用 | R14: 自用 | S14: 公益性资产 | T14: - | U14: 林芝市巴宜区林芝镇卡斯木村股份经济合作联合社
A15: 540624201317002 | B15: 巴宜区 | C15: 54062420131700210005 | D15: 停车场硬化 | E15: 41609 | F15: 林芝镇卡斯木村 | G15: 439.25平方米 | H15: 10 | I15: 1 | J15: 52819.81 | K15: 50178.819 | L15: 2640.9905 | M15: 固定资产 | N15: 构筑物 | O15: 集体资产 | P15: 正常 | Q15: 在用 | R15: 自用 | S15: 公益性资产 | T15: - | U15: 林芝市巴宜区林芝镇卡斯木村股份经济合作联合社
A16: 540624201317002 | B16: 巴宜区 | C16: 54062420131700210006 | D16: 床 | E16: 41609 | F16: 林芝镇卡斯木村 | G16: 套 | H16: 5 | I16: 42 | J16: 25200 | K16: 23940 | L16: 1260 | M16: 固定资产 | N16: 办公用具家具 | O16: 集体资产 | P16: 正常 | Q16: 在用 | R16: 自用 | S16: 公益性资产 | T16: - | U16: 林芝市巴宜区林芝镇卡斯木村股份经济合作联合社
A17: 540624201317002 | B17: 巴宜区 | C17: 54062420131700210007 | D17: 灶台 | E17: 41609 | F17: 林芝镇卡斯木村 | G17: 套 | H17: 10 | I17: 1 | J17: 29599.25 | K17: 28119.287 | L17: 1479.9625 | M17: 固定资产 | N17: 构筑物 | O17: 集体资产 | P17: 正常 | Q17: 在用 | R17: 自用 | S17: 公益性资产 | T17: - | U17: 林芝市巴宜区林芝镇卡斯木村股份经济合作联合社
A18: 540624201317002 | B18: 巴宜区 | C18: 54062420131700240008 | D18: 被褥 | E18: 41609 | F18: 林芝镇卡斯木村 | G18: 套 | H18: 1 | I18: 42 | J18: 50440 | K18: 47918 | L18: 2522 | M18: 其他资产 | N18: 低值易耗品 | O18: 集体资产 | P18: 正常 | Q18: 在用 | R18: 自用 | S18: 公益性资产 | T18: - | U18: 林芝市巴宜区林芝镇卡斯木村股份经济合作联合社
A19: 540624201317003 | B19: 巴宜区 | C19: 54062420131700310001 | D19: 旅游接待点 | E19: 41821 | F19: 林芝镇朗欧村 | G19: 600平方米 | H19: 20 | I19: 1 | J19: 800000 | K19: 395833.33 | L19: 404166.67 | M19: 固定资产 | N19: 房屋建筑物 | O19: 集体资产 | P19: 正常 | Q19: 在用 | R19: 出租 | S19: 经营性资产 | T19: 正常 | U19: 林芝市巴宜区林芝镇朗欧村股份经济合作联合社 | W19: 没有文件，数据来源于附表2实施内容
A20: 540624201319001 | B20: 巴宜区 | C20: 54062420131900110001 | D20: 厂房及仓库 | E20: 41609 | F20: 林芝镇尼池村 | G20: 86.4平方米 | H20: 10 | I20: 1 | J20: 220000 | K20: 209000 | L20: 11000 | M20: 固定资产 | N20: 构筑物 | O20: 集体资产 | P20: 正常 | Q20: 在用 | R20: 自用 | S20: 经营性资产 | T20: 正常 | U20: 林芝市巴宜区林芝镇尼池村尼池组股份经济合作社 | W20: 无翻拍文件，数据来源于附件2实施内容
A21: 540624201306001 | B21: 巴宜区 | C21: 54062420130600120001 | D21: 绵羊 | E21: 41395 | F21: 米瑞乡通麦村 | G21: 头 | H21: 3 | I21: 200 | J21: 98823.529 | K21: 0 | L21: 98823.529 | M21: 生物资产 | N21: 牲畜(禽） | O21: 集体资产 | P21: 正常 | Q21: 在用 | R21: 存栏 | S21: 经营性资产 | T21: 正常 | U21: 林芝市巴宜区米瑞通麦绵羊养殖农牧民专业合作社 | W21: 没有文件，数据来源于附表2实施内容
A22: 540624201306001 | B22: 巴宜区 | C22: 54062420130600120002 | D22: 种植草场 | E22: 41395 | F22: 米瑞乡通麦村 | G22: 亩 | H22: 1 | I22: 100 | J22: 41176.471 | K22: 41176.471 | L22: 0 | M22: 生物资产 | N22: 林木 | O22: 集体资产 | P22: 损坏 | Q22: 不在用 | R22: 已消耗 | S22: 经营性资产 | T22: 闲置 | U22: 林芝市巴宜区米瑞通麦绵羊养殖农牧民专业合作社
A23: 540624201308001 | B23: 巴宜区 | C23: 54062420130800110001 | D23: 鸡舍 | E23: 41780 | F23: 米瑞乡色果拉村 | G23: 240平方米 | H23: 10 | I23: 1 | J23: 10909.091 | K23: 10363.636 | L23: 545.45455 | M23: 固定资产 | N23: 构筑物 | O23: 集体资产 | P23: 正常 | Q23: 不在用 | R23: 闲置 | S23: 经营性资产 | T23: 闲置 | U23: 林芝市巴宜区米瑞乡色果拉村股份经济合作联合社 | W23: 数据来源于附表2实施内容、翻拍文件扶贫项目验收鉴定表
A24: 540624201308001 | B24: 巴宜区 | C24: 54062420130800110002 | D24: 活动场 | E24: 41780 | F24: 米瑞乡色果拉村 | G24: 2400平方米 | H24: 10 | I24: 1 | J24: 109090.91 | K24: 103636.36 | L24: 5454.5455 | M24: 固定资产 | N24: 构筑物 | O24: 集体资产 | P24: 正常 | Q24: 不在用 | R24: 闲置 | S24: 经营性资产 | T24: 闲置 | U24: 林芝市巴宜区米瑞乡色果拉村股份经济合作联合社
A25: 540624201308001 | B25: 巴宜区 | C25: 54062420130800110003 | D25: 仓库及住宿房 | E25: 41780 | F25: 米瑞乡色果拉村 | G25: 104平方米 | H25: 10 | I25: 1 | J25: 4727.2727 | K25: 4490.9091 | L25: 236.36364 | M25: 固定资产 | N25: 构筑物 | O25: 集体资产 | P25: 正常 | Q25: 不在用 | R25: 闲置 | S25: 经营性资产 | T25: 闲置 | U25: 林芝市巴宜区米瑞乡色果拉村股份经济合作联合社
A26: 540624201308001 | B26: 巴宜区 | C26: 54062420130800120004 | D26: 藏鸡 | E26: 41780 | F26: 米瑞乡色果拉村 | G26: 只 | H26: 3 | I26: 5000 | J26: 227272.73 | K26: 0 | L26: 227272.73 | M26: 生物资产 | N26: 牲畜(禽） | O26: 集体资产 | P26: 正常 | Q26: 在用 | R26: 存栏 | S26: 经营性资产 | T26: 低效 | U26: 林芝市巴宜区米瑞乡色果拉村股份经济合作联合社 | V26: 分配给村民了
A27: 540624201308001 | B27: 巴宜区 | C27: 54062420130800110005 | D27: 大门 | E27: 41780 | F27: 米瑞乡色果拉村 | G27: 座 | H27: 10 | I27: 1 | J27: 74000 | K27: 70300 | L27: 3700 | M27: 固定资产 | N27: 构筑物 | O27: 集体资产 | P27: 正常 | Q27: 不在用 | R27: 闲置 | S27: 经营性资产 | T27: 闲置 | U27: 林芝市巴宜区米瑞乡色果拉村股份经济合作联合社
A28: 540624201308001 | B28: 巴宜区 | C28: 54062420130800110006 | D28: 围墙 | E28: 41780 | F28: 米瑞乡色果拉村 | G28: 座 | H28: 10 | I28: 1 | J28: 74000 | K28: 70300 | L28: 3700 | M28: 固定资产 | N28: 构筑物 | O28: 集体资产 | P28: 正常 | Q28: 不在用 | R28: 闲置 | S28: 经营性资产 | T28: 闲置 | U28: 林芝市巴宜区米瑞乡色果拉村股份经济合作联合社
A29: 540624201319005 | B29: 巴宜区 | C29: 54062420131900510001 | D29: 厂房 | E29: 41808 | F29: 百巴镇折巴村 | G29: 120平方米 | H29: 20 | I29: 1 | J29: 192240.63 | K29: 95119.061 | L29: 97121.567 | M29: 固定资产 | N29: 房屋建筑物 | O29: 集体资产 | P29: 正常 | Q29: 在用 | R29: 自用 | S29: 公益性资产 | T29: - | U29: 林芝市巴宜区百巴镇折巴村折巴组股份经济合作社 | W29: 数据来源于附件2 、翻拍资料-项目验收鉴定表
A30: 540624201319005 | B30: 巴宜区 | C30: 54062420131900510002 | D30: 磨面机 | E30: 41808 | F30: 百巴镇折巴村 | G30: 台 | H30: 10 | I30: 1 | J30: 45771.578 | K30: 43482.999 | L30: 2288.5789 | M30: 固定资产 | N30: 机器设备 | O30: 集体资产 | P30: 正常 | Q30: 在用 | R30: 自用 | S30: 公益性资产 | T30: - | U30: 林芝市巴宜区百巴镇折巴村折巴组股份经济合作社
A31: 540624201319005 | B31: 巴宜区 | C31: 54062420131900510003 | D31: 榨油机 | E31: 41808 | F31: 百巴镇折巴村 | G31: 台 | H31: 10 | I31: 1 | J31: 61987.794 | K31: 58888.405 | L31: 3099.3897 | M31: 固定资产 | N31: 机器设备 | O31: 集体资产 | P31: 正常 | Q31: 在用 | R31: 自用 | S31: 公益性资产 | T31: - | U31: 林芝市巴宜区百巴镇折巴村折巴组股份经济合作社
A32: 540624201316002 | B32: 巴宜区 | C32: 54062420131600210001 | D32: 农用桥 | E32: 41638 | F32: 百巴镇折巴村 | G32: 座 | H32: 10 | I32: 1 | J32: 460000 | K32: 437000 | L32: 23000 | M32: 固定资产 | N32: 构筑物 | O32: 集体资产 | P32: 正常 | Q32: 在用 | R32: 自用 | S32: 公益性资产 | T32: - | U32: 林芝市巴宜区百巴镇折巴村折巴组股份经济合作社 | W32: 批复
A33: 540624201316003 | B33: 巴宜区 | C33: 54062420131600310001 | D33: 灌溉水渠 | E33: 41638 | F33: 米瑞乡通麦村 | G33: 1400m | H33: 10 | I33: 1 | J33: 510000 | K33: 484500 | L33: 25500 | M33: 固定资产 | N33: 构筑物 | O33: 集体资产 | P33: 正常 | Q33: 在用 | R33: 自用 | S33: 公益性资产 | T33: - | U33: 林芝市巴宜区米瑞乡通麦村股份经济合作联合社 | W33: 批复
A34: 540624201317004 | B34: 巴宜区 | C34: 54062420131700410001 | D34: 游客接待中心 | E34: 42125 | F34: 鲁东镇东久村 | G34: 座 | H34: 20 | I34: 1 | J34: 494504 | K34: 225102.34 | L34: 269401.66 | M34: 固定资产 | N34: 房屋建筑物 | O34: 集体资产 | P34: 正常 | Q34: 在用 | R34: 出租 | S34: 经营性资产 | T34: 正常 | U34: 林芝市巴宜区鲁朗镇东久村股份经济合作联合社 | W34: 数据来源于翻拍文件-项目概算表
A35: 540624201317004 | B35: 巴宜区 | C35: 54062420131700410002 | D35: 桌椅 | E35: 42125 | F35: 鲁东镇东久村 | G35: 套 | H35: 5 | I35: 4 | J35: 3200 | K35: 3040 | L35: 160 | M35: 固定资产 | N35: 办公用具家具 | O35: 集体资产 | P35: 正常 | Q35: 在用 | R35: 出租 | S35: 经营性资产 | T35: 正常 | U35: 林芝市巴宜区鲁朗镇东久村股份经济合作联合社
A36: 540624201317004 | B36: 巴宜区 | C36: 54062420131700410003 | D36: 沙发、茶几、茶具 | E36: 42125 | F36: 鲁东镇东久村 | G36: 套 | H36: 5 | I36: 1 | J36: 5000 | K36: 4750 | L36: 250 | M36: 固定资产 | N36: 办公用具家具 | O36: 集体资产 | P36: 正常 | Q36: 在用 | R36: 出租 | S36: 经营性资产 | T36: 正常 | U36: 林芝市巴宜区鲁朗镇东久村股份经济合作联合社
A37: 540624201317004 | B37: 巴宜区 | C37: 54062420131700410004 | D37: 冰柜 | E37: 42125 | F37: 鲁东镇东久村 | G37: 台 | H37: 10 | I37: 1 | J37: 3000 | K37: 2731.25 | L37: 268.75 | M37: 固定资产 | N37: 机器设备 | O37: 集体资产 | P37: 正常 | Q37: 在用 | R37: 出租 | S37: 经营性资产 | T37: 正常 | U37: 林芝市巴宜区鲁朗镇东久村股份经济合作联合社
A38: 540624201317004 | B38: 巴宜区 | C38: 54062420131700410005 | D38: 商品展示台 | E38: 42125 | F38: 鲁东镇东久村 | G38: 组 | H38: 5 | I38: 1 | J38: 4000 | K38: 3800 | L38: 200 | M38: 固定资产 | N38: 办公用具家具 | O38: 集体资产 | P38: 正常 | Q38: 在用 | R38: 出租 | S38: 经营性资产 | T38: 正常 | U38: 林芝市巴宜区鲁朗镇东久村股份经济合作联合社
A39: 540624201317004 | B39: 巴宜区 | C39: 54062420131700410006 | D39: 电子台秤 | E39: 42125 | F39: 鲁东镇东久村 | G39: 台 | H39: 5 | I39: 1 | J39: 296 | K39: 281.2 | L39: 14.8 | M39: 固定资产 | N39: 机器设备 | O39: 集体资产 | P39: 正常 | Q39: 在用 | R39: 出租 | S39: 经营性资产 | T39: 正常 | U39: 林芝市巴宜区鲁朗镇东久村股份经济合作联合社
A40: 540624201317004 | B40: 巴宜区 | C40: 54062420131700420007 | D40: 木瓜树 | E40: 42125 | F40: 鲁东镇东久村 | G40: 株 | H40: 3 | I40: 800 | J40: 20000 | K40: 20000 | L40: 0 | M40: 生物资产 | N40: 林木 | O40: 集体资产 | P40: 损毁 | Q40: 不在用 | R40: 已死亡 | S40: 经营性资产 | T40: 闲置 | U40: 林芝市巴宜区鲁朗镇东久村股份经济合作联合社
A41: 540624201317004 | B41: 巴宜区 | C41: 54062420131700420008 | D41: 苹果树 | E41: 42125 | F41: 鲁东镇东久村 | G41: 株 | H41: 3 | I41: 800 | J41: 20000 | K41: 20000 | L41: 0 | M41: 生物资产 | N41: 林木 | O41: 集体资产 | P41: 损毁 | Q41: 不在用 | R41: 已死亡 | S41: 经营性资产 | T41: 闲置 | U41: 林芝市巴宜区鲁朗镇东久村股份经济合作联合社
A42: 540624201317004 | B42: 巴宜区 | C42: 54062420131700420009 | D42: 桃子树 | E42: 42125 | F42: 鲁东镇东久村 | G42: 株 | H42: 3 | I42: 800 | J42: 20000 | K42: 20000 | L42: 0 | M42: 生物资产 | N42: 林木 | O42: 集体资产 | P42: 损毁 | Q42: 不在用 | R42: 已死亡 | S42: 经营性资产 | T42: 闲置 | U42: 林芝市巴宜区鲁朗镇东久村股份经济合作联合社
A43: 540624201317004 | B43: 巴宜区 | C43: 54062420131700420010 | D43: 李子树 | E43: 42125 | F43: 鲁东镇东久村 | G43: 株 | H43: 3 | I43: 800 | J43: 20000 | K43: 20000 | L43: 0 | M43: 生物资产 | N43: 林木 | O43: 集体资产 | P43: 损毁 | Q43: 不在用 | R43: 已死亡 | S43: 经营性资产 | T43: 闲置 | U43: 林芝市巴宜区鲁朗镇东久村股份经济合作联合社
A44: 540624201316004 | B44: 巴宜区 | C44: 54062420131600410001 | D44: 灌溉水渠 | E44: 41638 | F44: 百巴镇拉格村 | G44: 1000m | H44: 10 | I44: 1 | J44: 390000 | K44: 370500 | L44: 19500 | M44: 固定资产 | N44: 构筑物 | O44: 集体资产 | P44: 正常 | Q44: 在用 | R44: 自用 | S44: 公益性资产 | T44: - | U44: 林芝市巴宜区百巴镇拉格村股份经济合作联合社 | W44: 批复
A45: 540624201317005 | B45: 巴宜区 | C45: 54062420131700510001 | D45: 民俗演艺厅 | E45: 41609 | F45: 百巴镇强嘎村 | G45: 座 | H45: 10 | I45: 1 | J45: 305168.79 | K45: 289910.35 | L45: 15258.44 | M45: 固定资产 | N45: 房屋建筑物 | O45: 集体资产 | P45: 正常 | Q45: 在用 | R45: 出租 | S45: 经营性资产 | T45: 正常 | U45: 林芝市巴宜区百巴镇强嘎村股份经济合作联合社 | W45: 没有文件，数据来源于附表2实施内容
A46: 540624201317005 | B46: 巴宜区 | C46: 54062420131700510002 | D46: 藏餐厅 | E46: 41609 | F46: 百巴镇强嘎村 | G46: 座 | H46: 10 | I46: 1 | J46: 143549.52 | K46: 136372.04 | L46: 7177.4758 | M46: 固定资产 | N46: 房屋建筑物 | O46: 集体资产 | P46: 正常 | Q46: 在用 | R46: 出租 | S46: 经营性资产 | T46: 正常 | U46: 林芝市巴宜区百巴镇强嘎村股份经济合作联合社
A47: 540624201317005 | B47: 巴宜区 | C47: 54062420131700520003 | D47: 马匹 | E47: 41609 | F47: 百巴镇强嘎村 | G47: 匹 | H47: 3 | I47: 10 | J47: 67236.308 | K47: 63874.492 | L47: 3361.8154 | M47: 生物资产 | N47: 牲畜(禽） | O47: 集体资产 | P47: 损毁 | Q47: 不在用 | R47: 盘亏 | S47: 经营性资产 | T47: 闲置 | U47: 林芝市巴宜区百巴镇强嘎村股份经济合作联合社
A48: 540624201317005 | B48: 巴宜区 | C48: 54062420131700540004 | D48: 马具 | E48: 41609 | F48: 百巴镇强嘎村 | G48: 套 | H48: 8 | I48: 10 | J48: 16809.077 | K48: 15968.623 | L48: 840.45385 | M48: 其他资产 | N48: 低值易耗品 | O48: 集体资产 | P48: 损毁 | Q48: 不在用 | R48: 盘亏 | S48: 经营性资产 | T48: 闲置 | U48: 林芝市巴宜区百巴镇强嘎村股份经济合作联合社
A49: 540624201317005 | B49: 巴宜区 | C49: 54062420131700510005 | D49: 音响设备 | E49: 41609 | F49: 百巴镇强嘎村 | G49: 套 | H49: 5 | I49: 2 | J49: 33618.154 | K49: 31937.246 | L49: 1680.9077 | M49: 固定资产 | N49: 机器设备 | O49: 集体资产 | P49: 损毁 | Q49: 不在用 | R49: 盘亏 | S49: 经营性资产 | T49: 闲置 | U49: 林芝市巴宜区百巴镇强嘎村股份经济合作联合社
A50: 540624201317005 | B50: 巴宜区 | C50: 54062420131700540006 | D50: 射箭用具 | E50: 41609 | F50: 百巴镇强嘎村 | G50: 套 | H50: 5 | I50: 1 | J50: 21011.346 | K50: 19960.779 | L50: 1050.5673 | M50: 其他资产 | N50: 低值易耗品 | O50: 集体资产 | P50: 损毁 | Q50: 不在用 | R50: 盘亏 | S50: 经营性资产 | T50: 闲置 | U50: 林芝市巴宜区百巴镇强嘎村股份经济合作联合社
A51: 540624201317005 | B51: 巴宜区 | C51: 54062420131700510007 | D51: 餐饮厨具 | E51: 41609 | F51: 百巴镇强嘎村 | G51: 套 | H51: 10 | I51: 12 | J51: 12606.808 | K51: 11976.467 | L51: 630.34038 | M51: 固定资产 | N51: 办公用具家具 | O51: 集体资产 | P51: 损毁 | Q51: 不在用 | R51: 盘亏 | S51: 经营性资产 | T51: 闲置 | U51: 林芝市巴宜区百巴镇强嘎村股份经济合作联合社
A52: 540624201319008 | B52: 巴宜区 | C52: 54062420131900810001 | D52: 加工厂房 | E52: 41808 | F52: 米瑞乡曲尼贡嘎村 | G52: 栋 | H52: 10 | I52: 2 | J52: 231600 | K52: 220020 | L52: 11580 | M52: 固定资产 | N52: 房屋建筑物 | O52: 集体资产 | P52: 正常 | Q52: 在用 | R52: 自用 | S52: 经营性资产 | T52: 正常 | U52: 米瑞乡德木康桑水磨糌粑面粉农民专业合作社 | W52: 没有文件，数据来源于附表2实施内容
A53: 540624201319008 | B53: 巴宜区 | C53: 54062420131900810002 | D53: 6FP2550型磨面机 | E53: 41808 | F53: 米瑞乡曲尼贡嘎村 | G53: 台 | H53: 10 | I53: 1 | J53: 43723.077 | K53: 41536.923 | L53: 2186.1538 | M53: 固定资产 | N53: 机器设备 | O53: 集体资产 | P53: 正常 | Q53: 在用 | R53: 自用 | S53: 经营性资产 | T53: 正常 | U53: 米瑞乡德木康桑水磨糌粑面粉农民专业合作社
A54: 540624201319008 | B54: 巴宜区 | C54: 54062420131900810003 | D54: 6ZQ28A清粮机 | E54: 41808 | F54: 米瑞乡曲尼贡嘎村 | G54: 台 | H54: 10 | I54: 1 | J54: 43723.077 | K54: 41536.923 | L54: 2186.1538 | M54: 固定资产 | N54: 机器设备 | O54: 集体资产 | P54: 正常 | Q54: 在用 | R54: 自用 | S54: 经营性资产 | T54: 正常 | U54: 米瑞乡德木康桑水磨糌粑面粉农民专业合作社
A55: 540624201319008 | B55: 巴宜区 | C55: 54062420131900810004 | D55: YZYX120-8型螺旋榨油机 | E55: 41808 | F55: 米瑞乡曲尼贡嘎村 | G55: 台 | H55: 10 | I55: 1 | J55: 43723.077 | K55: 41536.923 | L55: 2186.1538 | M55: 固定资产 | N55: 机器设备 | O55: 集体资产 | P55: 正常 | Q55: 在用 | R55: 自用 | S55: 经营性资产 | T55: 正常 | U55: 米瑞乡德木康桑水磨糌粑面粉农民专业合作社
A56: 540624201319008 | B56: 巴宜区 | C56: 54062420131900810005 | D56: YBLL320X14板框滤油机 | E56: 41808 | F56: 米瑞乡曲尼贡嘎村 | G56: 台 | H56: 10 | I56: 1 | J56: 43723.077 | K56: 41536.923 | L56: 2186.1538 | M56: 固定资产 | N56: 机器设备 | O56: 集体资产 | P56: 正常 | Q56: 在用 | R56: 自用 | S56: 经营性资产 | T56: 正常 | U56: 米瑞乡德木康桑水磨糌粑面粉农民专业合作社
A57: 540624201319008 | B57: 巴宜区 | C57: 54062420131900810006 | D57: 100型电动石磨 | E57: 41808 | F57: 米瑞乡曲尼贡嘎村 | G57: 台（套） | H57: 10 | I57: 4 | J57: 174892.31 | K57: 166147.69 | L57: 8744.6154 | M57: 固定资产 | N57: 机器设备 | O57: 集体资产 | P57: 正常 | Q57: 在用 | R57: 自用 | S57: 经营性资产 | T57: 正常 | U57: 米瑞乡德木康桑水磨糌粑面粉农民专业合作社
A58: 540624201319008 | B58: 巴宜区 | C58: 54062420131900810007 | D58: 阁润自动青稞翻炒机 | E58: 41808 | F58: 米瑞乡曲尼贡嘎村 | G58: 台（套） | H58: 10 | I58: 3 | J58: 131169.23 | K58: 124610.77 | L58: 6558.4615 | M58: 固定资产 | N58: 机器设备 | O58: 集体资产 | P58: 正常 | Q58: 在用 | R58: 自用 | S58: 经营性资产 | T58: 正常 | U58: 米瑞乡德木康桑水磨糌粑面粉农民专业合作社
A59: 540624201319008 | B59: 巴宜区 | C59: 54062420131900810008 | D59: 电动缝口机 | E59: 41808 | F59: 米瑞乡曲尼贡嘎村 | G59: 台 | H59: 10 | I59: 1 | J59: 43723.077 | K59: 41536.923 | L59: 2186.1538 | M59: 固定资产 | N59: 机器设备 | O59: 集体资产 | P59: 正常 | Q59: 在用 | R59: 自用 | S59: 经营性资产 | T59: 正常 | U59: 米瑞乡德木康桑水磨糌粑面粉农民专业合作社
A60: 540624201319008 | B60: 巴宜区 | C60: 54062420131900810009 | D60: 围墙及大门 | E60: 41808 | F60: 米瑞乡曲尼贡嘎村 | G60: 项 | H60: 10 | I60: 1 | J60: 43723.077 | K60: 41536.923 | L60: 2186.1538 | M60: 固定资产 | N60: 构筑物 | O60: 集体资产 | P60: 正常 | Q60: 在用 | R60: 自用 | S60: 经营性资产 | T60: 正常 | U60: 米瑞乡德木康桑水磨糌粑面粉农民专业合作社
A61: 540624201307002 | B61: 巴宜区 | C61: 54062420130700240001 | D61: 网围栏骨料 | E61: 42125 | F61: 米瑞乡曲尼贡嘎村 | G61: 根 | H61: 3 | I61: 150 | J61: 21844.66 | K61: 20752.427 | L61: 1092.233 | M61: 其他资产 | N61: 低值易耗品 | O61: 集体资产 | P61: 正常 | Q61: 在用 | R61: 出租 | S61: 经营性资产 | T61: 正常 | U61: 林芝市米瑞乡曲尼贡嘎村达白养殖农牧民专业合作社 | V61: 该项目为个人合作社申请的项目，该合作社在2024年注销了 | W61: 没有文件，数据来源于附表2实施内容
A62: 540624201307002 | B62: 巴宜区 | C62: 54062420130700240002 | D62: 钢丝围网 | E62: 42125 | F62: 米瑞乡曲尼贡嘎村 | G62: 640平方米 | H62: 3 | I62: 1 | J62: 37281.553 | K62: 35417.476 | L62: 1864.0777 | M62: 其他资产 | N62: 低值易耗品 | O62: 集体资产 | P62: 正常 | Q62: 在用 | R62: 出租 | S62: 经营性资产 | T62: 正常 | U62: 林芝市米瑞乡曲尼贡嘎村达白养殖农牧民专业合作社
A63: 540624201307002 | B63: 巴宜区 | C63: 54062420130700210003 | D63: 土木结构猪舍 | E63: 42125 | F63: 米瑞乡曲尼贡嘎村 | G63: 440平方米 | H63: 10 | I63: 1 | J63: 147572.82 | K63: 134352.75 | L63: 13220.065 | M63: 固定资产 | N63: 构筑物 | O63: 集体资产 | P63: 正常 | Q63: 在用 | R63: 出租 | S63: 经营性资产 | T63: 正常 | U63: 林芝市米瑞乡曲尼贡嘎村达白养殖农牧民专业合作社
A64: 540624201307002 | B64: 巴宜区 | C64: 54062420130700210004 | D64: 管理区土木结构房屋 | E64: 42125 | F64: 米瑞乡曲尼贡嘎村 | G64: 108平方米 | H64: 20 | I64: 1 | J64: 62912.621 | K64: 28638.35 | L64: 34274.272 | M64: 固定资产 | N64: 构筑物 | O64: 集体资产 | P64: 正常 | Q64: 在用 | R64: 出租 | S64: 经营性资产 | T64: 正常 | U64: 林芝市米瑞乡曲尼贡嘎村达白养殖农牧民专业合作社
A65: 540624201307002 | B65: 巴宜区 | C65: 54062420130700220005 | D65: 藏香猪仔猪 | E65: 42125 | F65: 米瑞乡曲尼贡嘎村 | G65: 头 | H65: 3 | I65: 1000 | J65: 242718.45 | K65: 0 | L65: 242718.45 | M65: 生物资产 | N65: 牲畜(禽） | O65: 集体资产 | P65: 正常 | Q65: 在用 | R65: 存栏 | S65: 经营性资产 | T65: 正常 | U65: 林芝市米瑞乡曲尼贡嘎村达白养殖农牧民专业合作社
A66: 540624201307002 | B66: 巴宜区 | C66: 54062420130700220006 | D66: 藏香猪母猪 | E66: 42125 | F66: 米瑞乡曲尼贡嘎村 | G66: 头 | H66: 3 | I66: 300 | J66: 242718.45 | K66: 0 | L66: 242718.45 | M66: 生物资产 | N66: 牲畜(禽） | O66: 集体资产 | P66: 正常 | Q66: 在用 | R66: 存栏 | S66: 经营性资产 | T66: 正常 | U66: 林芝市米瑞乡曲尼贡嘎村达白养殖农牧民专业合作社
A67: 540624201307002 | B67: 巴宜区 | C67: 54062420130700220007 | D67: 藏香猪种公猪 | E67: 42125 | F67: 米瑞乡曲尼贡嘎村 | G67: 头 | H67: 3 | I67: 20 | J67: 19417.476 | K67: 0 | L67: 19417.476 | M67: 生物资产 | N67: 牲畜(禽） | O67: 集体资产 | P67: 正常 | Q67: 在用 | R67: 存栏 | S67: 经营性资产 | T67: 正常 | U67: 林芝市米瑞乡曲尼贡嘎村达白养殖农牧民专业合作社
A68: 540624201307002 | B68: 巴宜区 | C68: 54062420130700210008 | D68: 防疫设备 | E68: 42125 | F68: 米瑞乡曲尼贡嘎村 | G68: 套 | H68: 3 | I68: 1 | J68: 15533.981 | K68: 14757.282 | L68: 776.69903 | M68: 固定资产 | N68: 机器设备 | O68: 集体资产 | P68: 正常 | Q68: 在用 | R68: 出租 | S68: 经营性资产 | T68: 正常 | U68: 林芝市米瑞乡曲尼贡嘎村达白养殖农牧民专业合作社
A69: 540624201316006 | B69: 巴宜区 | C69: 54062420131600610001 | D69: 两连拱大棚温室 | E69: 41791 | F69: 更章乡扎曲村 | G69: 座 | H69: 10 | I69: 20 | J69: 691538.46 | K69: 656961.54 | L69: 34576.923 | M69: 固定资产 | N69: 构筑物 | O69: 集体资产 | P69: 损毁 | Q69: 不在用 | R69: 拆除 | S69: 经营性资产 | T69: 闲置 | U69: 林芝市巴宜区更章门巴民族乡扎曲村股份经济合作联合社、林芝市巴宜区更章门巴民族乡白玛店社区股份经济合作联合社 | W69: 没有文件，数据来源于附表2实施内容
A70: 540624201316006 | B70: 巴宜区 | C70: 54062420131600610002 | D70: 单栱温室大棚 | E70: 41791 | F70: 更章乡白玛店村 | G70: 座 | H70: 10 | I70: 35 | J70: 826666.67 | K70: 785333.33 | L70: 41333.333 | M70: 固定资产 | N70: 构筑物 | O70: 集体资产 | P70: 损毁 | Q70: 不在用 | R70: 拆除 | S70: 经营性资产 | T70: 闲置 | U70: 林芝市巴宜区更章门巴民族乡扎曲村股份经济合作联合社、林芝市巴宜区更章门巴民族乡白玛店社区股份经济合作联合社
A71: 540624201316006 | B71: 巴宜区 | C71: 54062420131600610003 | D71: 水渠及围墙 | E71: 41791 | F71: 更章乡扎曲村、白玛店村 | G71: 项 | H71: 10 | I71: 1 | J71: 271794.87 | K71: 258205.13 | L71: 13589.744 | M71: 固定资产 | N71: 构筑物 | O71: 集体资产 | P71: 损毁 | Q71: 不在用 | R71: 拆除 | S71: 经营性资产 | T71: 闲置 | U71: 林芝市巴宜区更章门巴民族乡扎曲村股份经济合作联合社、林芝市巴宜区更章门巴民族乡白玛店社区股份经济合作联合社
A72: 540624201319009 | B72: 巴宜区 | C72: 54062420131900910001 | D72: 生产基地 | E72: 41609 | F72: 八一镇色定村 | G72: 座 | H72: 10 | I72: 1 | J72: 420000 | K72: 399000 | L72: 21000 | M72: 固定资产 | N72: 构筑物 | O72: 集体资产 | P72: 正常 | Q72: 不在用 | R72: 闲置 | S72: 经营性资产 | T72: 闲置 | U72: 林芝县八一镇色定村阿吉特色经济发展农牧民专业合作社 | W72: 翻拍文件-移交表
A73: 540624201317006 | B73: 巴宜区 | C73: 54062420131700610001 | D73: 接待点 | E73: 41760 | F73: 林芝镇康扎村 | G73: 641.83平方米 | H73: 10 | I73: 1 | J73: 1418182.3 | K73: 1347273.2 | L73: 70909.117 | M73: 固定资产 | N73: 房屋建筑物 | O73: 集体资产 | P73: 正常 | Q73: 不在用 | R73: 闲置 | S73: 公益性资产 | T73: - | U73: 林芝市巴宜区林芝镇康扎村股份经济合作联合社 | W73: 翻拍文件-概算表、移交表
A74: 540624201317006 | B74: 巴宜区 | C74: 54062420131700610002 | D74: 床 | E74: 41760 | F74: 林芝镇康扎村 | G74: 套 | H74: 5 | I74: 76 | J74: 122157.94 | K74: 116050.04 | L74: 6107.897 | M74: 固定资产 | N74: 办公用具家具 | O74: 集体资产 | P74: 正常 | Q74: 不在用 | R74: 闲置 | S74: 公益性资产 | T74: - | U74: 林芝市巴宜区林芝镇康扎村股份经济合作联合社
A75: 540624201317006 | B75: 巴宜区 | C75: 54062420131700640003 | D75: 床单及被套 | E75: 41760 | F75: 林芝镇康扎村 | G75: 套 | H75: 5 | I75: 156 | J75: 250745.25 | K75: 238207.98 | L75: 12537.262 | M75: 其他资产 | N75: 低值易耗品 | O75: 集体资产 | P75: 正常 | Q75: 不在用 | R75: 闲置 | S75: 公益性资产 | T75: - | U75: 林芝市巴宜区林芝镇康扎村股份经济合作联合社
A76: 540624201317006 | B76: 巴宜区 | C76: 54062420131700610004 | D76: 餐桌椅 | E76: 41760 | F76: 林芝镇康扎村 | G76: 套 | H76: 5 | I76: 156 | J76: 250745.25 | K76: 238207.98 | L76: 12537.262 | M76: 固定资产 | N76: 办公用具家具 | O76: 集体资产 | P76: 正常 | Q76: 不在用 | R76: 闲置 | S76: 公益性资产 | T76: - | U76: 林芝市巴宜区林芝镇康扎村股份经济合作联合社
A77: 540624201317006 | B77: 巴宜区 | C77: 54062420131700610005 | D77: 大门 | E77: 41760 | F77: 林芝镇康扎村 | G77: 座 | H77: 10 | I77: 1 | J77: 137088.22 | K77: 130233.81 | L77: 6854.4108 | M77: 固定资产 | N77: 构筑物 | O77: 集体资产 | P77: 正常 | Q77: 不在用 | R77: 闲置 | S77: 公益性资产 | T77: - | U77: 林芝市巴宜区林芝镇康扎村股份经济合作联合社
A78: 540624201317006 | B78: 巴宜区 | C78: 54062420131700610006 | D78: 停车场 | E78: 41760 | F78: 林芝镇康扎村 | G78: 1200平方米 | H78: 10 | I78: 1 | J78: 557646.98 | K78: 529764.63 | L78: 27882.349 | M78: 固定资产 | N78: 构筑物 | O78: 集体资产 | P78: 正常 | Q78: 不在用 | R78: 闲置 | S78: 公益性资产 | T78: - | U78: 林芝市巴宜区林芝镇康扎村股份经济合作联合社
A79: 540624201317006 | B79: 巴宜区 | C79: 54062420131700610007 | D79: 围墙 | E79: 41760 | F79: 林芝镇康扎村 | G79: 295米 | H79: 10 | I79: 1 | J79: 263434.03 | K79: 250262.33 | L79: 13171.701 | M79: 固定资产 | N79: 构筑物 | O79: 集体资产 | P79: 正常 | Q79: 不在用 | R79: 闲置 | S79: 公益性资产 | T79: - | U79: 林芝市巴宜区林芝镇康扎村股份经济合作联合社
A80: 540624201316007 | B80: 巴宜区 | C80: 54062420131600710001 | D80: 灌溉水渠 | E80: 41638 | F80: 米瑞乡色果拉村 | G80: 5800m | H80: 10 | I80: 1 | J80: 100000 | K80: 95000 | L80: 5000 | M80: 固定资产 | N80: 构筑物 | O80: 集体资产 | P80: 正常 | Q80: 在用 | R80: 自用 | S80: 公益性资产 | T80: - | U80: 林芝市巴宜区米瑞乡色果拉村股份经济合作联合社 | W80: 批复
A81: 540624201316008 | B81: 巴宜区 | C81: 54062420131600810001 | D81: 桥梁及水渠维修 | E81: 41638 | F81: 布久乡孜热村 | G81: 座 | H81: 10 | I81: 1 | J81: 103500 | K81: 98325 | L81: 5175 | M81: 固定资产 | N81: 构筑物 | O81: 集体资产 | P81: 正常 | Q81: 在用 | R81: 自用 | S81: 公益性资产 | T81: - | U81: 林芝市巴宜区布久乡孜热村股份经济合作联合社 | W81: 批复
A82: 540624201316009 | B82: 巴宜区 | C82: 54062420131600910001 | D82: 蓄水池及管道工程 | E82: 41638 | F82: 百巴镇大坝村 | G82: 座 | H82: 10 | I82: 1 | J82: 1100000 | K82: 1045000 | L82: 55000 | M82: 固定资产 | N82: 构筑物 | O82: 集体资产 | P82: 正常 | Q82: 在用 | R82: 自用 | S82: 公益性资产 | T82: - | U82: 林芝市巴宜区百巴镇大坝村经济联合社 | W82: 批复
A83: 540624201316010 | B83: 巴宜区 | C83: 54062420131601010001 | D83: 蔬菜温室配套工程 | E83: 41638 | F83: 百巴镇大坝村 | G83: 项 | H83: 10 | I83: 1 | J83: 430600 | K83: 409070 | L83: 21530 | M83: 固定资产 | N83: 构筑物 | O83: 集体资产 | P83: 正常 | Q83: 在用 | R83: 自用 | S83: 公益性资产 | T83: - | U83: 林芝市巴宜区百巴镇大坝村经济联合社 | W83: 批复 | X83: 35.54
A84: 540624201416001 | B84: 巴宜区 | C84: 54062420141600110001 | D84: 灌溉水渠 | E84: 41927 | F84: 八一镇加乃村 | G84: 3000m | H84: 10 | I84: 1 | J84: 984100 | K84: 934895 | L84: 49205 | M84: 固定资产 | N84: 构筑物 | O84: 集体资产 | P84: 正常 | Q84: 在用 | R84: 自用 | S84: 公益性资产 | T84: - | U84: 林芝市巴宜区八一镇加乃村股份经济合作联合社 | W84: 翻拍文件-移交表、建设明细表
A85: 540624201409001 | B85: 巴宜区 | C85: 54062420140900120001 | D85: 中蜂 | E85: 42125 | F85: 八一镇色丁村 | G85: 箱 | H85: 3 | I85: 220 | J85: 264000 | K85: 264000 | L85: 0 | M85: 生物资产 | N85: 牲畜(禽） | O85: 集体资产 | P85: 正常 | Q85: 在用 | R85: 在培 | S85: 经营性资产 | T85: 正常 | U85: 八一镇色定村异彩种养业农牧民专业合作社
A86: 540624201409001 | B86: 巴宜区 | C86: 54062420140900120002 | D86: 意蜂 | E86: 42125 | F86: 八一镇色丁村 | G86: 箱 | H86: 3 | I86: 220 | J86: 264000 | K86: 264000 | L86: 0 | M86: 生物资产 | N86: 牲畜(禽） | O86: 集体资产 | P86: 正常 | Q86: 在用 | R86: 在培 | S86: 经营性资产 | T86: 正常 | U86: 八一镇色定村异彩种养业农牧民专业合作社
A87: 540624201409001 | B87: 巴宜区 | C87: 54062420140900140003 | D87: 白糖 | E87: 42125 | F87: 八一镇色丁村 | G87: 10吨 | H87: 1 | I87: 1 | J87: 72000 | K87: 72000 | L87: 0 | M87: 其他资产 | N87: 低值易耗品 | O87: 集体资产 | P87: 损毁 | Q87: 不在用 | R87: 已消耗 | S87: 经营性资产 | T87: 低效 | U87: 八一镇色定村异彩种养业农牧民专业合作社 | W87: 翻拍文件-建设费用明细表、移交表
A88: 540624201417002 | B88: 巴宜区 | C88: 54062420141700210001 | D88: 自驾游旅馆 | E88: 41974 | F88: 百巴镇伍巴村 | G88: 500平方米 | H88: 20 | I88: 1 | J88: 1071538.5 | K88: 508980.77 | L88: 562557.69 | M88: 固定资产 | N88: 房屋建筑物 | O88: 集体资产 | P88: 正常 | Q88: 在用 | R88: 自用 | S88: 经营性资产 | T88: 闲置 | U88: 林芝市巴宜区百巴镇折巴村伍巴组股份经济合作社
A89: 540624201417002 | B89: 巴宜区 | C89: 54062420141700210002 | D89: 围墙及混凝土挡墙 | E89: 41974 | F89: 百巴镇伍巴村 | G89: 170米 | H89: 10 | I89: 1 | J89: 252820.51 | K89: 240179.49 | L89: 12641.026 | M89: 固定资产 | N89: 构筑物 | O89: 集体资产 | P89: 正常 | Q89: 在用 | R89: 自用 | S89: 经营性资产 | T89: 闲置 | U89: 林芝市巴宜区百巴镇折巴村伍巴组股份经济合作社
A90: 540624201417002 | B90: 巴宜区 | C90: 54062420141700210003 | D90: 化粪池 | E90: 41974 | F90: 百巴镇伍巴村 | G90: 座 | H90: 10 | I90: 1 | J90: 25641.026 | K90: 24358.974 | L90: 1282.0513 | M90: 固定资产 | N90: 构筑物 | O90: 集体资产 | P90: 正常 | Q90: 在用 | R90: 自用 | S90: 经营性资产 | T90: 闲置 | U90: 林芝市巴宜区百巴镇折巴村伍巴组股份经济合作社 | V90: 总共5个门面，闲置了4个，出租了1个 | W90: 翻拍文件-移交表
A91: 540624201417003 | B91: 巴宜区 | C91: 54062420141700310001 | D91: 旅游接待点 | E91: 41944 | F91: 米瑞乡增巴村 | G91: 320平方米 | H91: 20 | I91: 1 | J91: 764000 | K91: 365924.17 | L91: 398075.83 | M91: 固定资产 | N91: 房屋建筑物 | O91: 集体资产 | P91: 正常 | Q91: 在用 | R91: 出租 | S91: 经营性资产 | T91: 正常 | U91: 林芝市巴宜区米瑞乡增巴村经济联合社 | W91: 翻拍文件-概算总表
A92: 540624201416002 | B92: 巴宜区 | C92: 54062420141600210001 | D92: 8×40m的单拱钢管塑料大棚 | E92: 41913 | F92: 更章乡久巴村 | G92: 座 | H92: 10 | I92: 28 | J92: 823654.82 | K92: 782472.08 | L92: 41182.741 | M92: 固定资产 | N92: 构筑物 | O92: 集体资产 | P92: 正常 | Q92: 在用 | R92: 自用 | S92: 经营性资产 | T92: 正常 | U92: 林芝市巴宜区更章门巴民族乡久巴村股份经济合作联合社
A93: 540624201416002 | B93: 巴宜区 | C93: 54062420141600210002 | D93: 灌溉水渠 | E93: 41913 | F93: 更章乡久巴村 | G93: 600米 | H93: 10 | I93: 1 | J93: 176345.18 | K93: 167527.92 | L93: 8817.2589 | M93: 固定资产 | N93: 构筑物 | O93: 集体资产 | P93: 正常 | Q93: 在用 | R93: 自用 | S93: 经营性资产 | T93: 正常 | U93: 林芝市巴宜区更章门巴民族乡久巴村股份经济合作联合社 | W93: 翻拍文件-移交表、投资概算明细表
A94: 540624201419001 | B94: 巴宜区 | C94: 54062420141900110001 | D94: 厂房 | E94: 42217 | F94: 米瑞乡通麦村 | G94: 150平方米 | H94: 20 | I94: 1 | J94: 193419.45 | K94: 85749.289 | L94: 107670.16 | M94: 固定资产 | N94: 房屋建筑物 | O94: 集体资产 | P94: 正常 | Q94: 在用 | R94: 自用 | S94: 经营性资产 | T94: 正常 | U94: 林芝市拉片工布服装有限公司
A95: 540624201419001 | B95: 巴宜区 | C95: 54062420141900110002 | D95: 仓库 | E95: 42217 | F95: 米瑞乡通麦村 | G95: 150平方米 | H95: 20 | I95: 1 | J95: 237248.33 | K95: 105180.09 | L95: 132068.24 | M95: 固定资产 | N95: 机器设备 | O95: 集体资产 | P95: 正常 | Q95: 在用 | R95: 自用 | S95: 经营性资产 | T95: 正常 | U95: 林芝市拉片工布服装有限公司
A96: 540624201419001 | B96: 巴宜区 | C96: 54062420141900110003 | D96: 围墙 | E96: 42217 | F96: 米瑞乡通麦村 | G96: 300米 | H96: 5 | I96: 1 | J96: 19332.22 | K96: 18365.609 | L96: 966.611 | M96: 固定资产 | N96: 机器设备 | O96: 集体资产 | P96: 正常 | Q96: 在用 | R96: 自用 | S96: 经营性资产 | T96: 正常 | U96: 林芝市拉片工布服装有限公司 | W96: 翻拍文件-概算总表、移交表
A97: 540624201419002 | B97: 巴宜区 | C97: 54062420141900210001 | D97: 藏香加工厂房 | E97: 41974 | F97: 八一镇加定村 | G97: 120平方米 | H97: 20 | I97: 1 | J97: 266933.48 | K97: 126793.4 | L97: 140140.08 | M97: 固定资产 | N97: 房屋建筑物 | O97: 集体资产 | P97: 正常 | Q97: 在用 | R97: 自用 | S97: 经营性资产 | T97: 正常 | U97: 工布民族手工艺农牧民专业合作社
A98: 540624201419002 | B98: 巴宜区 | C98: 54062420141900210002 | D98: 民族服饰加工库房 | E98: 41974 | F98: 八一镇加定村 | G98: 80平方米 | H98: 20 | I98: 1 | J98: 177955.65 | K98: 84528.935 | L98: 93426.717 | M98: 固定资产 | N98: 房屋建筑物 | O98: 集体资产 | P98: 正常 | Q98: 在用 | R98: 自用 | S98: 经营性资产 | T98: 正常 | U98: 工布民族手工艺农牧民专业合作社
A99: 540624201419002 | B99: 巴宜区 | C99: 54062420141900210003 | D99: 清洗池1座 | E99: 41974 | F99: 八一镇加定村 | G99: 座 | H99: 10 | I99: 1 | J99: 16021.96 | K99: 16021.96 | L99: 0 | M99: 固定资产 | N99: 构筑物 | O99: 集体资产 | P99: 正常 | Q99: 在用 | R99: 自用 | S99: 经营性资产 | T99: 正常 | U99: 工布民族手工艺农牧民专业合作社
A100: 540624201419002 | B100: 巴宜区 | C100: 54062420141900210004 | D100: 羊毛消毒池1座 | E100: 41974 | F100: 八一镇加定村 | G100: 座 | H100: 10 | I100: 1 | J100: 16088.91 | K100: 16088.91 | L100: 0 | M100: 固定资产 | N100: 构筑物 | O100: 集体资产 | P100: 正常 | Q100: 在用 | R100: 自用 | S100: 经营性资产 | T100: 正常 | U100: 工布民族手工艺农牧民专业合作社
A101: 540624201419002 | B101: 巴宜区 | C101: 54062420141900210005 | D101: YD不锈钢藏香机 | E101: 41974 | F101: 八一镇加定村 | G101: 台 | H101: 10 | I101: 1 | J101: 25000 | K101: 23750 | L101: 1250 | M101: 固定资产 | N101: 机器设备 | O101: 集体资产 | P101: 正常 | Q101: 在用 | R101: 自用 | S101: 经营性资产 | T101: 正常 | U101: 工布民族手工艺农牧民专业合作社
...

Sheet 附件6
A1: 附件6
A2: 西藏自治区林芝市巴宜区低效、闲置项目资产台账
A3: 项目编号 | B3: 项目县区 | C3: 资产编号 | D3: 资产 名称 | E3: 构（购）建时间 （必填年月） | F3: 坐落或置放位置 | G3: 资产 型号 | H3: 预计使用年限（自构建时间起预计能够使用的年限数） | I3: 资产个数 | J3: 资产原值（元） | K3: 资产累计折旧（摊销）（元） | L3: 资产净值（元） | M3: 资产形态 | N3: 具体形态 | O3: 资产 属性 | P3: 资产 状态 | Q3: 资产使用情况 | S3: 资产类别 | T3: 经营性资产运营情况 | U3: 资产所有权 （资产盘活责任主体） 主体名称 | V3: 资产盘活措施 | W3: 是否完成盘活 | X3: 资产完成盘活时间 | Y3: 备注
A4: 填表说明：与表2项目编号一致 | C4: 根据指南编码规则对资产进行编号 | D4: 按形成的具体资产名称填写，不同资产应分行填写 | E4: 例：2018.01 | H4: 例：10（即为该资产预计可使用时间为10年） | J4: 保留2位小数 | K4: 统计时间为截止2024年12月31日 （权益类资产、消耗性生物资产、公益性生物资产不填） 保留2位小数 | L4: 统计时间为截止2024年12月31日 保留2位小数 | M4: 在“固定资产、生物资产、权益类资产、其他资产”中选择 | N4: 在“房屋建筑物、构筑物、机器设备、车辆、办公用具家具、牲畜（禽）、林木、股权资产、债权资产、低值易耗品、无形资产”中选择 | O4: 在“国有资产、集体资产”中选择 | P4: 在“正常、损坏、损毁”中选择 | Q4: 根据实际情况填写“在用/不在用” | R4: 在“自用、出租、存栏、在培、已消耗、已出售、已死亡、闲置、损毁、拆除、待维修、盘亏等”中选择 | S4: 在“经营性资产、公益性资产”中选择 | T4: 在“低效、闲置”中选择 | W4: 填写“是/否” | X4: 例：2025.09.30
A5: 540624201317001 | B5: 巴宜区 | C5: 54062420131700110001 | D5: 接待中心 | E5: 41821 | F5: 林芝县扎西岗村 | G5: 座 | H5: 20 | I5: 1 | J5: 539867.58 | K5: 267121.98 | L5: 272745.6 | M5: 固定资产 | N5: 房屋建筑物 | O5: 集体资产 | P5: 正常 | Q5: 不在用 | R5: 闲置 | S5: 经营性资产 | T5: 闲置 | U5: 林芝市巴宜区鲁朗镇扎西岗村股份经济合作联合社 | V5: 改造成幸福院经营 | W5: 是 | X5: 2026.9.2
A6: 540624201317001 | B6: 巴宜区 | C6: 54062420131700110002 | D6: 围墙 | E6: 41821 | F6: 林芝县扎西岗村 | G6: 200米 | H6: 10 | I6: 1 | J6: 91000 | K6: 86450 | L6: 4550 | M6: 固定资产 | N6: 构筑物 | O6: 集体资产 | P6: 正常 | Q6: 不在用 | R6: 闲置 | S6: 经营性资产 | T6: 闲置 | U6: 林芝市巴宜区鲁朗镇扎西岗村股份经济合作联合社 | V6: 改造成幸福院经营 | W6: 是 | X6: 2026.9.2
A7: 540624201317001 | B7: 巴宜区 | C7: 54062420131700110003 | D7: 灶台 | E7: 41821 | F7: 林芝县扎西岗村 | G7: 套 | H7: 10 | I7: 1 | J7: 31000 | K7: 29450 | L7: 1550 | M7: 固定资产 | N7: 构筑物 | O7: 集体资产 | P7: 正常 | Q7: 不在用 | R7: 闲置 | S7: 经营性资产 | T7: 闲置 | U7: 林芝市巴宜区鲁朗镇扎西岗村股份经济合作联合社 | V7: 改造成幸福院经营 | W7: 是 | X7: 2026.9.2
A8: 540624201317001 | B8: 巴宜区 | C8: 54062420131700110004 | D8: 太阳能热水器 | E8: 41821 | F8: 林芝县扎西岗村 | G8: 个 | H8: 5 | I8: 100 | J8: 65000 | K8: 61750 | L8: 3250 | M8: 固定资产 | N8: 机器设备 | O8: 集体资产 | P8: 正常 | Q8: 不在用 | R8: 闲置 | S8: 经营性资产 | T8: 闲置 | U8: 林芝市巴宜区鲁朗镇扎西岗村股份经济合作联合社 | V8: 改造成幸福院经营 | W8: 是 | X8: 2026.9.2
A9: 540624201317001 | B9: 巴宜区 | C9: 54062420131700110005 | D9: 洗涤、烘干消毒、熨烫设备 | E9: 41821 | F9: 林芝县扎西岗村 | G9: 套 | H9: 5 | I9: 1 | J9: 120000 | K9: 114000 | L9: 6000 | M9: 固定资产 | N9: 机器设备 | O9: 集体资产 | P9: 正常 | Q9: 不在用 | R9: 闲置 | S9: 经营性资产 | T9: 闲置 | U9: 林芝市巴宜区鲁朗镇扎西岗村股份经济合作联合社 | V9: 改造成幸福院经营 | W9: 是 | X9: 2026.9.2
A10: 540624201317001 | B10: 巴宜区 | C10: 54062420131700110006 | D10: 电热蒸汽锅炉 | E10: 41821 | F10: 林芝县扎西岗村 | G10: 套 | H10: 5 | I10: 1 | J10: 45000 | K10: 42750 | L10: 2250 | M10: 固定资产 | N10: 机器设备 | O10: 集体资产 | P10: 正常 | Q10: 不在用 | R10: 闲置 | S10: 经营性资产 | T10: 闲置 | U10: 林芝市巴宜区鲁朗镇扎西岗村股份经济合作联合社 | V10: 改造成幸福院经营 | W10: 是 | X10: 2026.9.2
A11: 540624201306001 | B11: 巴宜区 | C11: 54062420130600120002 | D11: 种植草场 | E11: 41395 | F11: 米瑞乡通麦村 | G11: 亩 | H11: 1 | I11: 100 | J11: 41176.471 | K11: 41176.471 | L11: 0 | M11: 生物资产 | N11: 林木 | O11: 集体资产 | P11: 损坏 | Q11: 不在用 | R11: 已消耗 | S11: 经营性资产 | T11: 闲置 | U11: 林芝市巴宜区米瑞通麦绵羊养殖农牧民专业合作社 | V11: - | W11: - | X11: -
A12: 540624201308001 | B12: 巴宜区 | C12: 54062420130800110001 | D12: 鸡舍 | E12: 41780 | F12: 米瑞乡色果拉村 | G12: 240平方米 | H12: 10 | I12: 1 | J12: 10909.091 | K12: 10363.636 | L12: 545.45455 | M12: 固定资产 | N12: 构筑物 | O12: 集体资产 | P12: 正常 | Q12: 不在用 | R12: 闲置 | S12: 经营性资产 | T12: 闲置 | U12: 林芝市巴宜区米瑞乡色果拉村股份经济合作联合社 | V12: - | W12: 否 | X12: -
A13: 540624201308001 | B13: 巴宜区 | C13: 54062420130800110002 | D13: 活动场 | E13: 41780 | F13: 米瑞乡色果拉村 | G13: 2400平方米 | H13: 10 | I13: 1 | J13: 109090.91 | K13: 103636.36 | L13: 5454.5455 | M13: 固定资产 | N13: 构筑物 | O13: 集体资产 | P13: 正常 | Q13: 不在用 | R13: 闲置 | S13: 经营性资产 | T13: 闲置 | U13: 林芝市巴宜区米瑞乡色果拉村股份经济合作联合社 | V13: - | W13: 否 | X13: -
A14: 540624201308001 | B14: 巴宜区 | C14: 54062420130800110003 | D14: 仓库及住宿房 | E14: 41780 | F14: 米瑞乡色果拉村 | G14: 104平方米 | H14: 10 | I14: 1 | J14: 4727.2727 | K14: 4490.9091 | L14: 236.36364 | M14: 固定资产 | N14: 构筑物 | O14: 集体资产 | P14: 正常 | Q14: 不在用 | R14: 闲置 | S14: 经营性资产 | T14: 闲置 | U14: 林芝市巴宜区米瑞乡色果拉村股份经济合作联合社 | V14: - | W14: 否 | X14: -
A15: 540624201308001 | B15: 巴宜区 | C15: 54062420130800120004 | D15: 藏鸡 | E15: 41780 | F15: 米瑞乡色果拉村 | G15: 只 | H15: 3 | I15: 5000 | J15: 227272.73 | K15: 0 | L15: 227272.73 | M15: 生物资产 | N15: 牲畜(禽） | O15: 集体资产 | P15: 正常 | Q15: 在用 | R15: 存栏 | S15: 经营性资产 | T15: 低效 | U15: 林芝市巴宜区米瑞乡色果拉村股份经济合作联合社 | V15: - | W15: 否 | X15: -
A16: 540624201308001 | B16: 巴宜区 | C16: 54062420130800110005 | D16: 大门 | E16: 41780 | F16: 米瑞乡色果拉村 | G16: 座 | H16: 10 | I16: 1 | J16: 74000 | K16: 70300 | L16: 3700 | M16: 固定资产 | N16: 构筑物 | O16: 集体资产 | P16: 正常 | Q16: 不在用 | R16: 闲置 | S16: 经营性资产 | T16: 闲置 | U16: 林芝市巴宜区米瑞乡色果拉村股份经济合作联合社 | V16: - | W16: 否 | X16: -
... A37: 540624201417004 | B37: 巴宜区 | C37: 54062420141700410003 | D37: 太阳能热水器 | E37: 41974 | F37: 米瑞乡朗乃村 | G37: 套 | H37: 10 | I37: 4 | J37: 13200 | K37: 12540 | L37: 660 | M37: 固定资产 | N37: 机器设备 | O37: 集体资产 | P37: 损毁 | Q37: 不在用 | R37: 损毁 | S37: 经营性资产 | T37: 闲置 | U37: 林芝市巴宜区米瑞乡朗乃村股份经济合作联合社 | V37: - | W37: - | X37: -
A38: 540624201417005 | B38: 巴宜区 | C38: 54062420141700510008 | D38: 记账本 | E38: 41974 | F38: 更章乡扎曲村 | G38: 本 | H38: 3 | I38: 5 | J38: 100 | K38: 100 | L38: 0 | M38: 固定资产 | N38: 办公用具家具 | O38: 集体资产 | P38: 损毁 | Q38: 不在用 | R38: 已消耗 | S38: 经营性资产 | T38: 闲置 | U38: 林芝市巴宜区更章门巴民族乡扎曲村股份经济合作联合社 | V38: - | W38: - | X38: - | Y38: 产业园区征地
A39: 540624201516001 | B39: 巴宜区 | C39: 54062420151600110001 | D39: 建8米×40米的单拱钢管塑料大棚 | E39: 42278 | F39: 百巴镇拉格村 | G39: 座 | H39: 10 | I39: 26 | J39: 1057259.1 | K39: 920696.51 | L39: 136562.64 | M39: 固定资产 | N39: 构筑物 | O39: 集体资产 | P39: 正常 | Q39: 在用 | R39: 出租 | S39: 经营性资产 | T39: 低效 | U39: 林芝市巴宜区百巴镇拉格村股份经济合作联合社、米瑞乡吉定村32户村民 | V39: 出租 | W39: 是 | X39: 2026.4.1
A40: 540624201516001 | B40: 巴宜区 | C40: 54062420151600110002 | D40: 新建8米×20米的单拱钢管塑料大棚 | E40: 42278 | F40: 米瑞乡吉定村 | G40: 座 | H40: 10 | I40: 32 | J40: 791763.1 | K40: 689493.7 | L40: 102269.4 | M40: 固定资产 | N40: 构筑物 | O40: 集体资产 | P40: 正常 | Q40: 在用 | R40: 自用 | S40: 经营性资产 | T40: 低效 | U40: 林芝市巴宜区百巴镇拉格村股份经济合作联合社、米瑞乡吉定村32户村民 | V40: 出租 | W40: 是 | X40: 2026.4.1
A41: 540624201519001 | B41: 巴宜区 | C41: 54062420151900110003 | D41: 水渠 | E41: 42461 | F41: 米瑞乡朗乃村 | G41: 400米 | H41: 10 | I41: 1 | J41: 172800 | K41: 172800 | L41: 0 | M41: 固定资产 | N41: 构筑物 | O41: 集体资产 | P41: 损毁 | Q41: 不在用 | R41: 损毁 | S41: 经营性资产 | T41: 闲置 | U41: 林芝市巴宜区米瑞乡朗乃村股份经济合作联合社 | V41: - | W41: - | X41: - | Y41: 产业园区征地
A42: 540624201517003 | B42: 巴宜区 | C42: 54062420151700310001 | D42: 新建厂房 | E42: 42491 | F42: 八一镇公众村 | G42: 252平方米 | H42: 20 | I42: 1 | J42: 393739.94 | K42: 160531.05 | L42: 233208.88 | M42: 固定资产 | N42: 房屋建筑物 | O42: 集体资产 | P42: 正常 | Q42: 在用 | R42: 自用 | S42: 经营性资产 | T42: 低效 | U42: 林芝市巴宜区八一镇公众村公众组股份经济合作社 | V42: - | W42: - | X42: - | Y42: 产业园区征地
A43: 540624201517003 | B43: 巴宜区 | C43: 54062420151700310002 | D43: 新建综合区 | E43: 42491 | F43: 八一镇公众村 | G43: 252平方米 | H43: 10 | I43: 1 | J43: 403609.37 | K43: 329109.81 | L43: 74499.563 | M43: 固定资产 | N43: 构筑物 | O43: 集体资产 | P43: 正常 | Q43: 在用 | R43: 自用 | S43: 经营性资产 | T43: 低效 | U43: 林芝市巴宜区八一镇公众村公众组股份经济合作社 | V43: - | W43: - | X43: - | Y43: 产业园区征地
A44: 540624201517003 | B44: 巴宜区 | C44: 54062420151700310003 | D44: 新建职工宿舍 | E44: 42491 | F44: 八一镇公众村 | G44: 54.9平方米 | H44: 20 | I44: 1 | J44: 92466.587 | K44: 37699.398 | L44: 54767.189 | M44: 固定资产 | N44: 房屋建筑物 | O44: 集体资产 | P44: 正常 | Q44: 在用 | R44: 自用 | S44: 经营性资产 | T44: 低效 | U44: 林芝市巴宜区八一镇公众村公众组股份经济合作社 | V44: - | W44: - | X44: - | Y44: 产业园区征地
A45: 540624201517003 | B45: 巴宜区 | C45: 54062420151700310004 | D45: 新建值班室 | E45: 42491 | F45: 八一镇公众村 | G45: 24平方米 | H45: 20 | I45: 1 | J45: 43721.516 | K45: 17825.626 | L45: 25895.89 | M45: 固定资产 | N45: 房屋建筑物 | O45: 集体资产 | P45: 正常 | Q45: 在用 | R45: 自用 | S45: 经营性资产 | T45: 低效 | U45: 林芝市巴宜区八一镇公众村公众组股份经济合作社 | V45: - | W45: - | X45: - | Y45: 产业园区征地
A46: 540624201517003 | B46: 巴宜区 | C46: 54062420151700310005 | D46: 附属设施 | E46: 42491 | F46: 八一镇公众村 | G46: 1005.9平方米 | H46: 10 | I46: 1 | J46: 148745.29 | K46: 121289.39 | L46: 27455.901 | M46: 固定资产 | N46: 构筑物 | O46: 集体资产 | P46: 正常 | Q46: 在用 | R46: 自用 | S46: 经营性资产 | T46: 低效 | U46: 林芝市巴宜区八一镇公众村公众组股份经济合作社 | V46: - | W46: - | X46: - | Y46: 产业园区征地
A47: 540624201517003 | B47: 巴宜区 | C47: 54062420151700310006 | D47: 变压器 | E47: 42491 | F47: 八一镇公众村 | G47: 台 | H47: 10 | I47: 1 | J47: 60000 | K47: 48925 | L47: 11075 | M47: 固定资产 | N47: 机器设备 | O47: 集体资产 | P47: 正常 | Q47: 在用 | R47: 自用 | S47: 经营性资产 | T47: 低效 | U47: 林芝市巴宜区八一镇公众村公众组股份经济合作社 | V47: - | W47: - | X47: - | Y47: 产业园区征地
A48: 540624201517003 | B48: 巴宜区 | C48: 54062420151700310007 | D48: 烘干机+凉晒架、筐 | E48: 42491 | F48: 八一镇公众村 | G48: 套 | H48: 10 | I48: 1 | J48: 82000 | K48: 66864.167 | L48: 15135.833 | M48: 固定资产 | N48: 机器设备 | O48: 集体资产 | P48: 正常 | Q48: 在用 | R48: 自用 | S48: 经营性资产 | T48: 低效 | U48: 林芝市巴宜区八一镇公众村公众组股份经济合作社 | V48: - | W48: - | X48: - | Y48: 产业园区征地
A49: 540624201517003 | B49: 巴宜区 | C49: 54062420151700310008 | D49: 灭菌设备 | E49: 42491 | F49: 八一镇公众村 | G49: 套 | H49: 10 | I49: 1 | J49: 32000 | K49: 26093.333 | L49: 5906.6667 | M49: 固定资产 | N49: 机器设备 | O49: 集体资产 | P49: 正常 | Q49: 在用 | R49: 自用 | S49: 经营性资产 | T49: 低效 | U49: 林芝市巴宜区八一镇公众村公众组股份经济合作社 | V49: - | W49: - | X49: - | Y49: 产业园区征地
A50: 540624201517003 | B50: 巴宜区 | C50: 54062420151700310009 | D50: 检验设备 | E50: 42491 | F50: 八一镇公众村 | G50: 套 | H50: 10 | I50: 1 | J50: 24000 | K50: 19570 | L50: 4430 | M50: 固定资产 | N50: 机器设备 | O50: 集体资产 | P50: 正常 | Q50: 在用 | R50: 自用 | S50: 经营性资产 | T50: 低效 | U50: 林芝市巴宜区八一镇公众村公众组股份经济合作社 | V50: - | W50: - | X50: - | Y50: 产业园区征地
A51: 540624201517003 | B51: 巴宜区 | C51: 54062420151700310010 | D51: 切片、粉碎机 | E51: 42491 | F51: 八一镇公众村 | G51: 套 | H51: 10 | I51: 2 | J51: 9600 | K51: 7828 | L51: 1772 | M51: 固定资产 | N51: 机器设备 | O51: 集体资产 | P51: 正常 | Q51: 在用 | R51: 自用 | S51: 经营性资产 | T51: 低效 | U51: 林芝市巴宜区八一镇公众村公众组股份经济合作社 | V51: - | W51: - | X51: - | Y51: 产业园区征地
A52: 540624201517003 | B52: 巴宜区 | C52: 54062420151700310011 | D52: 玫瑰精油提取设备 | E52: 42491 | F52: 八一镇公众村 | G52: 套 | H52: 10 | I52: 2 | J52: 240000 | K52: 195700 | L52: 44300 | M52: 固定资产 | N52: 机器设备 | O52: 集体资产 | P52: 正常 | Q52: 在用 | R52: 自用 | S52: 经营性资产 | T52: 低效 | U52: 林芝市巴宜区八一镇公众村公众组股份经济合作社 | V52: - | W52: - | X52: - | Y52: 产业园区征地
... A57: 540624201519003 | B57: 巴宜区 | C57: 54062420151900310003 | D57: 水泵 | E57: 42583 | F57: 八一镇公众村 | G57: 台 | H57: 10 | I57: 4 | J57: 2400 | K57: 1900 | L57: 500 | M57: 固定资产 | N57: 机器设备 | O57: 集体资产 | P57: 正常 | Q57: 在用 | R57: 自用 | S57: 经营性资产 | T57: 低效 | U57: 林芝市巴宜区八一镇公众村公众组股份经济合作社 | V57: - | W57: - | X57: - | Y57: 产业园区征地
A58: 540624201519003 | B58: 巴宜区 | C58: 54062420151900310004 | D58: 电动喷雾器 | E58: 42583 | F58: 八一镇公众村 | G58: 台 | H58: 10 | I58: 2 | J58: 4800 | K58: 3800 | L58: 1000 | M58: 固定资产 | N58: 机器设备 | O58: 集体资产 | P58: 正常 | Q58: 在用 | R58: 自用 | S58: 经营性资产 | T58: 低效 | U58: 林芝市巴宜区八一镇公众村公众组股份经济合作社 | W58: - | Y58: 产业园区征地
A59: 540624201519003 | B59: 巴宜区 | C59: 54062420151900310005 | D59: 割草机 | E59: 42583 | F59: 八一镇公众村 | G59: 台 | H59: 10 | I59: 2 | J59: 6800 | K59: 5383.3333 | L59: 1416.6667 | M59: 固定资产 | N59: 机器设备 | O59: 集体资产 | P59: 正常 | Q59: 在用 | R59: 自用 | S59: 经营性资产 | T59: 低效 | U59: 林芝市巴宜区八一镇公众村公众组股份经济合作社 | V59: - | W59: - | X59: -
A60: 540624201519003 | B60: 巴宜区 | C60: 54062420151900310006 | D60: 小型工具 | E60: 42583 | F60: 八一镇公众村 | G60: 套 | H60: 5 | I60: 1 | J60: 1000 | K60: 950 | L60: 50 | M60: 固定资产 | N60: 办公用具家具 | O60: 集体资产 | P60: 正常 | Q60: 在用 | R60: 自用 | S60: 经营性资产 | T60: 低效 | U60: 林芝市巴宜区八一镇公众村公众组股份经济合作社 | V60: - | W60: - | X60: -
A61: 540624201519003 | B61: 巴宜区 | C61: 54062420151900340007 | D61: 网围栏 | E61: 42583 | F61: 八一镇公众村 | G61: 2000米 | H61: 3 | I61: 1 | J61: 40000 | K61: 38000 | L61: 2000 | M61: 其他资产 | N61: 低值易耗品 | O61: 集体资产 | P61: 正常 | Q61: 在用 | R61: 自用 | S61: 经营性资产 | T61: 低效 | U61: 林芝市巴宜区八一镇公众村公众组股份经济合作社 | V61: - | W61: - | X61: -
A62: 540624201519003 | B62: 巴宜区 | C62: 54062420151900310008 | D62: 附属设施（道路、管道） | E62: 42583 | F62: 八一镇公众村 | G62: 项 | H62: 10 | I62: 1 | J62: 275000 | K62: 217708.33 | L62: 57291.667 | M62: 固定资产 | N62: 构筑物 | O62: 集体资产 | P62: 正常 | Q62: 在用 | R62: 自用 | S62: 经营性资产 | T62: 低效 | U62: 林芝市巴宜区八一镇公众村公众组股份经济合作社 | V62: - | W62: - | X62: -
A63: 540624201511001 | B63: 巴宜区 | C63: 54062420151100120001 | D63: 天麻种植（白头麻麻种2810斤） | E63: 42339 | F63: 更章乡更张村 | G63: 2780斤 | H63: 3 | I63: 1 | J63: 285220 | K63: 285220 | L63: 0 | M63: 生物资产 | N63: 林木 | O63: 集体资产 | P63: 损毁 | Q63: 不在用 | R63: 已死亡 | S63: 经营性资产 | T63: 闲置 | U63: 林芝市巴宜区更章门巴民族乡更章村股份经济合作联合社 | V63: - | W63: - | X63: -
A64: 540624201511001 | B64: 巴宜区 | C64: 54062420151100120002 | D64: 菌棒 | E64: 42339 | F64: 更章乡更张村 | G64: 根 | H64: 3 | I64: 10215 | J64: 14650 | K64: 14650 | L64: 0 | M64: 生物资产 | N64: 林木 | O64: 集体资产 | P64: 损毁 | Q64: 不在用 | R64: 已死亡 | S64: 经营性资产 | T64: 闲置 | U64: 林芝市巴宜区更章门巴民族乡更章村股份经济合作联合社 | V64: - | W64: - | X64: -
A65: 540624201517004 | B65: 巴宜区 | C65: 54062420151700410001 | D65: 家庭旅馆 | E65: 42339 | F65: 巴宜区 | G65: 965.8平方米 | H65: 20 | I65: 1 | J65: 2491913.1 | K65: 1065292.9 | L65: 1426620.3 | M65: 固定资产 | N65: 房屋建筑物 | O65: 集体资产 | P65: 正常 | Q65: 不在用 | R65: 闲置 | S65: 经营性资产 | T65: 闲置 | U65: 林芝市巴宜区八一镇公众村色定组股份经济合作社 | V65: - | W65: - | X65: -
A66: 540624201517004 | B66: 巴宜区 | C66: 54062420151700410002 | D66: 展示大厅 | E66: 42339 | F66: 巴宜区 | G66: 133.6平方米 | H66: 20 | I66: 1 | J66: 387816.47 | K66: 165791.54 | L66: 222024.93 | M66: 固定资产 | N66: 房屋建筑物 | O66: 集体资产 | P66: 正常 | Q66: 不在用 | R66: 闲置 | S66: 经营性资产 | T66: 闲置 | U66: 林芝市巴宜区八一镇公众村色定组股份经济合作社 | V66: - | W66: - | X66: -
A67: 540624201517004 | B67: 巴宜区 | C67: 54062420151700410003 | D67: 附属工程 | E67: 42339 | F67: 巴宜区 | G67: 项 | H67: 10 | I67: 1 | J67: 119970.42 | K67: 102574.71 | L67: 17395.711 | M67: 固定资产 | N67: 构筑物 | O67: 集体资产 | P67: 正常 | Q67: 不在用 | R67: 闲置 | S67: 经营性资产 | T67: 闲置 | U67: 林芝市巴宜区八一镇公众村色定组股份经济合作社 | V67: - | W67: - | X67: -
A68: 540624201617001 | B68: 巴宜区 | C68: 54062420161700110003 | D68: 水池 | E68: 42584 | F68: 鲁朗镇扎西岗村 | G68: 座 | H68: 10 | I68: 1 | J68: 14351.857 | K68: 14351.857 | L68: 0 | M68: 固定资产 | N68: 构筑物 | O68: 集体资产 | P68: 损毁 | Q68: 不在用 | R68: 损毁 | S68: 经营性资产 | T68: 闲置 | U68: 林芝市巴宜区鲁朗镇罗布村股份经济合作联合社、林芝市巴宜区鲁朗镇扎西岗村股份经济合作联合社 | V68: - | W68: - | X68: -
A69: 540624201617001 | B69: 巴宜区 | C69: 54062420161700110006 | D69: 空压机 | E69: 42584 | F69: 鲁朗镇扎西岗村 | G69: 台 | H69: 10 | I69: 1 | J69: 1350 | K69: 1350 | L69: 0 | M69: 固定资产 | N69: 机器设备 | O69: 集体资产 | P69: 损毁 | Q69: 不在用 | R69: 盘亏 | S69: 经营性资产 | T69: 闲置 | U69: 林芝市巴宜区鲁朗镇罗布村股份经济合作联合社、林芝市巴宜区鲁朗镇扎西岗村股份经济合作联合社 | V69: - | W69: - | X69: -
A70: 540624201617001 | B70: 巴宜区 | C70: 54062420161700110007 | D70: 增压泵 | E70: 42584 | F70: 鲁朗镇扎西岗村 | G70: 台 | H70: 10 | I70: 1 | J70: 1700 | K70: 1700 | L70: 0 | M70: 固定资产 | N70: 机器设备 | O70: 集体资产 | P70: 损毁 | Q70: 不在用 | R70: 盘亏 | S70: 经营性资产 | T70: 闲置 | U70: 林芝市巴宜区鲁朗镇罗布村股份经济合作联合社、林芝市巴宜区鲁朗镇扎西岗村股份经济合作联合社 | V70: - | W70: - | X70: -
... A80: 540624201617002 | B80: 巴宜区 | C80: 54062420161700210004 | D80: 自行车（单人） | E80: 42644 | F80: 鲁朗镇扎西岗村 | G80: 辆 | H80: 8 | I80: 18 | J80: 79717.647 | K80: 79717.647 | L80: 0 | M80: 固定资产 | N80: 车辆 | O80: 集体资产 | P80: 损毁 | Q80: 不在用 | R80: 损毁 | S80: 经营性资产 | T80: 闲置 | U80: 林芝市巴宜区鲁朗镇罗布村股份经济合作联合社、林芝市巴宜区鲁朗镇扎西岗村股份经济合作联合社 | V80: - | W80: - | X80: -
A81: 540624201617002 | B81: 巴宜区 | C81: 54062420161700210005 | D81: 自行车（双人） | E81: 42644 | F81: 鲁朗镇扎西岗村 | G81: 辆 | H81: 8 | I81: 2 | J81: 8282.3529 | K81: 8282.3529 | L81: 0 | M81: 固定资产 | N81: 车辆 | O81: 集体资产 | P81: 损毁 | Q81: 不在用 | R81: 损毁 | S81: 经营性资产 | T81: 闲置 | U81: 林芝市巴宜区鲁朗镇罗布村股份经济合作联合社、林芝市巴宜区鲁朗镇扎西岗村股份经济合作联合社
A82: 540624201617002 | B82: 巴宜区 | C82: 54062420161700210010 | D82: 标识牌 | E82: 42644 | F82: 鲁朗镇罗布村崩巴才村 | G82: 个 | H82: 10 | I82: 1 | J82: 24354.55 | K82: 18895.072 | L82: 5459.4783 | M82: 固定资产 | N82: 构筑物 | O82: 集体资产 | P82: 正常 | Q82: 在用 | R82: 自用 | S82: 经营性资产 | T82: 闲置 | U82: 林芝市巴宜区鲁朗镇罗布村股份经济合作联合社、林芝市巴宜区鲁朗镇扎西岗村股份经济合作联合社 | V82: - | W82: - | X82: -
A83: 540624201617002 | B83: 巴宜区 | C83: 54062420161700210011 | D83: 自行车（单人） | E83: 42644 | F83: 鲁朗镇罗布村崩巴才村 | G83: 辆 | H83: 8 | I83: 18 | J83: 79717.65 | K83: 75731.768 | L83: 3985.8825 | M83: 固定资产 | N83: 车辆 | O83: 集体资产 | P83: 正常 | Q83: 在用 | R83: 自用 | S83: 经营性资产 | T83: 闲置 | U83: 林芝市巴宜区鲁朗镇罗布村股份经济合作联合社、林芝市巴宜区鲁朗镇扎西岗村股份经济合作联合社 | V83: - | W83: - | X83: -
A84: 540624201617002 | B84: 巴宜区 | C84: 54062420161700210012 | D84: 自行车（双人） | E84: 42644 | F84: 鲁朗镇罗布村崩巴才村 | G84: 辆 | H84: 8 | I84: 2 | J84: 8282.35 | K84: 7868.2325 | L84: 414.1175 | M84: 固定资产 | N84: 车辆 | O84: 集体资产 | P84: 正常 | Q84: 在用 | R84: 自用 | S84: 经营性资产 | T84: 闲置 | U84: 林芝市巴宜区鲁朗镇罗布村股份经济合作联合社、林芝市巴宜区鲁朗镇扎西岗村股份经济合作联合社 | V84: - | W84: - | X84: -
A85: 540624201617002 | B85: 巴宜区 | C85: 54062420161700210015 | D85: 植草砖 | E85: 42644 | F85: 鲁朗镇罗布村纳麦村 | G85: 270平方米 | H85: 10 | I85: 1 | J85: 68286.94 | K85: 52979.284 | L85: 15307.656 | M85: 固定资产 | N85: 构筑物 | O85: 集体资产 | P85: 正常 | Q85: 不在用 | R85: 闲置 | S85: 经营性资产 | T85: 闲置 | U85: 林芝市巴宜区鲁朗镇罗布村股份经济合作联合社、林芝市巴宜区鲁朗镇扎西岗村股份经济合作联合社 | V85: - | W85: - | X85: -
A86: 540624201617002 | B86: 巴宜区 | C86: 54062420161700210017 | D86: 标识牌 | E86: 42644 | F86: 鲁朗镇罗布村纳麦村 | G86: 个 | H86: 10 | I86: 1 | J86: 24788.44 | K86: 19231.698 | L86: 5556.742 | M86: 固定资产 | N86: 构筑物 | O86: 集体资产 | P86: 正常 | Q86: 不在用 | R86: 闲置 | S86: 经营性资产 | T86: 闲置 | U86: 林芝市巴宜区鲁朗镇罗布村股份经济合作联合社、林芝市巴宜区鲁朗镇扎西岗村股份经济合作联合社 | V86: - | W86: - | X86: -
A87: 540624201617002 | B87: 巴宜区 | C87: 54062420161700210018 | D87: 自行车（单人） | E87: 42644 | F87: 鲁朗镇罗布村纳麦村 | G87: 辆 | H87: 8 | I87: 18 | J87: 79717.65 | K87: 75731.768 | L87: 3985.8825 | M87: 固定资产 | N87: 车辆 | O87: 集体资产 | P87: 正常 | Q87: 在用 | R87: 自用 | S87: 经营性资产 | T87: 闲置 | U87: 林芝市巴宜区鲁朗镇罗布村股份经济合作联合社、林芝市巴宜区鲁朗镇扎西岗村股份经济合作联合社 | V87: - | W87: - | X87: -
A88: 540624201617002 | B88: 巴宜区 | C88: 54062420161700210019 | D88: 自行车（双人） | E88: 42644 | F88: 鲁朗镇罗布村纳麦村 | G88: 辆 | H88: 8 | I88: 2 | J88: 8282.35 | K88: 7868.2325 | L88: 414.1175 | M88: 固定资产 | N88: 车辆 | O88: 集体资产 | P88: 正常 | Q88: 在用 | R88: 自用 | S88: 经营性资产 | T88: 闲置 | U88: 林芝市巴宜区鲁朗镇罗布村股份经济合作联合社、林芝市巴宜区鲁朗镇扎西岗村股份经济合作联合社 | V88: - | W88: - | X88: -
A89: 540624201619001 | B89: 巴宜区 | C89: 54062420161900140005 | D89: 消耗性资产 | E89: 43192 | F89: 鲁朗镇扎西岗村 | G89: 项 | H89: 1 | I89: 1 | J89: 58000 | K89: 58000 | L89: 0 | M89: 其他资产 | N89: 低值易耗品 | O89: 集体资产 | P89: 损毁 | Q89: 不在用 | R89: 已消耗 | S89: 经营性资产 | T89: 闲置 | U89: 林芝市巴宜区鲁朗镇扎西岗村股份经济合作联合社 | V89: - | W89: - | X89: -
A90: 540624201611001 | B90: 巴宜区 | C90: 54062420161100120001 | D90: 波棱瓜种子 | E90: 42705 | F90: 鲁朗镇洛木村 | G90: 840斤 | H90: 1 | I90: 1 | J90: 265682.99 | K90: 265682.99 | L90: 0 | M90: 生物资产 | N90: 林木 | O90: 集体资产 | P90: 损毁 | Q90: 不在用 | R90: 损毁 | S90: 经营性资产 | T90: 闲置 | U90: 林芝市巴宜区鲁朗镇洛木村股份经济合作联合社 | V90: - | W90: - | X90: -
A91: 540624201611001 | B91: 巴宜区 | C91: 54062420161100140002 | D91: 竹架及有机肥（含培训及土地开垦） | E91: 42705 | F91: 鲁朗镇洛木村 | G91: 亩 | H91: 3 | I91: 168 | J91: 190617.01 | K91: 190617.01 | L91: 0 | M91: 其他资产 | N91: 低值易耗品 | O91: 集体资产 | P91: 损毁 | Q91: 不在用 | R91: 损毁 | S91: 经营性资产 | T91: 闲置 | U91: 林芝市巴宜区鲁朗镇洛木村股份经济合作联合社 | V91: - | W91: - | X91: -
A92: 540624201604004 | B92: 巴宜区 | C92: 54062420160400410001 | D92: 牛舍（200㎡） | E92: 43291 | F92: 百巴镇拉格村 | G92: 200平方米 | H92: 10 | I92: 1 | J92: 242332.13 | K92: 145803.17 | L92: 96528.967 | M92: 固定资产 | N92: 构筑物 | O92: 集体资产 | P92: 正常 | Q92: 不在用 | R92: 闲置 | S92: 经营性资产 | T92: 闲置 | U92: 林芝市巴宜区百巴镇拉格村股份经济合作联合社、林芝市巴宜区百巴镇增巴村股份经济合作联合社 | V92: 出租 | W92: 是 | X92: 2026.9.2
A93: 540624201604004 | B93: 巴宜区 | C93: 54062420160400410002 | D93: 值班室 | E93: 43291 | F93: 百巴镇拉格村 | G93: 30平方米 | H93: 10 | I93: 1 | J93: 71539.54 | K93: 43042.956 | L93: 28496.583 | M93: 固定资产 | N93: 房屋建筑物 | O93: 集体资产 | P93: 正常 | Q93: 不在用 | R93: 闲置 | S93: 经营性资产 | T93: 闲置 | U93: 百巴镇增巴村1户村民，林芝市巴宜区百巴镇拉格村股份经济合作联合社 | V93: 出租 | W93: 是 | X93: 2026.9.2
... A123: 540624201607005 | B123: 巴宜区 | C123: 54062420160700510016 | D123: 姆多村手推喂料车 | E123: 42902 | F123: 米瑞乡姆多村 | G123: 辆 | H123: 5 | I123: 1 | J123: 60200 | K123: 57190 | L123: 4010 | M123: 固定资产 | N123: 车辆 | O123: 集体资产 | P123: 损毁 | Q123: 不在用 | R123: 盘亏 | S123: 经营性资产 | T123: 闲置 | U123: 林芝市巴宜区米瑞乡姆多村经济联合社、林芝市巴宜区米瑞乡增巴村经济联合社 | V123: - | W123: - | X123: -
A124: 540624201607005 | B124: 巴宜区 | C124: 54062420160700510031 | D124: 增巴村电表(三相电) | E124: 42902 | F124: 米瑞乡增巴村 | G124: 个 | H124: 5 | I124: 1 | M124: 固定资产 | N124: 机器设备 | O124: 集体资产 | P124: 正常 | Q124: 不在用 | R124: 闲置 | S124: 经营性资产 | T124: 闲置 | U124: 林芝市巴宜区米瑞乡姆多村经济联合社、林芝市巴宜区米瑞乡增巴村经济联合社 | V124: - | W124: - | X124: -
A125: 540624201607005 | B125: 巴宜区 | C125: 54062420160700510032 | D125: 增巴村电箱 | E125: 42902 | F125: 米瑞乡增巴村 | G125: 个 | H125: 5 | I125: 3 | M125: 固定资产 | N125: 机器设备 | O125: 集体资产 | P125: 正常 | Q125: 不在用 | R125: 闲置 | S125: 经营性资产 | T125: 闲置 | U125: 林芝市巴宜区米瑞乡姆多村经济联合社、林芝市巴宜区米瑞乡增巴村经济联合社 | V125: - | W125: - | X125: -
A126: 540624201607005 | B126: 巴宜区 | C126: 54062420160700510033 | D126: 增巴村地暖、温控 | E126: 42902 | F126: 米瑞乡增巴村 | G126: 个 | H126: 5 | I126: 2 | M126: 固定资产 | N126: 构筑物 | O126: 集体资产 | P126: 正常 | Q126: 不在用 | R126: 闲置 | S126: 经营性资产 | T126: 闲置 | U126: 林芝市巴宜区米瑞乡姆多村经济联合社、林芝市巴宜区米瑞乡增巴村经济联合社 | V126: - | W126: - | X126: -
A127: 540624201607005 | B127: 巴宜区 | C127: 54062420160700510034 | D127: 增巴村110L猪料桶(不锈钢底盘) | E127: 42902 | F127: 米瑞乡增巴村 | G127: 个 | H127: 5 | I127: 14 | M127: 固定资产 | N127: 机器设备 | O127: 集体资产 | P127: 正常 | Q127: 不在用 | R127: 闲置 | S127: 经营性资产 | T127: 闲置 | U127: 林芝市巴宜区米瑞乡姆多村经济联合社、林芝市巴宜区米瑞乡增巴村经济联合社 | V127: - | W127: - | X127: -
A128: 540624201607005 | B128: 巴宜区 | C128: 54062420160700510035 | D128: 增巴村手推喂料车 | E128: 42902 | F128: 米瑞乡增巴村 | G128: 辆 | H128: 5 | I128: 1 | M128: 固定资产 | N128: 车辆 | O128: 集体资产 | P128: 正常 | Q128: 不在用 | R128: 闲置 | S128: 经营性资产 | T128: 闲置 | U128: 林芝市巴宜区米瑞乡姆多村经济联合社、林芝市巴宜区米瑞乡增巴村经济联合社 | V128: - | W128: - | X128: -
A129: 540624201607005 | B129: 巴宜区 | C129: 54062420160700510036 | D129: 增巴村高压水枪清洗机(两相电) | E129: 42902 | F129: 米瑞乡增巴村 | G129: 台 | H129: 5 | I129: 1 | M129: 固定资产 | N129: 机器设备 | O129: 集体资产 | P129: 正常 | Q129: 不在用 | R129: 闲置 | S129: 经营性资产 | T129: 闲置 | U129: 林芝市巴宜区米瑞乡姆多村经济联合社、林芝市巴宜区米瑞乡增巴村经济联合社 | V129: - | W129: - | X129: -
A130: 540624201607005 | B130: 巴宜区 | C130: 54062420160700510037 | D130: 增巴村电动喷雾器 | E130: 42902 | F130: 米瑞乡增巴村 | G130: 台 | H130: 5 | I130: 1 | M130: 固定资产 | N130: 机器设备 | O130: 集体资产 | P130: 正常 | Q130: 不在用 | R130: 闲置 | S130: 经营性资产 | T130: 闲置 | U130: 林芝市巴宜区米瑞乡姆多村经济联合社、林芝市巴宜区米瑞乡增巴村经济联合社 | V130: - | W130: - | X130: -
A131: 540624201607005 | B131: 巴宜区 | C131: 54062420160700510038 | D131: 增巴村人工清粪手推车 | E131: 42902 | F131: 米瑞乡增巴村 | G131: 辆 | H131: 5 | I131: 1 | M131: 固定资产 | N131: 车辆 | O131: 集体资产 | P131: 正常 | Q131: 不在用 | R131: 闲置 | S131: 经营性资产 | T131: 闲置 | U131: 林芝市巴宜区米瑞乡姆多村经济联合社、林芝市巴宜区米瑞乡增巴村经济联合社 | V131: - | W131: - | X131: -
A132: 540624201607005 | B132: 巴宜区 | C132: 54062420160700510039 | D132: 增巴村持针钳 | E132: 42902 | F132: 米瑞乡增巴村 | G132: 个 | H132: 5 | I132: 1 | M132: 固定资产 | N132: 机器设备 | O132: 集体资产 | P132: 正常 | Q132: 不在用 | R132: 闲置 | S132: 经营性资产 | T132: 闲置 | U132: 林芝市巴宜区米瑞乡姆多村经济联合社、林芝市巴宜区米瑞乡增巴村经济联合社 | V132: - | W132: - | X132: -
A133: 540624201607005 | B133: 巴宜区 | C133: 54062420160700510040 | D133: 增巴村缝合线 | E133: 42902 | F133: 米瑞乡增巴村 | G133: 盒 | H133: 5 | I133: 1 | M133: 固定资产 | N133: 机器设备 | O133: 集体资产 | P133: 正常 | Q133: 不在用 | R133: 闲置 | S133: 经营性资产 | T133: 闲置 | U133: 林芝市巴宜区米瑞乡姆多村经济联合社、林芝市巴宜区米瑞乡增巴村经济联合社 | V133: - | W133: - | X133: -
A134: 540624201607005 | B134: 巴宜区 | C134: 54062420160700510041 | D134: 增巴村干湿温度计 | E134: 42902 | F134: 米瑞乡增巴村 | G134: 个 | H134: 5 | I134: 2 | M134: 固定资产 | N134: 机器设备 | O134: 集体资产 | P134: 正常 | Q134: 不在用 | R134: 闲置 | S134: 经营性资产 | T134: 闲置 | U134: 林芝市巴宜区米瑞乡姆多村经济联合社、林芝市巴宜区米瑞乡增巴村经济联合社 | V134: - | W134: - | X134: -
